Workbook

Sheet Cuprins
B3: ANEXE:
B5: ='bp1'!B2 -> Anexa 1. Balanţa de plăţi a Republicii Moldova pentru anul 2025 - trimestrul II 2026, prezentare standard
B6: ='bp2'!B2 -> Anexa 2. Balanţa de plăţi a Republicii Moldova pentru trimestrul II 2025 - trimestrul II 2026, prezentare desfășurată
B7: ='bp3'!B2 -> Anexa 3. Sinteza balanţei de plăţi a Republicii Moldova pentru anul 2025 - trimestrul II 2026, prezentare analitică
B8: ='c4'!B2 -> Anexa 4. Exportul de bunuri pe grupuri de ţări, conform balanței de plăți, pentru anul 2025 - trimestrul II 2026
B9: ='c5'!B2 -> Anexa 5. Importul de bunuri pe grupuri de ţări, conform balanței de plăți, pentru anul 2025 - trimestrul II 2026
B10: ='c6'!B2 -> Anexa 6. Exportul de bunuri pe principalele categorii de mărfuri, conform balanței de plăți, pentru anul 2025 - trimestrul II 2026
B11: ='c7'!B2 -> Anexa 7. Importul de bunuri pe principalele categorii de mărfuri, conform balanței de plăți, pentru anul 2025 - trimestrul II 2026
B12: ='c8'!B2 -> Anexa 8. Reexportul de bunuri, conform statisticii comerțului internațional cu bunuri (IMTS) fără bunurile pentru/după prelucrare, pe grupuri de ţări, pentru anul 2025 - trimestrul II 2026
B13: ='c9'!B2 -> Anexa 9. Reexportul de bunuri, conform statisticii comerțului internațional cu bunuri (IMTS) fără bunurile pentru/după prelucrare, pe categorii de mărfuri, pentru anul 2025 - trimestrul II 2026
B14: ='c10'!B2 -> Anexa 10. Comerțul cu servicii conform clasificatorului EBOPS pentru perioada trimestrul II 2025 - tr. II 2026
B15: ='pii11'!B2 -> Anexa 11. Poziţia investiţională internaţională a Republicii Moldova, pentru perioada 31.03.2025 - 30.06.2026, sinteza generală
B16: ='pii12'!B2 -> Anexa 12. Poziţia investiţională internaţională a Republicii Moldova la 31.03.2026, cu detalii suplimentare
B17: ='pii13'!B2 -> Anexa 13. Poziţia investiţională internaţională a Republicii Moldova la 30.06.2026, cu detalii suplimentare
B18: ='pii14'!B2 -> Anexa 14. Poziţia investiţională internaţională a Republicii Moldova pentru perioada 31.03.2025 - 30.06.2026, prezentare analitică, sectorială
B19: ='pii15'!B2 -> Anexa 15. Poziţia investiţională internaţională a Republicii Moldova pentru perioada 31.03.2025 - 30.06.2026, prezentare analitică, pe instrumente
B20: ='pii16'!B2 -> Anexa 16. Poziţia investiţională internaţională a Republicii Moldova pentru perioada 31.03.2025 - 30.06.2026, prezentare analitică, pe scadențe
B21: ='pii17'!B2 -> Anexa 17. Poziția investițiilor directe, conform principiului direcțional, pentru perioada 31.03.2025 - 30.06.2026
B22: ='de18'!B2 -> Anexa 18. Datoria externă a Republicii Moldova pentru perioada 31.03.2025 - 30.06.2026, prezentare sectorială
B23: ='de19'!B2 -> Anexa 19. Datoria externă publică şi privată pentru perioada 31.03.2025 - 30.06.2026
B25: Note:
B26: 1. În unele cazuri sunt posibile diferențe nesemnificative între totaluri și suma componentelor, ca urmare a rotunjirii datelor.
B27: 2. Indicatorii prezentați sunt calculați prin conversia datelor din USD în EUR, utilizând cursul de schimb USD/EUR bazat pe ratele de schimb oficiale, medii trimestriale (pentru fluxuri) sau la sfârșitul perioadei (pentru poziții).
B28: 3. Indicatorii privind împrumuturile pasive (inclusiv din cadrul investițiilor directe), fluxurile din BP și pozițiile din cadrul PII și DE, precum și dobânzile aferente acestora, au fost evaluați conform principiului dobânzii acumulate

Sheet bp1
B2: Anexa 1. Balanţa de plăţi a Republicii Moldova pentru anul 2025 - trimestrul II 2026, prezentare standard
I3: milioane EUR
D4: 2025 | H4: 2026
D5: Tr. I* | E5: Tr. II* | F5: Tr. III* | G5: Tr. IV* | H5: Tr. I* | I5: Tr. II
B6: 1 | C6: Contul curent | D6: -971.02324 | E6: -905.38731 | F6: -727.59341 | G6: -940.69007 | H6: -816.29574 | I6: -886.35618
B7: 1(c) | C7: Credit | D7: 1933.4783 | E7: 2026.5499 | F7: 2354.4934 | G7: 2377.3648 | H7: 2075.7442 | I7: 2271.4496
B8: 1(d) | C8: Debit | D8: 2904.5015 | E8: 2931.9372 | F8: 3082.0868 | G8: 3318.0549 | H8: 2892.04 | I8: 3157.8058
B9: 1.A | C9: Bunuri şi servicii | D9: -1369.9817 | E9: -1320.1128 | F9: -1177.9184 | G9: -1325.9559 | H9: -1198.3914 | I9: -1347.1478
B10: 1.A(c) | C10: Credit | D10: 1242.0755 | E10: 1258.017 | F10: 1530.7113 | G10: 1626.8106 | H10: 1410.3717 | I10: 1466.8439
B11: 1.A(d) | C11: Debit | D11: 2612.0573 | E11: 2578.1298 | F11: 2708.6298 | G11: 2952.7666 | H11: 2608.7631 | I11: 2813.9917
B12: 1.A.a | C12: Bunuri | D12: -1557.5095 | E12: -1531.9506 | F12: -1422.6668 | G12: -1593.4008 | H12: -1459.176 | I12: -1659.9878
B13: 1.A.a(c) | C13: Credit | D13: 656.5979 | E13: 559.79226 | F13: 756.09632 | G13: 865.43771 | H13: 728.52982 | I13: 676.1889
B14: 1.A.a(d) | C14: Debit | D14: 2214.1074 | E14: 2091.7429 | F14: 2178.7631 | G14: 2458.8385 | H14: 2187.7058 | I14: 2336.1767
B15: 1.A.a.1 | C15: Mărfuri generale în baza balanţei de plăţi | D15: -1557.4361 | E15: -1531.7704 | F15: -1422.6062 | G15: -1593.0839 | H15: -1459.0565 | I15: -1660.1709
B16: 1.A.a.1(c) | C16: Credit | D16: 656.63989 | E16: 559.97242 | F16: 756.15685 | G16: 865.42935 | H16: 728.60371 | I16: 676.00393
B17: 1.A.a.1(d) | C17: Debit | D17: 2214.0759 | E17: 2091.7428 | F17: 2178.763 | G17: 2458.5132 | H17: 2187.6602 | I17: 2336.1748
... B1135: si.2(d) | C1135: Remiteri personale: Debit | D1135: 116.05575 | E1135: 121.68877 | F1135: 130.16362 | G1135: 134.43464 | H1135: 105.76725 | I1135: 122.8047
B1136: * date revizuite | C1136: * date revizuite

Sheet bp2
B2: Anexa 2. Balanţa de plăţi a Republicii Moldova pentru trimestrul II 2025 - trimestrul II 2026, prezentare desfășurată
U3: milioane EUR
D4: Tr. I 2025* | G4: Tr. II 2025* | J4: Tr. III 2025* | M4: Tr. IV 2025* | P4: Tr. I 2026* | S4: Tr. II 2026
D5: credit | E5: debit | F5: net | G5: credit | H5: debit | I5: net | J5: credit | K5: debit | L5: net | M5: credit | N5: debit | O5: net | P5: credit | Q5: debit | R5: net | S5: credit | T5: debit | U5: net
B6: 1 | C6: Contul curent | D6: 1933.4783 | E6: 2904.5015 | F6: -971.02324 | G6: 2026.5499 | H6: 2931.9372 | I6: -905.38731 | J6: 2354.4934 | K6: 3082.0868 | L6: -727.59341 | M6: 2377.3648 | N6: 3318.0549 | O6: -940.69007 | P6: 2075.7442 | Q6: 2892.04 | R6: -816.29574 | S6: 2271.4496 | T6: 3157.8058 | U6: -886.35618
B7: 1.A | C7: Bunuri şi servicii | D7: 1242.0755 | E7: 2612.0573 | F7: -1369.9817 | G7: 1258.017 | H7: 2578.1298 | I7: -1320.1128 | J7: 1530.7113 | K7: 2708.6298 | L7: -1177.9184 | M7: 1626.8106 | N7: 2952.7666 | O7: -1325.9559 | P7: 1410.3717 | Q7: 2608.7631 | R7: -1198.3914 | S7: 1466.8439 | T7: 2813.9917 | U7: -1347.1478
B8: 1.A.a | C8: Bunuri | D8: 656.5979 | E8: 2214.1074 | F8: -1557.5095 | G8: 559.79226 | H8: 2091.7429 | I8: -1531.9506 | J8: 756.09632 | K8: 2178.7631 | L8: -1422.6668 | M8: 865.43771 | N8: 2458.8385 | O8: -1593.4008 | P8: 728.52982 | Q8: 2187.7058 | R8: -1459.176 | S8: 676.1889 | T8: 2336.1767 | U8: -1659.9878
B9: 1.A.a.1 | C9: Mărfuri generale în baza balanţei de plăţi | D9: 656.63989 | E9: 2214.0759 | F9: -1557.4361 | G9: 559.97242 | H9: 2091.7428 | I9: -1531.7704 | J9: 756.15685 | K9: 2178.763 | L9: -1422.6062 | M9: 865.42935 | N9: 2458.5132 | O9: -1593.0839 | P9: 728.60371 | Q9: 2187.6602 | R9: -1459.0565 | S9: 676.00393 | T9: 2336.1748 | U9: -1660.1709
B10: 1.A.a.1.1 | C10: Din care: Reexport | D10: 78.366974 | F10: 78.366974 | G10: 77.298462 | I10: 77.298462 | J10: 76.922085 | L10: 76.922085 | M10: 89.431722 | O10: 89.431722 | P10: 69.553112 | R10: 69.553112 | S10: 79.251769 | U10: 79.251769
B11: 1.A.a.2 | C11: Exporturi nete de mărfuri negociate peste hotare | D11: -0.04198422 | F11: -0.04198422 | G11: -0.18015696 | I11: -0.18015696 | J11: -0.06053287 | L11: -0.06053287 | M11: 0.00835563 | O11: 0.00835563 | P11: -0.0738841 | R11: -0.0738841 | S11: 0.18497251 | U11: 0.18497251
B12: 1.A.a.2.1 | C12: Procurări de mărfuri negociate peste hotare (exporturi negative) | D12: -0.87744619 | F12: -0.87744619 | G12: -0.28324866 | I12: -0.28324866 | J12: -0.21840143 | L12: -0.21840143 | M12: -0.34059229 | O12: -0.34059229 | P12: -0.4961358 | R12: -0.4961358 | S12: -0.09783068 | U12: -0.09783068
B13: 1.A.a.2.2 | C13: Vânzări de mărfuri negociate peste hotare | D13: 0.83546197 | F13: 0.83546197 | G13: 0.1030917 | I13: 0.1030917 | J13: 0.15786856 | L13: 0.15786856 | M13: 0.34894792 | O13: 0.34894792 | P13: 0.4222517 | R13: 0.4222517 | S13: 0.28280318 | U13: 0.28280318
B14: 1.A.a.3 | C14: Aur nemonetar | D14: 0 | E14: 0.03147179 | F14: -0.03147179 | G14: 0 | H14: 0.00011626 | I14: -0.00011626 | J14: 0 | K14: 8.759e-05 | L14: -8.759e-05 | M14: 0 | N14: 0.32529179 | O14: -0.32529179 | P14: 0 | Q14: 0.04562938 | R14: -0.04562938 | S14: 0 | T14: 0.00186405 | U14: -0.00186405
B15: 1.A.b | C15: Servicii | D15: 585.47764 | E15: 397.94984 | F15: 187.5278 | G15: 698.22478 | H15: 486.38692 | I15: 211.83787 | J15: 774.61501 | K15: 529.86666 | L15: 244.74835 | M15: 761.37294 | N15: 493.92803 | O15: 267.44491 | P15: 681.84188 | Q15: 421.05724 | R15: 260.78464 | S15: 790.655 | T15: 477.81507 | U15: 312.83994
B16: 1.A.b.1 | C16: Servicii de prelucrare a materiei prime aflate în proprietatea terților | D16: 48.899261 | E16: 1.8298514 | F16: 47.06941 | G16: 61.422606 | H16: 2.1644456 | I16: 59.25816 | J16: 54.42584 | K16: 1.4500145 | L16: 52.975825 | M16: 59.35914 | N16: 1.6657989 | O16: 57.693341 | P16: 56.238661 | Q16: 1.4873482 | R16: 54.751313 | S16: 56.401303 | T16: 2.0709847 | U16: 54.330318
B17: 1.A.b.1.1 | C17: Bunuri prelucrate în economia raportoare – bunuri expediate după prelucrare (Ct), bunuri primite pentru prelucrare (Dt) | D17: 128.1558 | E17: 88.72966 | F17: 39.426141 | G17: 150.05195 | H17: 99.239754 | I17: 50.812193 | J17: 136.89289 | K17: 85.558189 | L17: 51.334703 | M17: 144.06773 | N17: 87.821434 | O17: 56.246297 | P17: 136.01325 | Q17: 91.563731 | R17: 44.44952 | S17: 144.07274 | T17: 100.54926 | U17: 43.523486
B18: 1.A.b.1.2 | C18: Bunuri prelucrate în străinătate – bunuri expediate pentru prelucrare (Ct), bunuri primite după prelucrare (Dt) | D18: 0.34675781 | E18: 1.7278577 | F18: -1.3810999 | G18: 1.2715554 | H18: 2.044887 | I18: -0.77333163 | J18: 1.1718003 | K18: 1.3801782 | L18: -0.20837796 | M18: 0.96505559 | N18: 1.5740227 | O18: -0.6089671 | P18: 0.21759194 | Q18: 1.4081645 | R18: -1.1905726 | S18: 1.2902417 | T18: 1.9598704 | U18: -0.66962877
B19: 1.A.b.2 | C19: Servicii de întreţinere şi de reparaţii (n.a.p.) | D19: 2.002146 | E19: 2.7750432 | F19: -0.77289729 | G19: 1.8733591 | H19: 4.5287315 | I19: -2.6553724 | J19: 2.2799984 | K19: 4.9394314 | L19: -2.6594331 | M19: 1.886297 | N19: 1.8161079 | O19: 0.07018906 | P19: 2.8044259 | Q19: 2.9209031 | R19: -0.11647721 | S19: 2.0548523 | T19: 2.7808463 | U19: -0.72599398
B20: 1.A.b.3 | C20: Transport | D20: 101.0504 | E20: 148.1492 | F20: -47.098798 | G20: 130.07051 | H20: 173.8771 | I20: -43.806593 | J20: 153.63507 | K20: 178.8039 | L20: -25.168834 | M20: 155.99155 | N20: 166.89746 | O20: -10.90591 | P20: 133.40568 | Q20: 147.45599 | R20: -14.050311 | S20: 147.87568 | T20: 171.64404 | U20: -23.768363
B21: 1.A.b.3.0 | C21: Pentru toate mijloacele de transport | D21: 0 | E21: 0 | F21: 0 | G21: 0 | H21: 0 | I21: 0 | J21: 0 | K21: 0 | L21: 0 | M21: 0 | N21: 0 | O21: 0 | P21: 0 | Q21: 0 | R21: 0 | S21: 0 | T21: 0 | U21: 0
B22: 1.A.b.3.0.1 | C22: Pasageri | D22: 28.219016 | E22: 27.279421 | F22: 0.93959529 | G22: 39.795931 | H22: 54.438854 | I22: -14.642923 | J22: 47.653997 | K22: 52.762852 | L22: -5.1088544 | M22: 40.395998 | N22: 19.4304 | O22: 20.965598 | P22: 38.476638 | Q22: 21.093759 | R22: 17.382879 | S22: 37.777855 | T22: 43.137714 | U22: -5.3598595
B23: 1.A.b.3.0.1.1 | C23: Din care: De plătit de către lucrătorii transfrontalieri, sezonieri şi alţi lucrători pe termen scurt | D23: 0 | E23: 0 | F23: 0 | G23: 0 | H23: 0 | I23: 0 | J23: 0 | K23: 0 | L23: 0 | M23: 0 | N23: 0 | O23: 0 | P23: 0 | Q23: 0 | R23: 0 | S23: 0 | T23: 0 | U23: 0
B24: 1.A.b.3.0.2 | C24: Mărfuri | D24: 46.480079 | E24: 90.299895 | F24: -43.819816 | G24: 54.97332 | H24: 82.314018 | I24: -27.340697 | J24: 63.224156 | K24: 82.899455 | L24: -19.6753 | M24: 67.039612 | N24: 100.06674 | O24: -33.027128 | P24: 54.689661 | Q24: 90.479723 | R24: -35.790062 | S24: 64.297981 | T24: 90.045686 | U24: -25.747705
B25: 1.A.b.3.0.3 | C25: Altele | D25: 26.351309 | E25: 30.569887 | F25: -4.2185778 | G25: 35.301261 | H25: 37.124233 | I25: -1.8229722 | J25: 42.756915 | K25: 43.141595 | L25: -0.38468012 | M25: 48.555942 | N25: 47.400322 | O25: 1.1556201 | P25: 40.239378 | Q25: 35.882506 | R25: 4.3568713 | S25: 45.799841 | T25: 38.460639 | U25: 7.3392013
... B129: 1.C.1 | C129: Administraţia publică | D129: 84.428638 | E129: 2.6656241 | F129: 81.763014 | G129: 120.41329 | H129: 3.4335476 | I129: 116.97974 | J129: 101.75506 | K129: 3.9333821 | L129: 97.821677 | M129: 40.189902 | N129: 2.7410455 | O129: 37.448857 | P129: 43.302681 | Q129: 5.0298781 | R129: 38.272803 | S129: 80.741934 | T129: 4.9771017 | U129: 75.764832
B130: 1.C.1.1 | C130: Impozite curente pe venit, patrimoniu, etc. | D130: 2.0164772 | F130: 2.0164772 | G130: 1.6770926 | I130: 1.6770926 | J130: 1.5958527 | L130: 1.5958527 | M130: 1.8299968 | O130: 1.8299968 | P130: 4.7867972 | R130: 4.7867972 | S130: 4.9197767 | U130: 4.9197767
B131: 1.C.1.1.1 | C131: Din care: De plătit de către lucrătorii transfrontalieri, sezonieri şi alţi lucrători pe termen scurt | D131: 0.37811643 | F131: 0.37811643 | G131: 0.39651203 | I131: 0.39651203 | J131: 0.45201099 | L131: 0.45201099 | M131: 0.49903629 | O131: 0.49903629 | P131: 0.36623162 | R131: 0.36623162 | S131: 0.41445302 | U131: 0.41445302
B132: 1.C.1.2 | C132: Contribuţii sociale | D132: 0.74842635 | F132: 0.74842635 | G132: 0.90955042 | I132: 0.90955042 | J132: 0.86599455 | L132: 0.86599455 | M132: 1.0898298 | O132: 1.0898298 | P132: 1.1906509 | R132: 1.1906509 | S132: 1.1348792 | U132: 1.1348792
B133: 1.C.1.2.1 | C133: Din care: De plătit de către lucrătorii transfrontalieri, sezonieri şi alţi lucrători pe termen scurt | D133: 0 | E133: #VALUE! | F133: 0 | G133: 0 | I133: 0 | J133: 0 | L133: 0 | M133: 0 | O133: 0 | P133: 0 | R133: 0 | S133: 0 | U133: 0
B134: 1.C.1.3 | C134: Prestații sociale | E134: 1.0372355 | F134: -1.0372355 | H134: 1.1395809 | I134: -1.1395809 | K134: 1.172441 | L134: -1.172441 | N134: 1.2801386 | O134: -1.2801386 | Q134: 1.2394386 | R134: -1.2394386 | T134: 1.375602 | U134: -1.375602
B135: 1.C.1.4 | C135: Cooperarea internaţională curentă | D135: 73.834139 | E135: 1.5047134 | F135: 72.329425 | G135: 112.06416 | H135: 2.1792464 | I135: 109.88491 | J135: 92.900174 | K135: 2.6496834 | L135: 90.25049 | M135: 30.826425 | N135: 1.349217 | O135: 29.477208 | P135: 33.239875 | Q135: 3.2429885 | R135: 29.996887 | S135: 69.984519 | T135: 2.6827805 | U135: 67.301738
B136: 1.C.1.5 | C136: Transferuri curente diverse ale administrației publice | D136: 7.8295962 | E136: 0.12367527 | F136: 7.7059209 | G136: 5.7624927 | H136: 0.11472037 | I136: 5.6477723 | J136: 6.3930382 | K136: 0.11125769 | L136: 6.2817805 | M136: 6.4436507 | N136: 0.11168995 | O136: 6.3319608 | P136: 4.0853575 | Q136: 0.54745102 | R136: 3.5379065 | S136: 4.7027587 | T136: 0.91871918 | U136: 3.7840395
B137: 1.C.1.5.1 | C137: Din care: Transferuri curente către instituţii fără scop lucrativ în serviciul gospodăriilor populației (IFSLSGP) | D137: 0 | E137: 0 | F137: 0 | G137: 0 | H137: 0 | I137: 0 | J137: 0 | K137: 0 | L137: 0 | M137: 0 | N137: 0 | O137: 0 | P137: 0 | Q137: 0 | R137: 0 | S137: 0 | T137: 0 | U137: 0
B138: 1.C.2 | C138: Societăți financiare, societăți nefinanciare, gospodăriile populației şi IFSLSGP | D138: 374.38964 | E138: 104.75746 | F138: 269.63218 | G138: 429.15109 | H138: 106.04626 | I138: 323.10483 | J138: 501.58733 | K138: 115.0079 | L138: 386.57943 | M138: 434.02943 | N138: 109.86238 | O138: 324.16705 | P138: 378.81291 | Q138: 95.563695 | R138: 283.24922 | S138: 451.60748 | T138: 109.2475 | U138: 342.35998
B139: 1.C.2.1 | C139: Transferuri personale (transferuri curente între gospodăriile populației rezidente şi nerezidente) | D139: 228.08837 | E139: 82.811408 | F139: 145.27696 | G139: 242.65949 | H139: 85.270057 | I139: 157.38943 | J139: 249.92253 | K139: 92.033283 | L139: 157.88924 | M139: 212.71746 | N139: 88.624661 | O139: 124.09279 | P139: 209.42638 | Q139: 74.290156 | R139: 135.13622 | S139: 233.94867 | T139: 83.95972 | U139: 149.98895
B140: 1.C.2.1.1 | C140: Din care: Transferurile angajaților | D140: 0 | E140: 0 | F140: 0 | G140: 0 | H140: 0 | I140: 0 | J140: 0 | K140: 0 | L140: 0 | M140: 0 | N140: 0 | O140: 0 | P140: 0 | Q140: 0 | R140: 0 | S140: 0 | T140: 0 | U140: 0
B141: 1.C.2.2 | C141: Alte transferuri curente | D141: 146.30127 | E141: 21.946048 | F141: 124.35522 | G141: 186.49161 | H141: 20.776206 | I141: 165.7154 | J141: 251.6648 | K141: 22.974614 | L141: 228.69019 | M141: 221.31197 | N141: 21.237721 | O141: 200.07425 | P141: 169.38654 | Q141: 21.273539 | R141: 148.113 | S141: 217.65881 | T141: 25.287775 | U141: 192.37103
B142: 1.C.2.2.1 | C142: Impozite curente pe venit, patrimoniu, etc. | E142: 6.7735996 | F142: -6.7735996 | H142: 6.1419524 | I142: -6.1419524 | K142: 6.7439279 | L142: -6.7439279 | N142: 8.4025206 | O142: -8.4025206 | Q142: 7.7087405 | R142: -7.7087405 | T142: 9.657009 | U142: -9.657009
B143: 1.C.2.2.2 | C143: Contribuții sociale | D143: 0 | E143: 0.05575094 | F143: -0.05575094 | G143: 0 | H143: 0.08072627 | I143: -0.08072627 | J143: 0 | K143: 0.03179349 | L143: -0.03179349 | M143: 0 | N143: 0.05248108 | O143: -0.05248108 | P143: 0 | Q143: 0.0198138 | R143: -0.0198138 | S143: 0 | T143: 0.00651427 | U143: -0.00651427
B144: 1.C.2.2.3 | C144: Prestațiii sociale | D144: 4.7842035 | E144: 0.01739525 | F144: 4.7668083 | G144: 4.9452398 | H144: 0.06445202 | I144: 4.8807877 | J144: 6.8346371 | K144: 0.00828416 | L144: 6.826353 | M144: 8.2565283 | N144: 0.02429115 | O144: 8.2322371 | P144: 6.1176089 | Q144: 0.0217566 | R144: 6.0958523 | S144: 6.2832521 | T144: 0.0158847 | U144: 6.2673674
B145: 1.C.2.2.4 | C145: Prime nete de asigurare (cu excepţia asigurărilor de viaţă) | D145: 0.3272638 | E145: 5.4892795 | F145: -5.1620157 | G145: 0.3794597 | H145: 6.027232 | I145: -5.6477723 | J145: 0.41079764 | K145: 4.7755225 | L145: -4.3647249 | M145: 0.34366137 | N145: 2.3454889 | O145: -2.0018275 | P145: 0.77646405 | Q145: 3.6308117 | R145: -2.8543476 | S145: 0.36132998 | T145: 4.3961814 | U145: -4.0348514
B146: 1.C.2.2.5 | C146: Despăgubiri pe asigurări (cu excepţia asigurărilor de viaţă) | D146: 3.5770695 | E146: 1.0274561 | F146: 2.5496133 | G146: 2.2288241 | H146: 0.52797907 | I146: 1.700845 | J146: 6.2067286 | K146: 0.91407171 | L146: 5.2926569 | M146: 3.264783 | N146: 0.92788571 | O146: 2.3368973 | P146: 5.0744905 | Q146: 0.24914925 | R146: 4.8253412 | S146: 4.8091299 | T146: 1.1011961 | U146: 3.7079338
B147: 1.C.2.2.6 | C147: Cooperarea internaţională curentă | D147: 44.808713 | E147: 1.0859423 | F147: 43.722771 | G147: 36.931908 | H147: 1.4036274 | I147: 35.52828 | J147: 66.430759 | K147: 2.5503687 | L147: 63.880391 | M147: 60.005853 | N147: 1.383237 | O147: 58.622616 | P147: 37.738662 | Q147: 1.5042197 | R147: 36.234442 | S147: 22.370334 | T147: 0.34683229 | U147: 22.023502
B148: 1.C.2.2.7 | C148: Transferuri curente diverse | D148: 92.804023 | E148: 7.4966243 | F148: 85.307399 | G148: 142.00617 | H148: 6.5302367 | I148: 135.47594 | J148: 171.78188 | K148: 7.9506459 | L148: 163.83123 | M148: 149.44115 | N148: 8.1018169 | O148: 141.33933 | P148: 119.67931 | Q148: 8.1390474 | R148: 111.54026 | S148: 183.83476 | T148: 9.7641578 | U148: 174.0706
B149: 1.C.2.2.7.1 | C149: Din care: Transferuri curente către instituţii fără scop lucrativ în serviciul gospodăriilor populației (IFSLSGP) | D149: 0 | E149: 0 | F149: 0 | G149: 0 | H149: 0 | I149: 0 | J149: 0 | K149: 0 | L149: 0 | M149: 0 | N149: 0 | O149: 0 | P149: 0 | Q149: 0 | R149: 0 | S149: 0 | T149: 0 | U149: 0
B150: 1.C.3 | C150: Ajustare pentru variația drepturilor la pensie | D150: 0 | E150: 0 | F150: 0 | G150: 0 | H150: 0 | I150: 0 | J150: 0 | K150: 0 | L150: 0 | M150: 0 | N150: 0 | O150: 0 | P150: 0 | Q150: 0 | R150: 0 | S150: 0 | T150: 0 | U150: 0
B151: 2 | C151: Contul de capital | D151: 20.704404 | E151: 14.528793 | F151: 6.1756104 | G151: 24.264907 | H151: 17.32556 | I151: 6.9393466 | J151: 32.969286 | K151: 16.813534 | L151: 16.155753 | M151: 41.200058 | N151: 20.95267 | O151: 20.247388 | P151: 22.745745 | Q151: 15.05814 | R151: 7.6876053 | S151: 37.488589 | T151: 18.122334 | U151: 19.366255
B152: 2.1 | C152: Achiziţionarea brută (debit) / cesiunea brută a activelor nefinanciare neproduse | D152: 0 | E152: 0.19026965 | F152: -0.19026965 | G152: 0 | H152: 0.73244547 | I152: -0.73244547 | J152: 0 | K152: 1.2837426 | L152: -1.2837426 | M152: 0 | N152: 0.09450688 | O152: -0.09450688 | P152: 0.05042728 | Q152: 1.8926305 | R152: -1.8422032 | S152: 0 | T152: 0 | U152: 0
B153: 2.2 | C153: Transferuri de capital | D153: 20.704404 | E153: 14.338524 | F153: 6.3658801 | G153: 24.264907 | H153: 16.593115 | I153: 7.671792 | J153: 32.969286 | K153: 15.529791 | L153: 17.439495 | M153: 41.200058 | N153: 20.858163 | O153: 20.341895 | P153: 22.695318 | Q153: 13.16551 | R153: 9.5298086 | S153: 37.488589 | T153: 18.122334 | U153: 19.366255
B154: 2.2.1 | C154: Administraţia publică | D154: 4.3437982 | E154: 0 | F154: 4.3437982 | G154: 4.5618083 | H154: 0 | I154: 4.5618083 | J154: 10.783093 | K154: 0 | L154: 10.783093 | M154: 16.289549 | N154: 0 | O154: 16.289549 | P154: 5.8029916 | Q154: 0 | R154: 5.8029916 | S154: 11.104534 | T154: 0 | U154: 11.104534
... B160: 2.2.2.2 | C160: Alte transferuri de capital | D160: 16.360606 | E160: 14.338524 | F160: 2.0220819 | G160: 19.703098 | H160: 16.593115 | I160: 3.1099838 | J160: 21.771467 | K160: 15.529791 | L160: 6.2416759 | M160: 23.705949 | N160: 20.858163 | O160: 2.8477866 | P160: 16.892327 | Q160: 13.16551 | R160: 3.726817 | S160: 26.384055 | T160: 18.122334 | U160: 8.2617211
B161: 2.2.2.2.1 | C161: Din care: Impozite pe capital | E161: 0 | F161: 0 | H161: 0 | I161: 0 | K161: 0 | L161: 0 | N161: 0 | O161: 0 | Q161: 0 | R161: 0 | T161: 0 | U161: 0
B162: 2.2.2.2.2 | C162: Din care: Între gospodăriile populației | D162: 16.360606 | E162: 14.338524 | F162: 2.0220819 | G162: 19.703098 | H162: 16.593115 | I162: 3.1099838 | J162: 21.771467 | K162: 15.529791 | L162: 6.2416759 | M162: 23.705949 | N162: 20.858163 | O162: 2.8477866 | P162: 16.892327 | Q162: 13.16551 | R162: 3.726817 | S162: 26.384055 | T162: 18.122334 | U162: 8.2617211
B163: 2.2.2.2.3 | C163: Din care: pentru fiecare componentă a transferurilor de capital: Transferuri către IFSLSGP | D163: 0 | E163: 0 | F163: 0 | G163: 0 | H163: 0 | I163: 0 | J163: 0 | K163: 0 | L163: 0 | M163: 0 | N163: 0 | O163: 0 | P163: 0 | Q163: 0 | R163: 0 | S163: 0 | T163: 0 | U163: 0
B164: 1.2.net | C164: Capacitatea netă (+)/ necesarul net (-) de finanţare (soldul contului curent şi de capital) | D164: 1954.1827 | E164: 2919.0303 | F164: -964.84763 | G164: 2050.8148 | H164: 2949.2628 | I164: -898.44796 | J164: 2387.4627 | K164: 3098.9003 | L164: -711.43765 | M164: 2418.5649 | N164: 3339.0075 | O164: -920.44268 | P164: 2098.49 | Q164: 2907.0981 | R164: -808.60814 | S164: 2308.9382 | T164: 3175.9281 | U164: -866.98993
B165: 3 | C165: Contul financiar | D165: 0 | E165: 0 | F165: 0 | G165: 0 | H165: 0 | I165: 0 | J165: 0 | K165: 0 | L165: 0 | M165: 0 | N165: 0 | O165: 0 | P165: 0 | Q165: 0 | R165: 0 | S165: 0 | T165: 0 | U165: 0
B166: 3.net | C166: Capacitatea netă (+)/ necesarul net (-) de finanţare (soldul contului financiar) | D166: 1334.5696 | E166: 615.21727 | F166: -719.35231 | G166: 1718.8162 | H166: 953.88782 | I166: -764.92838 | J166: 1463.0157 | K166: 705.71792 | L166: -757.29775 | M166: 1664.2356 | N166: 615.13399 | O166: -1049.1016 | P166: 1403.1258 | Q166: 768.44011 | R166: -634.68573 | S166: 1536.1847 | T166: 639.97563 | U166: -896.20909
B167: 3.1 | C167: Investiții directe | D167: 203.97112 | E167: 97.565006 | F167: -106.40611 | G167: 218.14912 | H167: 131.01285 | I167: -87.136269 | J167: 202.46777 | K167: 192.27863 | L167: -10.189138 | M167: 301.81437 | N167: 166.75166 | O167: -135.0627 | P167: 130.87972 | Q167: 88.28809 | R167: -42.591635 | S167: 164.38957 | T167: 102.23402 | U167: -62.155552
B168: 3.a.1 | C168: Scăderea activelor financiare (Ct) / Creșterea activelor financiare (Dt) | D168: 64.633028 | E168: 63.610682 | F168: -1.0223464 | G168: 65.891031 | H168: 83.567803 | I168: 17.676772 | J168: 34.692757 | K168: 140.3793 | L168: 105.68655 | M168: 120.88045 | N168: 62.165101 | O168: -58.715349 | P168: 24.427939 | Q168: 46.717105 | R168: 22.289167 | S168: 9.9644163 | T168: 43.061726 | U168: 33.09731
B169: 3.a.1.1 | C169: Participații și acțiuni ale fondurilor de investiţii | D169: 0.0784751 | E169: 16.748831 | F169: 16.670356 | G169: 0.04490765 | H169: 19.448742 | I169: 19.403834 | J169: 0.3041112 | K169: 15.394411 | L169: 15.0903 | M169: 0.06155791 | N169: 16.762268 | O169: 16.70071 | P169: 0 | Q169: 13.014114 | R169: 13.014114 | S169: 1.1725049 | T169: 14.432316 | U169: 13.259811
B170: 3.a.1.1.1 | C170: Participații și acțiuni ale fondurilor de investiții, altele decât reinvestirea profiturilor | D170: 0.0784751 | E170: 16.748831 | F170: 16.670356 | G170: 0.04490765 | H170: 19.448742 | I170: 19.403834 | J170: 0.3041112 | K170: 15.394411 | L170: 15.0903 | M170: 0.06155791 | N170: 16.762268 | O170: 16.70071 | P170: 0 | Q170: 13.014114 | R170: 13.014114 | S170: 1.1725049 | T170: 14.432316 | U170: 13.259811
B171: 3.a.1.1.1.1 | C171: Investitorul direct în întreprinderea cu investiţii directe | D171: 0.0784751 | E171: 16.748831 | F171: 16.670356 | G171: 0.04490765 | H171: 19.448742 | I171: 19.403834 | J171: 0.3041112 | K171: 15.394411 | L171: 15.0903 | M171: 0.06155791 | N171: 16.762268 | O171: 16.70071 | P171: 0 | Q171: 13.014114 | R171: 13.014114 | S171: 1.1725049 | T171: 14.432316 | U171: 13.259811
B172: 3.a.1.1.1.2 | C172: Întreprinderea cu investiţii directe în investitorul său direct (investiţie inversă) | D172: 0 | E172: 0 | F172: 0 | G172: 0 | H172: 0 | I172: 0 | J172: 0 | K172: 0 | L172: 0 | M172: 0 | N172: 0 | O172: 0 | P172: 0 | Q172: 0 | R172: 0 | S172: 0 | T172: 0 | U172: 0
B173: 3.a.1.1.1.3 | C173: Între întreprinderi din același grup | D173: 0 | E173: 0 | F173: 0 | G173: 0 | H173: 0 | I173: 0 | J173: 0 | K173: 0 | L173: 0 | M173: 0 | N173: 0 | O173: 0 | P173: 0 | Q173: 0 | R173: 0 | S173: 0 | T173: 0 | U173: 0
... B851: si.2 | C851: Remiteri personale | D851: 400.55115 | E851: 116.05575 | F851: 284.49539 | G851: 410.87127 | H851: 121.68877 | I851: 289.1825 | J851: 421.85809 | K851: 130.16362 | L851: 291.69447 | M851: 433.11283 | N851: 134.43464 | O851: 298.67819 | P851: 394.06785 | Q851: 105.76725 | R851: 288.3006 | S851: 450.35899 | T851: 122.8047 | U851: 327.55429
B852: * date revizuite | C852: * date revizuite | H852: 0

Sheet bp3
B2: Anexa 3. Sinteza balanţei de plăţi a Republicii Moldova pentru anul 2025 - trimestrul II 2026, prezentare analitică
I3: milioane EUR
D4: 2025 | H4: 2026
D5: Tr. I* | E5: Tr. II* | F5: Tr. III* | G5: Tr. IV* | H5: Tr. I* | I5: Tr. II
B6: 1 | C6: Contul curent (fără rezerve și articole aferente) | D6: -971.02324 | E6: -905.38731 | F6: -727.59341 | G6: -940.69007 | H6: -816.29574 | I6: -886.35618
B7: 1(c) | C7: Credit | D7: 1933.4783 | E7: 2026.5499 | F7: 2354.4934 | G7: 2377.3648 | H7: 2075.7442 | I7: 2271.4496
B8: 1(d) | C8: Debit | D8: 2904.5015 | E8: 2931.9372 | F8: 3082.0868 | G8: 3318.0549 | H8: 2892.04 | I8: 3157.8058
B9: 1.A | C9: Bunuri şi servicii | D9: -1369.9817 | E9: -1320.1128 | F9: -1177.9184 | G9: -1325.9559 | H9: -1198.3914 | I9: -1347.1478
B10: 1.A(c) | C10: Credit | D10: 1242.0755 | E10: 1258.017 | F10: 1530.7113 | G10: 1626.8106 | H10: 1410.3717 | I10: 1466.8439
B11: 1.A(d) | C11: Debit | D11: 2612.0573 | E11: 2578.1298 | F11: 2708.6298 | G11: 2952.7666 | H11: 2608.7631 | I11: 2813.9917
B12: 1.A.a | C12: Bunuri | D12: -1557.5095 | E12: -1531.9506 | F12: -1422.6668 | G12: -1593.4008 | H12: -1459.176 | I12: -1659.9878
B13: 1.A.a(c) | C13: Credit | D13: 656.5979 | E13: 559.79226 | F13: 756.09632 | G13: 865.43771 | H13: 728.52982 | I13: 676.1889
B14: 1.A.a(d) | C14: Debit | D14: 2214.1074 | E14: 2091.7429 | F14: 2178.7631 | G14: 2458.8385 | H14: 2187.7058 | I14: 2336.1767
B15: 1.A.a.1 | C15: Mărfuri generale în baza balanţei de plăţi | D15: -1557.4361 | E15: -1531.7704 | F15: -1422.6062 | G15: -1593.0839 | H15: -1459.0565 | I15: -1660.1709
B16: 1.A.a.1(c) | C16: Credit | D16: 656.63989 | E16: 559.97242 | F16: 756.15685 | G16: 865.42935 | H16: 728.60371 | I16: 676.00393
B17: 1.A.a.1(d) | C17: Debit | D17: 2214.0759 | E17: 2091.7428 | F17: 2178.763 | G17: 2458.5132 | H17: 2187.6602 | I17: 2336.1748
... B845: 5.3.2 | C845: Alte investiții - împrumuturi interguvernamentale | D845: 0 | E845: 0 | F845: 0 | G845: 0 | H845: 0 | I845: 0
C846: Articole informative | D846: 0 | E846: 0 | F846: 0 | G846: 0 | H846: 0 | I846: 0
B847: fe | C847: Finanţarea excepţională | D847: 0 | E847: 0 | F847: 0 | G847: 0 | H847: 0 | I847: 0
B848: fe.1 | C848: Venituri secundare | D848: 0 | E848: 0 | F848: 0 | G848: 0 | H848: 0 | I848: 0
B849: fe.1.1 | C849: Alte granturi interguvernamentale | D849: 0 | E849: 0 | F849: 0 | G849: 0 | H849: 0 | I849: 0
B850: fe.1.2 | C850: Granturi primite din conturile de subvenţii ale FMI | D850: 0 | E850: 0 | F850: 0 | G850: 0 | H850: 0 | I850: 0
B851: fe.2 | C851: Transferuri de capital | D851: 0 | E851: 0 | F851: 0 | G851: 0 | H851: 0 | I851: 0
B852: fe.2.1 | C852: Iertarea datoriei | D852: 0 | E852: 0 | F852: 0 | G852: 0 | H852: 0 | I852: 0
B853: fe.2.2 | C853: Granturi primite din conturile de subvenţii ale FMI | D853: 0 | E853: 0 | F853: 0 | G853: 0 | H853: 0 | I853: 0
B854: fe.2.3 | C854: Alte granturi investiţionale | D854: 0 | E854: 0 | F854: 0 | G854: 0 | H854: 0 | I854: 0
B855: fe.3 | C855: Investiţii directe | D855: 0 | E855: 0 | F855: 0 | G855: 0 | H855: 0 | I855: 0
B856: fe.3.1 | C856: Investiţii în titluri de participare determinate de reducerea datoriei | D856: 0 | E856: 0 | F856: 0 | G856: 0 | H856: 0 | I856: 0
B857: fe.3.2 | C857: Instrumente de natura datoriei | D857: 0 | E857: 0 | F857: 0 | G857: 0 | H857: 0 | I857: 0
B858: fe.3.2.1 | C858: Reeşalonarea angajamentelor exigibile în perioada curentă | D858: 0 | E858: 0 | F858: 0 | G858: 0 | H858: 0 | I858: 0
... B1122: si.2(d) | C1122: Remiteri personale: Debit | D1122: 116.05575 | E1122: 121.68877 | F1122: 130.16362 | G1122: 134.43464 | H1122: 105.76725 | I1122: 122.8047
B1123: * date revizuite | C1123: * date revizuite

Sheet c4
B2: Anexa 4. Exportul de bunuri pe grupuri de ţări, conform balanței de plăți, pentru anul 2025 - trimestrul II 2026
C4: 2025 | G4: 2026 | I4: Ponderea Tr. II 2026 | J4: Tr. II 2026 / Tr. II 2025 | K4: Gradul de influenţă** (p.p.)
C5: Tr. I* | D5: Tr. II* | E5: Tr. III* | F5: Tr. IV* | G5: Tr.I* | H5: Tr.II
C6: milioane EUR
B7: Uniunea Europeană, dintre care: | C7: 371.01716 | D7: 330.0807 | E7: 536.82709 | F7: 538.21138 | G7: 410.82879 | H7: 415.29807 | I7: =H7/$H$61 -> 0.61417463 | J7: {=_xlfn.IFS(H7/D7>=2,CONCATENATE("+de ",FIXED(H7/D7,1)," ori"),H7/D7>=1,CONCATENATE("+",FIXED((H7/D7-1)*100,1),"%"),H7/D7<0.5,CONCATENATE("-de ",FIXED(D7/H7,1)," ori"),H7/D7<1,CONCATENATE(FIXED((H7/D7*100-100),1),"%"))} -> +25,8% | K7: =(H7-D7)/$D$61*100 -> 15.223035
B8: România | C8: 156.26778 | D8: 133.65195 | E8: 226.26364 | F8: 218.19501 | G8: 172.41483 | H8: 162.58445 | I8: =H8/$H$61 -> 0.24044235 | J8: {=_xlfn.IFS(H8/D8>=2,CONCATENATE("+de ",FIXED(H8/D8,1)," ori"),H8/D8>=1,CONCATENATE("+",FIXED((H8/D8-1)*100,1),"%"),H8/D8<0.5,CONCATENATE("-de ",FIXED(D8/H8,1)," ori"),H8/D8<1,CONCATENATE(FIXED((H8/D8*100-100),1),"%"))} -> +21,6% | K8: =(H8-D8)/$D$61*100 -> 5.168435
B9: Cehia | C9: 60.632458 | D9: 71.39001 | E9: 65.192612 | F9: 69.543668 | G9: 65.280055 | H9: 71.127727 | I9: =H9/$H$61 -> 0.10518914 | J9: {=_xlfn.IFS(H9/D9>=2,CONCATENATE("+de ",FIXED(H9/D9,1)," ori"),H9/D9>=1,CONCATENATE("+",FIXED((H9/D9-1)*100,1),"%"),H9/D9<0.5,CONCATENATE("-de ",FIXED(D9/H9,1)," ori"),H9/D9<1,CONCATENATE(FIXED((H9/D9*100-100),1),"%"))} -> -0,4% | K9: =(H9-D9)/$D$61*100 -> -0.046853622
B10: Italia | C10: 37.657442 | D10: 19.060915 | E10: 50.661625 | F10: 49.721413 | G10: 43.409392 | H10: 45.58541 | I10: =H10/$H$61 -> 0.0674152 | J10: {=_xlfn.IFS(H10/D10>=2,CONCATENATE("+de ",FIXED(H10/D10,1)," ori"),H10/D10>=1,CONCATENATE("+",FIXED((H10/D10-1)*100,1),"%"),H10/D10<0.5,CONCATENATE("-de ",FIXED(D10/H10,1)," ori"),H10/D10<1,CONCATENATE(FIXED((H10/D10*100-100),1),"%"))} -> +de 2,4 ori | K10: =(H10-D10)/$D$61*100 -> 4.7382747
B11: Germania | C11: 21.58141 | D11: 22.293954 | E11: 28.361997 | F11: 41.955061 | G11: 39.716594 | H11: 41.549549 | I11: =H11/$H$61 -> 0.06144666 | J11: {=_xlfn.IFS(H11/D11>=2,CONCATENATE("+de ",FIXED(H11/D11,1)," ori"),H11/D11>=1,CONCATENATE("+",FIXED((H11/D11-1)*100,1),"%"),H11/D11<0.5,CONCATENATE("-de ",FIXED(D11/H11,1)," ori"),H11/D11<1,CONCATENATE(FIXED((H11/D11*100-100),1),"%"))} -> +86,4% | K11: =(H11-D11)/$D$61*100 -> 3.4397752
B12: Bulgaria | C12: 17.117207 | D12: 10.728508 | E12: 42.50707 | F12: 30.349978 | G12: 16.402339 | H12: 20.650604 | I12: =H12/$H$61 -> 0.030539697 | J12: {=_xlfn.IFS(H12/D12>=2,CONCATENATE("+de ",FIXED(H12/D12,1)," ori"),H12/D12>=1,CONCATENATE("+",FIXED((H12/D12-1)*100,1),"%"),H12/D12<0.5,CONCATENATE("-de ",FIXED(D12/H12,1)," ori"),H12/D12<1,CONCATENATE(FIXED((H12/D12*100-100),1),"%"))} -> +92,5% | K12: =(H12-D12)/$D$61*100 -> 1.7724605
B13: Polonia | C13: 17.688676 | D13: 17.389291 | E13: 21.934806 | F13: 36.410649 | G13: 19.641508 | H13: 17.113893 | I13: =H13/$H$61 -> 0.025309337 | J13: {=_xlfn.IFS(H13/D13>=2,CONCATENATE("+de ",FIXED(H13/D13,1)," ori"),H13/D13>=1,CONCATENATE("+",FIXED((H13/D13-1)*100,1),"%"),H13/D13<0.5,CONCATENATE("-de ",FIXED(D13/H13,1)," ori"),H13/D13<1,CONCATENATE(FIXED((H13/D13*100-100),1),"%"))} -> -1,6% | K13: =(H13-D13)/$D$61*100 -> -0.049196559
B14: Grecia | C14: 15.063102 | D14: 15.246632 | E14: 30.004973 | F14: 11.548846 | G14: 14.397892 | H14: 15.804488 | I14: =H14/$H$61 -> 0.023372889 | J14: {=_xlfn.IFS(H14/D14>=2,CONCATENATE("+de ",FIXED(H14/D14,1)," ori"),H14/D14>=1,CONCATENATE("+",FIXED((H14/D14-1)*100,1),"%"),H14/D14<0.5,CONCATENATE("-de ",FIXED(D14/H14,1)," ori"),H14/D14<1,CONCATENATE(FIXED((H14/D14*100-100),1),"%"))} -> +3,7% | K14: =(H14-D14)/$D$61*100 -> 0.099654152
B15: Ungaria | C15: 3.4724059 | D15: 4.8599126 | E15: 8.6287031 | F15: 10.041093 | G15: 6.4209077 | H15: 8.3250945 | I15: =H15/$H$61 -> 0.012311788 | J15: {=_xlfn.IFS(H15/D15>=2,CONCATENATE("+de ",FIXED(H15/D15,1)," ori"),H15/D15>=1,CONCATENATE("+",FIXED((H15/D15-1)*100,1),"%"),H15/D15<0.5,CONCATENATE("-de ",FIXED(D15/H15,1)," ori"),H15/D15<1,CONCATENATE(FIXED((H15/D15*100-100),1),"%"))} -> +71,3% | K15: =(H15-D15)/$D$61*100 -> 0.61901211
B16: Franţa | C16: 5.1734718 | D16: 5.0390607 | E16: 4.2385172 | F16: 18.20719 | G16: 7.1144426 | H16: 7.5211809 | I16: =H16/$H$61 -> 0.011122899 | J16: {=_xlfn.IFS(H16/D16>=2,CONCATENATE("+de ",FIXED(H16/D16,1)," ori"),H16/D16>=1,CONCATENATE("+",FIXED((H16/D16-1)*100,1),"%"),H16/D16<0.5,CONCATENATE("-de ",FIXED(D16/H16,1)," ori"),H16/D16<1,CONCATENATE(FIXED((H16/D16*100-100),1),"%"))} -> +49,3% | K16: =(H16-D16)/$D$61*100 -> 0.44340023
B17: Olanda | C17: 16.596083 | D17: 9.7407351 | E17: 9.2857969 | F17: 11.980222 | G17: 6.4476537 | H17: 7.1931633 | I17: =H17/$H$61 -> 0.010637801 | J17: {=_xlfn.IFS(H17/D17>=2,CONCATENATE("+de ",FIXED(H17/D17,1)," ori"),H17/D17>=1,CONCATENATE("+",FIXED((H17/D17-1)*100,1),"%"),H17/D17<0.5,CONCATENATE("-de ",FIXED(D17/H17,1)," ori"),H17/D17<1,CONCATENATE(FIXED((H17/D17*100-100),1),"%"))} -> -26,2% | K17: =(H17-D17)/$D$61*100 -> -0.45509236
B18: Lituania | C18: 2.3490746 | D18: 3.3819875 | E18: 5.0872318 | F18: 4.1463717 | G18: 2.2804489 | H18: 2.9796311 | I18: =H18/$H$61 -> 0.004406507 | J18: {=_xlfn.IFS(H18/D18>=2,CONCATENATE("+de ",FIXED(H18/D18,1)," ori"),H18/D18>=1,CONCATENATE("+",FIXED((H18/D18-1)*100,1),"%"),H18/D18<0.5,CONCATENATE("-de ",FIXED(D18/H18,1)," ori"),H18/D18<1,CONCATENATE(FIXED((H18/D18*100-100),1),"%"))} -> -11,9% | K18: =(H18-D18)/$D$61*100 -> -0.07187601
... B21: Spania | C21: 2.9716799 | D21: 1.9727971 | E21: 12.079476 | F21: 11.027438 | G21: 1.9912717 | H21: 2.0210382 | I21: =H21/$H$61 -> 0.0029888662 | J21: {=_xlfn.IFS(H21/D21>=2,CONCATENATE("+de ",FIXED(H21/D21,1)," ori"),H21/D21>=1,CONCATENATE("+",FIXED((H21/D21-1)*100,1),"%"),H21/D21<0.5,CONCATENATE("-de ",FIXED(D21/H21,1)," ori"),H21/D21<1,CONCATENATE(FIXED((H21/D21*100-100),1),"%"))} -> +2,4% | K21: =(H21-D21)/$D$61*100 -> 0.0086176826
A22: Letonia | B22: Belgia | C22: 1.0354877 | D22: 1.7238024 | E22: 1.8140773 | F22: 1.9624869 | G22: 2.4513497 | H22: 1.9656584 | I22: =H22/$H$61 -> 0.0029069663 | J22: {=_xlfn.IFS(H22/D22>=2,CONCATENATE("+de ",FIXED(H22/D22,1)," ori"),H22/D22>=1,CONCATENATE("+",FIXED((H22/D22-1)*100,1),"%"),H22/D22<0.5,CONCATENATE("-de ",FIXED(D22/H22,1)," ori"),H22/D22<1,CONCATENATE(FIXED((H22/D22*100-100),1),"%"))} -> +14,0% | K22: =(H22-D22)/$D$61*100 -> 0.043204597
B23: Estonia | C23: 0.56038594 | D23: 0.97288983 | E23: 1.5192888 | F23: 0.75125957 | G23: 1.6937933 | H23: 1.5683903 | I23: =H23/$H$61 -> 0.0023194558 | J23: {=_xlfn.IFS(H23/D23>=2,CONCATENATE("+de ",FIXED(H23/D23,1)," ori"),H23/D23>=1,CONCATENATE("+",FIXED((H23/D23-1)*100,1),"%"),H23/D23<0.5,CONCATENATE("-de ",FIXED(D23/H23,1)," ori"),H23/D23<1,CONCATENATE(FIXED((H23/D23*100-100),1),"%"))} -> +61,2% | K23: =(H23-D23)/$D$61*100 -> 0.10637883
B24: Croaţia | C24: 1.3279446 | D24: 1.7039857 | E24: 4.0131925 | F24: 2.1992902 | G24: 1.5346129 | H24: 1.4657421 | I24: =H24/$H$61 -> 0.0021676519 | J24: {=_xlfn.IFS(H24/D24>=2,CONCATENATE("+de ",FIXED(H24/D24,1)," ori"),H24/D24>=1,CONCATENATE("+",FIXED((H24/D24-1)*100,1),"%"),H24/D24<0.5,CONCATENATE("-de ",FIXED(D24/H24,1)," ori"),H24/D24<1,CONCATENATE(FIXED((H24/D24*100-100),1),"%"))} -> -14,0% | K24: =(H24-D24)/$D$61*100 -> -0.042559286
B25: Slovacia | C25: 3.7567564 | D25: 2.2566916 | E25: 2.6651087 | F25: 2.6686298 | G25: 1.8599883 | H25: 1.2130923 | I25: =H25/$H$61 -> 0.0017940139 | J25: {=_xlfn.IFS(H25/D25>=2,CONCATENATE("+de ",FIXED(H25/D25,1)," ori"),H25/D25>=1,CONCATENATE("+",FIXED((H25/D25-1)*100,1),"%"),H25/D25<0.5,CONCATENATE("-de ",FIXED(D25/H25,1)," ori"),H25/D25<1,CONCATENATE(FIXED((H25/D25*100-100),1),"%"))} -> -46,2% | K25: =(H25-D25)/$D$61*100 -> -0.18642617
B26: Cipru | C26: 1.5145426 | D26: 0.11027064 | E26: 10.967414 | F26: 1.5638615 | G26: 1.6281447 | H26: 0.22390892 | I26: =H26/$H$61 -> 0.00033113368 | J26: {=_xlfn.IFS(H26/D26>=2,CONCATENATE("+de ",FIXED(H26/D26,1)," ori"),H26/D26>=1,CONCATENATE("+",FIXED((H26/D26-1)*100,1),"%"),H26/D26<0.5,CONCATENATE("-de ",FIXED(D26/H26,1)," ori"),H26/D26<1,CONCATENATE(FIXED((H26/D26*100-100),1),"%"))} -> +de 2,0 ori | K26: =(H26-D26)/$D$61*100 -> 0.020300081
B27: Portugalia | C27: 0.11969287 | D27: 0.18632692 | E27: 0.08581212 | F27: 6.9008254 | G27: 0.17687102 | H27: 0.19770396 | I27: =H27/$H$61 -> 0.00029237978 | J27: {=_xlfn.IFS(H27/D27>=2,CONCATENATE("+de ",FIXED(H27/D27,1)," ori"),H27/D27>=1,CONCATENATE("+",FIXED((H27/D27-1)*100,1),"%"),H27/D27<0.5,CONCATENATE("-de ",FIXED(D27/H27,1)," ori"),H27/D27<1,CONCATENATE(FIXED((H27/D27*100-100),1),"%"))} -> +6,1% | K27: =(H27-D27)/$D$61*100 -> 0.0020323682
B28: Alte ţări, dintre care: | C28: 285.58074 | D28: 229.71156 | E28: 219.26923 | F28: 327.22633 | G28: 317.70103 | H28: 260.89084 | I28: =H28/$H$61 -> 0.38582537 | J28: {=_xlfn.IFS(H28/D28>=2,CONCATENATE("+de ",FIXED(H28/D28,1)," ori"),H28/D28>=1,CONCATENATE("+",FIXED((H28/D28-1)*100,1),"%"),H28/D28<0.5,CONCATENATE("-de ",FIXED(D28/H28,1)," ori"),H28/D28<1,CONCATENATE(FIXED((H28/D28*100-100),1),"%"))} -> +13,6% | K28: =(H28-D28)/$D$61*100 -> 5.5697933
B29: Turcia | C29: 103.90953 | D29: 60.977899 | E29: 27.700106 | F29: 116.5837 | G29: 132.10154 | H29: 82.617038 | I29: =H29/$H$61 -> 0.12218041 | J29: {=_xlfn.IFS(H29/D29>=2,CONCATENATE("+de ",FIXED(H29/D29,1)," ori"),H29/D29>=1,CONCATENATE("+",FIXED((H29/D29-1)*100,1),"%"),H29/D29<0.5,CONCATENATE("-de ",FIXED(D29/H29,1)," ori"),H29/D29<1,CONCATENATE(FIXED((H29/D29*100-100),1),"%"))} -> +35,5% | K29: =(H29-D29)/$D$61*100 -> 3.8655659
B30: Ucraina | C30: 71.022329 | D30: 61.550426 | E30: 67.840392 | F30: 89.011579 | G30: 72.227026 | H30: 60.985743 | I30: =H30/$H$61 -> 0.090190393 | J30: {=_xlfn.IFS(H30/D30>=2,CONCATENATE("+de ",FIXED(H30/D30,1)," ori"),H30/D30>=1,CONCATENATE("+",FIXED((H30/D30-1)*100,1),"%"),H30/D30<0.5,CONCATENATE("-de ",FIXED(D30/H30,1)," ori"),H30/D30<1,CONCATENATE(FIXED((H30/D30*100-100),1),"%"))} -> -0,9% | K30: =(H30-D30)/$D$61*100 -> -0.10087376
B31: Rusia | C31: 21.436361 | D31: 25.479549 | E31: 23.907212 | F31: 24.397373 | G31: 20.795185 | H31: 27.387061 | I31: =H31/$H$61 -> 0.040502085 | J31: {=_xlfn.IFS(H31/D31>=2,CONCATENATE("+de ",FIXED(H31/D31,1)," ori"),H31/D31>=1,CONCATENATE("+",FIXED((H31/D31-1)*100,1),"%"),H31/D31<0.5,CONCATENATE("-de ",FIXED(D31/H31,1)," ori"),H31/D31<1,CONCATENATE(FIXED((H31/D31*100-100),1),"%"))} -> +7,5% | K31: =(H31-D31)/$D$61*100 -> 0.34075358
B32: Belarus | C32: 18.894975 | D32: 16.653793 | E32: 14.559849 | F32: 17.144575 | G32: 21.372541 | H32: 15.893657 | I32: =H32/$H$61 -> 0.023504759 | J32: {=_xlfn.IFS(H32/D32>=2,CONCATENATE("+de ",FIXED(H32/D32,1)," ori"),H32/D32>=1,CONCATENATE("+",FIXED((H32/D32-1)*100,1),"%"),H32/D32<0.5,CONCATENATE("-de ",FIXED(D32/H32,1)," ori"),H32/D32<1,CONCATENATE(FIXED((H32/D32*100-100),1),"%"))} -> -4,6% | K32: =(H32-D32)/$D$61*100 -> -0.13578881
B33: SUA | C33: 15.400735 | D33: 11.952564 | E33: 6.8550368 | F33: 5.6965877 | G33: 4.5950413 | H33: 9.785964 | I33: =H33/$H$61 -> 0.014472234 | J33: {=_xlfn.IFS(H33/D33>=2,CONCATENATE("+de ",FIXED(H33/D33,1)," ori"),H33/D33>=1,CONCATENATE("+",FIXED((H33/D33-1)*100,1),"%"),H33/D33<0.5,CONCATENATE("-de ",FIXED(D33/H33,1)," ori"),H33/D33<1,CONCATENATE(FIXED((H33/D33*100-100),1),"%"))} -> -18,1% | K33: =(H33-D33)/$D$61*100 -> -0.38703637
B34: Liban | C34: 3.9535323 | D34: 5.5923928 | E34: 12.924119 | F34: 6.8912361 | G34: 12.454902 | H34: 7.7741029 | I34: =H34/$H$61 -> 0.011496939 | J34: {=_xlfn.IFS(H34/D34>=2,CONCATENATE("+de ",FIXED(H34/D34,1)," ori"),H34/D34>=1,CONCATENATE("+",FIXED((H34/D34-1)*100,1),"%"),H34/D34<0.5,CONCATENATE("-de ",FIXED(D34/H34,1)," ori"),H34/D34<1,CONCATENATE(FIXED((H34/D34*100-100),1),"%"))} -> +39,0% | K34: =(H34-D34)/$D$61*100 -> 0.38973566
... B53: Ghana | C53: 0.45931673 | D53: 0.41467856 | E53: 0.72608226 | F53: 0.80375894 | G53: 0.38762218 | H53: 1.0843388 | I53: =H53/$H$61 -> 0.0016036033 | J53: {=_xlfn.IFS(H53/D53>=2,CONCATENATE("+de ",FIXED(H53/D53,1)," ori"),H53/D53>=1,CONCATENATE("+",FIXED((H53/D53-1)*100,1),"%"),H53/D53<0.5,CONCATENATE("-de ",FIXED(D53/H53,1)," ori"),H53/D53<1,CONCATENATE(FIXED((H53/D53*100-100),1),"%"))} -> +de 2,6 ori | K53: =(H53-D53)/$D$61*100 -> 0.11962656
B54: Uganda | C54: 0.00069637 | D54: 0 | E54: 0.06729731 | F54: 0.05801153 | G54: 0.03454793 | H54: 1.0481367 | I54: =H54/$H$61 -> 0.0015500649 | K54: =(H54-D54)/$D$61*100 -> 0.18723672
B55: Hong-Kong | C55: 0.70959261 | D55: 0.46711726 | E55: 1.1629329 | F55: 0.62258235 | G55: 0.25749201 | H55: 0.95192077 | I55: =H55/$H$61 -> 0.0014077734 | J55: {=_xlfn.IFS(H55/D55>=2,CONCATENATE("+de ",FIXED(H55/D55,1)," ori"),H55/D55>=1,CONCATENATE("+",FIXED((H55/D55-1)*100,1),"%"),H55/D55<0.5,CONCATENATE("-de ",FIXED(D55/H55,1)," ori"),H55/D55<1,CONCATENATE(FIXED((H55/D55*100-100),1),"%"))} -> +de 2,0 ori | K55: =(H55-D55)/$D$61*100 -> 0.086604183
B56: Armenia | C56: 1.2707465 | D56: 0.47385664 | E56: 0.91145746 | F56: 1.0000919 | G56: 0.9657561 | H56: 0.94695583 | I56: =H56/$H$61 -> 0.0014004309 | J56: {=_xlfn.IFS(H56/D56>=2,CONCATENATE("+de ",FIXED(H56/D56,1)," ori"),H56/D56>=1,CONCATENATE("+",FIXED((H56/D56-1)*100,1),"%"),H56/D56<0.5,CONCATENATE("-de ",FIXED(D56/H56,1)," ori"),H56/D56<1,CONCATENATE(FIXED((H56/D56*100-100),1),"%"))} -> +99,8% | K56: =(H56-D56)/$D$61*100 -> 0.08451335
B57: Bosnia şi Hețegovina | C57: 0.61837549 | D57: 0.84550623 | E57: 1.538899 | F57: 1.2092176 | G57: 0.92500684 | H57: 0.87736863 | I57: =H57/$H$61 -> 0.00129752 | J57: {=_xlfn.IFS(H57/D57>=2,CONCATENATE("+de ",FIXED(H57/D57,1)," ori"),H57/D57>=1,CONCATENATE("+",FIXED((H57/D57-1)*100,1),"%"),H57/D57<0.5,CONCATENATE("-de ",FIXED(D57/H57,1)," ori"),H57/D57<1,CONCATENATE(FIXED((H57/D57*100-100),1),"%"))} -> +3,8% | K57: =(H57-D57)/$D$61*100 -> 0.0056918258
B58: Japonia | C58: 0.71064105 | D58: 0.92149348 | E58: 0.66740965 | F58: 0.75686555 | G58: 0.43888806 | H58: 0.87648709 | I58: =H58/$H$61 -> 0.0012962163 | J58: {=_xlfn.IFS(H58/D58>=2,CONCATENATE("+de ",FIXED(H58/D58,1)," ori"),H58/D58>=1,CONCATENATE("+",FIXED((H58/D58-1)*100,1),"%"),H58/D58<0.5,CONCATENATE("-de ",FIXED(D58/H58,1)," ori"),H58/D58<1,CONCATENATE(FIXED((H58/D58*100-100),1),"%"))} -> -4,9% | K58: =(H58-D58)/$D$61*100 -> -0.0080398379
B59: Macedonia de Nord | C59: 0.5821751 | D59: 0.50821989 | E59: 0.69451853 | F59: 1.3522008 | G59: 1.0216361 | H59: 0.83400469 | I59: =H59/$H$61 -> 0.0012333901 | J59: {=_xlfn.IFS(H59/D59>=2,CONCATENATE("+de ",FIXED(H59/D59,1)," ori"),H59/D59>=1,CONCATENATE("+",FIXED((H59/D59-1)*100,1),"%"),H59/D59<0.5,CONCATENATE("-de ",FIXED(D59/H59,1)," ori"),H59/D59<1,CONCATENATE(FIXED((H59/D59*100-100),1),"%"))} -> +64,1% | K59: =(H59-D59)/$D$61*100 -> 0.058197446
B60: Vietnam | C60: 1.0509247 | D60: 0.22415981 | E60: 0.61188308 | F60: 0.36503855 | G60: 0.60513828 | H60: 0.64892543 | I60: =H60/$H$61 -> 0.00095968069 | J60: {=_xlfn.IFS(H60/D60>=2,CONCATENATE("+de ",FIXED(H60/D60,1)," ori"),H60/D60>=1,CONCATENATE("+",FIXED((H60/D60-1)*100,1),"%"),H60/D60<0.5,CONCATENATE("-de ",FIXED(D60/H60,1)," ori"),H60/D60<1,CONCATENATE(FIXED((H60/D60*100-100),1),"%"))} -> +de 2,9 ori | K60: =(H60-D60)/$D$61*100 -> 0.075879152
B61: Total | C61: 656.5979 | D61: 559.79226 | E61: 756.09632 | F61: 865.43771 | G61: 728.52982 | H61: 676.1889 | I61: =H61/$H$61 -> 1 | J61: {=_xlfn.IFS(H61/D61>=2,CONCATENATE("+de ",FIXED(H61/D61,1)," ori"),H61/D61>=1,CONCATENATE("+",FIXED((H61/D61-1)*100,1),"%"),H61/D61<0.5,CONCATENATE("-de ",FIXED(D61/H61,1)," ori"),H61/D61<1,CONCATENATE(FIXED((H61/D61*100-100),1),"%"))} -> +20,8% | K61: =(H61-D61)/$D$61*100 -> 20.792829
B62: * date revizuite
B63: ** gradul de influenţă la creşterea (+), scăderea (-) exportului de bunuri

Sheet c5
B2: Anexa 5. Importul de bunuri pe grupuri de ţări, conform balanței de plăți, pentru anul 2025 - trimestrul II 2026
C4: 2025 | G4: 2026 | I4: Ponderea Tr. II 2026 | J4: Tr. II 2026 / Tr. II 2025 | K4: Gradul de influenţă** (p.p.)
C5: Tr. I* | D5: Tr. II* | E5: Tr. III* | F5: Tr. IV* | G5: Tr. I* | H5: Tr. II
C6: milioane EUR
B7: Uniunea Europeană, dintre care: | C7: 1431.4242 | D7: 1295.9956 | E7: 1325.4246 | F7: 1597.4695 | G7: 1417.0722 | H7: 1436.8828 | I7: =H7/$H$68 -> 0.61505742 | J7: {=_xlfn.IFS(H7/D7>=2,CONCATENATE("+de ",FIXED(H7/D7,1)," ori"),H7/D7>=1,CONCATENATE("+",FIXED((H7/D7-1)*100,1),"%"),H7/D7<0.5,CONCATENATE("-de ",FIXED(D7/H7,1)," ori"),H7/D7<1,CONCATENATE(FIXED((H7/D7*100-100),1),"%"))} -> +10,9% | K7: =(H7-D7)/$D$68*100 -> 6.7353946
B8: România | C8: 633.47062 | D8: 509.9011 | E8: 522.13341 | F8: 554.01871 | G8: 602.18391 | H8: 627.34044 | I8: =H8/$H$68 -> 0.26853296 | J8: {=_xlfn.IFS(H8/D8>=2,CONCATENATE("+de ",FIXED(H8/D8,1)," ori"),H8/D8>=1,CONCATENATE("+",FIXED((H8/D8-1)*100,1),"%"),H8/D8<0.5,CONCATENATE("-de ",FIXED(D8/H8,1)," ori"),H8/D8<1,CONCATENATE(FIXED((H8/D8*100-100),1),"%"))} -> +23,0% | K8: =(H8-D8)/$D$68*100 -> 5.6144254
B9: Germania | C9: 139.72786 | D9: 145.89543 | E9: 157.18685 | F9: 184.10602 | G9: 145.2409 | H9: 162.24792 | I9: =H9/$H$68 -> 0.069450193 | J9: {=_xlfn.IFS(H9/D9>=2,CONCATENATE("+de ",FIXED(H9/D9,1)," ori"),H9/D9>=1,CONCATENATE("+",FIXED((H9/D9-1)*100,1),"%"),H9/D9<0.5,CONCATENATE("-de ",FIXED(D9/H9,1)," ori"),H9/D9<1,CONCATENATE(FIXED((H9/D9*100-100),1),"%"))} -> +11,2% | K9: =(H9-D9)/$D$68*100 -> 0.78176388
B10: Polonia | C10: 100.36389 | D10: 111.27353 | E10: 114.09833 | F10: 125.204 | G10: 97.353041 | H10: 110.39746 | I10: =H10/$H$68 -> 0.047255612 | J10: {=_xlfn.IFS(H10/D10>=2,CONCATENATE("+de ",FIXED(H10/D10,1)," ori"),H10/D10>=1,CONCATENATE("+",FIXED((H10/D10-1)*100,1),"%"),H10/D10<0.5,CONCATENATE("-de ",FIXED(D10/H10,1)," ori"),H10/D10<1,CONCATENATE(FIXED((H10/D10*100-100),1),"%"))} -> -0,8% | K10: =(H10-D10)/$D$68*100 -> -0.041882481
B11: Italia | C11: 73.279349 | D11: 89.416444 | E11: 82.394038 | F11: 98.894227 | G11: 74.896314 | H11: 91.68309 | I11: =H11/$H$68 -> 0.03924493 | J11: {=_xlfn.IFS(H11/D11>=2,CONCATENATE("+de ",FIXED(H11/D11,1)," ori"),H11/D11>=1,CONCATENATE("+",FIXED((H11/D11-1)*100,1),"%"),H11/D11<0.5,CONCATENATE("-de ",FIXED(D11/H11,1)," ori"),H11/D11<1,CONCATENATE(FIXED((H11/D11*100-100),1),"%"))} -> +2,5% | K11: =(H11-D11)/$D$68*100 -> 0.10836159
B12: Cehia | C12: 48.911109 | D12: 56.135669 | E12: 60.720358 | F12: 71.010274 | G12: 62.393375 | H12: 83.609567 | I12: =H12/$H$68 -> 0.03578906 | J12: {=_xlfn.IFS(H12/D12>=2,CONCATENATE("+de ",FIXED(H12/D12,1)," ori"),H12/D12>=1,CONCATENATE("+",FIXED((H12/D12-1)*100,1),"%"),H12/D12<0.5,CONCATENATE("-de ",FIXED(D12/H12,1)," ori"),H12/D12<1,CONCATENATE(FIXED((H12/D12*100-100),1),"%"))} -> +48,9% | K12: =(H12-D12)/$D$68*100 -> 1.3134453
B13: Olanda | C13: 61.821779 | D13: 55.355571 | E13: 50.11884 | F13: 68.686966 | G13: 49.288289 | H13: 51.065253 | I13: =H13/$H$68 -> 0.021858473 | J13: {=_xlfn.IFS(H13/D13>=2,CONCATENATE("+de ",FIXED(H13/D13,1)," ori"),H13/D13>=1,CONCATENATE("+",FIXED((H13/D13-1)*100,1),"%"),H13/D13<0.5,CONCATENATE("-de ",FIXED(D13/H13,1)," ori"),H13/D13<1,CONCATENATE(FIXED((H13/D13*100-100),1),"%"))} -> -7,8% | K13: =(H13-D13)/$D$68*100 -> -0.2051073
B14: Bulgaria | C14: 33.541516 | D14: 40.844562 | E14: 60.559944 | F14: 48.135098 | G14: 38.815954 | H14: 49.785364 | I14: =H14/$H$68 -> 0.021310616 | J14: {=_xlfn.IFS(H14/D14>=2,CONCATENATE("+de ",FIXED(H14/D14,1)," ori"),H14/D14>=1,CONCATENATE("+",FIXED((H14/D14-1)*100,1),"%"),H14/D14<0.5,CONCATENATE("-de ",FIXED(D14/H14,1)," ori"),H14/D14<1,CONCATENATE(FIXED((H14/D14*100-100),1),"%"))} -> +21,9% | K14: =(H14-D14)/$D$68*100 -> 0.42743312
B15: Ungaria | C15: 32.019197 | D15: 53.477933 | E15: 41.695531 | F15: 48.210889 | G15: 46.370875 | H15: 42.570241 | I15: =H15/$H$68 -> 0.018222184 | J15: {=_xlfn.IFS(H15/D15>=2,CONCATENATE("+de ",FIXED(H15/D15,1)," ori"),H15/D15>=1,CONCATENATE("+",FIXED((H15/D15-1)*100,1),"%"),H15/D15<0.5,CONCATENATE("-de ",FIXED(D15/H15,1)," ori"),H15/D15<1,CONCATENATE(FIXED((H15/D15*100-100),1),"%"))} -> -20,4% | K15: =(H15-D15)/$D$68*100 -> -0.52146426
B16: Franţa | C16: 46.756537 | D16: 38.135513 | E16: 45.915387 | F16: 44.592069 | G16: 36.040447 | H16: 32.002093 | I16: =H16/$H$68 -> 0.01369849 | J16: {=_xlfn.IFS(H16/D16>=2,CONCATENATE("+de ",FIXED(H16/D16,1)," ori"),H16/D16>=1,CONCATENATE("+",FIXED((H16/D16-1)*100,1),"%"),H16/D16<0.5,CONCATENATE("-de ",FIXED(D16/H16,1)," ori"),H16/D16<1,CONCATENATE(FIXED((H16/D16*100-100),1),"%"))} -> -16,1% | K16: =(H16-D16)/$D$68*100 -> -0.29322055
B17: Austria | C17: 99.553955 | D17: 38.4805 | E17: 38.87877 | F17: 73.949089 | G17: 76.906102 | H17: 30.411678 | I17: =H17/$H$68 -> 0.013017713 | J17: {=_xlfn.IFS(H17/D17>=2,CONCATENATE("+de ",FIXED(H17/D17,1)," ori"),H17/D17>=1,CONCATENATE("+",FIXED((H17/D17-1)*100,1),"%"),H17/D17<0.5,CONCATENATE("-de ",FIXED(D17/H17,1)," ori"),H17/D17<1,CONCATENATE(FIXED((H17/D17*100-100),1),"%"))} -> -21,0% | K17: =(H17-D17)/$D$68*100 -> -0.38574637
B18: Belgia | C18: 26.567717 | D18: 26.133662 | E18: 22.221321 | F18: 28.430573 | G18: 25.729423 | H18: 27.234892 | I18: =H18/$H$68 -> 0.011657891 | J18: {=_xlfn.IFS(H18/D18>=2,CONCATENATE("+de ",FIXED(H18/D18,1)," ori"),H18/D18>=1,CONCATENATE("+",FIXED((H18/D18-1)*100,1),"%"),H18/D18<0.5,CONCATENATE("-de ",FIXED(D18/H18,1)," ori"),H18/D18<1,CONCATENATE(FIXED((H18/D18*100-100),1),"%"))} -> +4,2% | K18: =(H18-D18)/$D$68*100 -> 0.052646515
... B68: Total | C68: 2214.1074 | D68: 2091.7429 | E68: 2178.7631 | F68: 2458.8385 | G68: 2187.7058 | H68: 2336.1767 | I68: =H68/$H$68 -> 1 | J68: {=_xlfn.IFS(H68/D68>=2,CONCATENATE("+de ",FIXED(H68/D68,1)," ori"),H68/D68>=1,CONCATENATE("+",FIXED((H68/D68-1)*100,1),"%"),H68/D68<0.5,CONCATENATE("-de ",FIXED(D68/H68,1)," ori"),H68/D68<1,CONCATENATE(FIXED((H68/D68*100-100),1),"%"))} -> +11,7% | K68: =(H68-D68)/$D$68*100 -> 11.68565
B69: * date revizuite
B70: ** gradul de influenţă la creşterea (+), scăderea (-) exportului de bunuri

Sheet c6
B2: Anexa 6. Exportul de bunuri pe principalele categorii de mărfuri, conform balanței de plăți, pentru anul 2025 - trimestrul II 2026
C4: 2025 | G4: 2026 | I4: Ponderea Tr. II 2026 | J4: Tr. II 2026 / Tr. II 2025 | K4: Gradul de influenţă** (p.p.)
C5: Tr. I* | D5: Tr. II* | E5: Tr. III* | F5: Tr. IV* | G5: Tr. I* | H5: Tr. II
C6: milioane EUR
B7: I. Animale vii şi produse ale regnului animal | C7: 8.9236402 | D7: 8.4759507 | E7: 7.199567 | F7: 11.033413 | G7: 9.3937266 | H7: 8.2169576 | I7: =H7/$H$26 -> 0.012151867 | J7: {=_xlfn.IFS(H7/D7>=2,CONCATENATE("+de ",FIXED(H7/D7,1)," ori"),H7/D7>=1,CONCATENATE("+",FIXED((H7/D7-1)*100,1),"%"),H7/D7<0.5,CONCATENATE("-de ",FIXED(D7/H7,1)," ori"),H7/D7<1,CONCATENATE(FIXED((H7/D7*100-100),1),"%"))} -> -3,1% | K7: =(H7-D7)/$D$26*100 -> -0.046265917
B8: II. Produse ale regnului vegetal | C8: 237.10273 | D8: 150.71487 | E8: 321.45469 | F8: 346.34016 | G8: 315.96474 | H8: 214.99627 | I8: =H8/$H$26 -> 0.31795297 | J8: {=_xlfn.IFS(H8/D8>=2,CONCATENATE("+de ",FIXED(H8/D8,1)," ori"),H8/D8>=1,CONCATENATE("+",FIXED((H8/D8-1)*100,1),"%"),H8/D8<0.5,CONCATENATE("-de ",FIXED(D8/H8,1)," ori"),H8/D8<1,CONCATENATE(FIXED((H8/D8*100-100),1),"%"))} -> +42,7% | K8: =(H8-D8)/$D$26*100 -> 11.48308
B9: III. Grăsimi şi uleiuri de origine animală sau vegetală, şi produse ale disocierii acestora | C9: 18.436947 | D9: 8.4740485 | E9: 24.590151 | F9: 61.594166 | G9: 20.837937 | H9: 32.452191 | I9: =H9/$H$26 -> 0.047992788 | J9: {=_xlfn.IFS(H9/D9>=2,CONCATENATE("+de ",FIXED(H9/D9,1)," ori"),H9/D9>=1,CONCATENATE("+",FIXED((H9/D9-1)*100,1),"%"),H9/D9<0.5,CONCATENATE("-de ",FIXED(D9/H9,1)," ori"),H9/D9<1,CONCATENATE(FIXED((H9/D9*100-100),1),"%"))} -> +de 3,8 ori | K9: =(H9-D9)/$D$26*100 -> 4.2834001
B10: IV. Produse ale industriei alimentare; băuturi, lichide alcoolice şi oţet; tutun şi înlocuitori de tutun prelucrat | C10: 99.799415 | D10: 92.412713 | E10: 95.618216 | F10: 126.46639 | G10: 97.78695 | H10: 95.820899 | I10: =H10/$H$26 -> 0.14170729 | J10: {=_xlfn.IFS(H10/D10>=2,CONCATENATE("+de ",FIXED(H10/D10,1)," ori"),H10/D10>=1,CONCATENATE("+",FIXED((H10/D10-1)*100,1),"%"),H10/D10<0.5,CONCATENATE("-de ",FIXED(D10/H10,1)," ori"),H10/D10<1,CONCATENATE(FIXED((H10/D10*100-100),1),"%"))} -> +3,7% | K10: =(H10-D10)/$D$26*100 -> 0.60883057
B11: V. Produse minerale | C11: 49.766386 | D11: 38.637022 | E11: 45.631164 | F11: 62.102371 | G11: 46.938231 | H11: 42.624095 | I11: =H11/$H$26 -> 0.06303578 | J11: {=_xlfn.IFS(H11/D11>=2,CONCATENATE("+de ",FIXED(H11/D11,1)," ori"),H11/D11>=1,CONCATENATE("+",FIXED((H11/D11-1)*100,1),"%"),H11/D11<0.5,CONCATENATE("-de ",FIXED(D11/H11,1)," ori"),H11/D11<1,CONCATENATE(FIXED((H11/D11*100-100),1),"%"))} -> +10,3% | K11: =(H11-D11)/$D$26*100 -> 0.71224162
B12: VI. Produse ale industriei chimice | C12: 17.665013 | D12: 18.439636 | E12: 25.852525 | F12: 21.661543 | G12: 19.841316 | H12: 21.527636 | I12: =H12/$H$26 -> 0.03183672 | J12: {=_xlfn.IFS(H12/D12>=2,CONCATENATE("+de ",FIXED(H12/D12,1)," ori"),H12/D12>=1,CONCATENATE("+",FIXED((H12/D12-1)*100,1),"%"),H12/D12<0.5,CONCATENATE("-de ",FIXED(D12/H12,1)," ori"),H12/D12<1,CONCATENATE(FIXED((H12/D12*100-100),1),"%"))} -> +16,7% | K12: =(H12-D12)/$D$26*100 -> 0.55163338
B13: VII. Materiale plastice, cauciuc şi articole din acestea | C13: 12.457634 | D13: 11.488465 | E13: 9.5590122 | F13: 10.86212 | G13: 9.3033248 | H13: 13.229044 | I13: =H13/$H$26 -> 0.019564125 | J13: {=_xlfn.IFS(H13/D13>=2,CONCATENATE("+de ",FIXED(H13/D13,1)," ori"),H13/D13>=1,CONCATENATE("+",FIXED((H13/D13-1)*100,1),"%"),H13/D13<0.5,CONCATENATE("-de ",FIXED(D13/H13,1)," ori"),H13/D13<1,CONCATENATE(FIXED((H13/D13*100-100),1),"%"))} -> +15,2% | K13: =(H13-D13)/$D$26*100 -> 0.31093309
B14: VIII. Piei brute, piei finite, piei cu blană şi produse din acestea | C14: 0.37536944 | D14: 0.49978425 | E14: 0.52335883 | F14: 0.66936426 | G14: 0.72540446 | H14: 0.8707674 | I14: =H14/$H$26 -> 0.0012877576 | J14: {=_xlfn.IFS(H14/D14>=2,CONCATENATE("+de ",FIXED(H14/D14,1)," ori"),H14/D14>=1,CONCATENATE("+",FIXED((H14/D14-1)*100,1),"%"),H14/D14<0.5,CONCATENATE("-de ",FIXED(D14/H14,1)," ori"),H14/D14<1,CONCATENATE(FIXED((H14/D14*100-100),1),"%"))} -> +74,2% | K14: =(H14-D14)/$D$26*100 -> 0.066271576
B15: IX. Lemn, cărbune de lemn şi articole din lemn | C15: 4.5457246 | D15: 5.0417564 | E15: 4.7286387 | F15: 4.3129926 | G15: 4.5166695 | H15: 5.8843403 | I15: =H15/$H$26 -> 0.0087022137 | J15: {=_xlfn.IFS(H15/D15>=2,CONCATENATE("+de ",FIXED(H15/D15,1)," ori"),H15/D15>=1,CONCATENATE("+",FIXED((H15/D15-1)*100,1),"%"),H15/D15<0.5,CONCATENATE("-de ",FIXED(D15/H15,1)," ori"),H15/D15<1,CONCATENATE(FIXED((H15/D15*100-100),1),"%"))} -> +16,7% | K15: =(H15-D15)/$D$26*100 -> 0.15051725
B16: X. Pastă din lemn sau din alte materiale fibroase celulozice | C16: 4.6953141 | D16: 5.9427819 | E16: 5.5337272 | F16: 5.4305069 | G16: 4.7493766 | H16: 4.9527264 | I16: =H16/$H$26 -> 0.0073244715 | J16: {=_xlfn.IFS(H16/D16>=2,CONCATENATE("+de ",FIXED(H16/D16,1)," ori"),H16/D16>=1,CONCATENATE("+",FIXED((H16/D16-1)*100,1),"%"),H16/D16<0.5,CONCATENATE("-de ",FIXED(D16/H16,1)," ori"),H16/D16<1,CONCATENATE(FIXED((H16/D16*100-100),1),"%"))} -> -16,7% | K16: =(H16-D16)/$D$26*100 -> -0.17686123
B17: XI. Materiale textile şi articole din aceste materiale | C17: 10.240909 | D17: 9.3914778 | E17: 8.6182567 | F17: 10.929224 | G17: 9.8347291 | H17: 10.553415 | I17: =H17/$H$26 -> 0.0156072 | J17: {=_xlfn.IFS(H17/D17>=2,CONCATENATE("+de ",FIXED(H17/D17,1)," ori"),H17/D17>=1,CONCATENATE("+",FIXED((H17/D17-1)*100,1),"%"),H17/D17<0.5,CONCATENATE("-de ",FIXED(D17/H17,1)," ori"),H17/D17<1,CONCATENATE(FIXED((H17/D17*100-100),1),"%"))} -> +12,4% | K17: =(H17-D17)/$D$26*100 -> 0.20756583
B18: XII. Încălţăminte, obiecte de acoperit capul, umbrele, bastoane, bice, părţi ale acestora; pene şi puf prelucrate şi articole din acestea; flori artificiale | C18: 1.1587157 | D18: 2.2937865 | E18: 3.1950308 | F18: 2.4177521 | G18: 2.8942612 | H18: 3.494031 | I18: =H18/$H$26 -> 0.005167241 | J18: {=_xlfn.IFS(H18/D18>=2,CONCATENATE("+de ",FIXED(H18/D18,1)," ori"),H18/D18>=1,CONCATENATE("+",FIXED((H18/D18-1)*100,1),"%"),H18/D18<0.5,CONCATENATE("-de ",FIXED(D18/H18,1)," ori"),H18/D18<1,CONCATENATE(FIXED((H18/D18*100-100),1),"%"))} -> +52,3% | K18: =(H18-D18)/$D$26*100 -> 0.21440892
... B26: Total | C26: 656.5979 | D26: 559.79226 | E26: 756.09632 | F26: 865.43771 | G26: 728.52982 | H26: 676.1889 | I26: =H26/$H$26 -> 1 | J26: {=_xlfn.IFS(H26/D26>=2,CONCATENATE("+de ",FIXED(H26/D26,1)," ori"),H26/D26>=1,CONCATENATE("+",FIXED((H26/D26-1)*100,1),"%"),H26/D26<0.5,CONCATENATE("-de ",FIXED(D26/H26,1)," ori"),H26/D26<1,CONCATENATE(FIXED((H26/D26*100-100),1),"%"))} -> +20,8% | K26: =(H26-D26)/$D$26*100 -> 20.792829
B27: * date revizuite
B28: ** gradul de influenţă la creşterea (+), scăderea (-) exportului de bunuri

Sheet c7
B2: Anexa 7. Importul de bunuri pe principalele categorii de mărfuri, conform balanței de plăți, pentru anul 2025 - trimestrul II 2026
C4: 2025 | G4: 2026 | I4: Ponderea Tr. II 2026 | J4: Tr. II 2026 / Tr. II 2025 | K4: Gradul de influenţă** (p.p.)
C5: Tr. I* | D5: Tr. II* | E5: Tr. III* | F5: Tr. IV* | G5: Tr. I* | H5: Tr. II
C6: milioane EUR
B7: I. Animale vii şi produse ale regnului animal | C7: 82.677301 | D7: 78.955792 | E7: 90.073668 | F7: 96.366022 | G7: 88.133598 | H7: 80.760017 | I7: =H7/$H$26 -> 0.034569311 | J7: {=_xlfn.IFS(H7/D7>=2,CONCATENATE("+de ",FIXED(H7/D7,1)," ori"),H7/D7>=1,CONCATENATE("+",FIXED((H7/D7-1)*100,1),"%"),H7/D7<0.5,CONCATENATE("-de ",FIXED(D7/H7,1)," ori"),H7/D7<1,CONCATENATE(FIXED((H7/D7*100-100),1),"%"))} -> +2,3% | K7: =(H7-D7)/$D$26*100 -> 0.08625464
B8: II. Produse ale regnului vegetal | C8: 147.56829 | D8: 98.722446 | E8: 66.020868 | F8: 99.262746 | G8: 144.28394 | H8: 133.1846 | I8: =H8/$H$26 -> 0.057009646 | J8: {=_xlfn.IFS(H8/D8>=2,CONCATENATE("+de ",FIXED(H8/D8,1)," ori"),H8/D8>=1,CONCATENATE("+",FIXED((H8/D8-1)*100,1),"%"),H8/D8<0.5,CONCATENATE("-de ",FIXED(D8/H8,1)," ori"),H8/D8<1,CONCATENATE(FIXED((H8/D8*100-100),1),"%"))} -> +34,9% | K8: =(H8-D8)/$D$26*100 -> 1.6475332
B9: III. Grăsimi şi uleiuri de origine animală sau vegetală, şi produse ale disocierii acestora | C9: 12.272979 | D9: 15.958337 | E9: 9.2906204 | F9: 12.095882 | G9: 11.100373 | H9: 11.30263 | I9: =H9/$H$26 -> 0.0048380887 | J9: {=_xlfn.IFS(H9/D9>=2,CONCATENATE("+de ",FIXED(H9/D9,1)," ori"),H9/D9>=1,CONCATENATE("+",FIXED((H9/D9-1)*100,1),"%"),H9/D9<0.5,CONCATENATE("-de ",FIXED(D9/H9,1)," ori"),H9/D9<1,CONCATENATE(FIXED((H9/D9*100-100),1),"%"))} -> -29,2% | K9: =(H9-D9)/$D$26*100 -> -0.22257547
B10: IV. Produse ale industriei alimentare; băuturi, lichide alcoolice şi oţet; tutun şi înlocuitori de tutun prelucrat | C10: 142.13371 | D10: 153.68372 | E10: 157.81616 | F10: 172.25151 | G10: 143.68884 | H10: 167.26988 | I10: =H10/$H$26 -> 0.071599844 | J10: {=_xlfn.IFS(H10/D10>=2,CONCATENATE("+de ",FIXED(H10/D10,1)," ori"),H10/D10>=1,CONCATENATE("+",FIXED((H10/D10-1)*100,1),"%"),H10/D10<0.5,CONCATENATE("-de ",FIXED(D10/H10,1)," ori"),H10/D10<1,CONCATENATE(FIXED((H10/D10*100-100),1),"%"))} -> +8,8% | K10: =(H10-D10)/$D$26*100 -> 0.64951409
B11: V. Produse minerale | C11: 494.62659 | D11: 340.07368 | E11: 389.35176 | F11: 501.97912 | G11: 484.97437 | H11: 460.61409 | I11: =H11/$H$26 -> 0.19716578 | J11: {=_xlfn.IFS(H11/D11>=2,CONCATENATE("+de ",FIXED(H11/D11,1)," ori"),H11/D11>=1,CONCATENATE("+",FIXED((H11/D11-1)*100,1),"%"),H11/D11<0.5,CONCATENATE("-de ",FIXED(D11/H11,1)," ori"),H11/D11<1,CONCATENATE(FIXED((H11/D11*100-100),1),"%"))} -> +35,4% | K11: =(H11-D11)/$D$26*100 -> 5.7626784
B12: VI. Produse ale industriei chimice | C12: 221.17766 | D12: 201.56907 | E12: 202.85887 | F12: 215.78044 | G12: 232.17755 | H12: 228.56387 | I12: =H12/$H$26 -> 0.097836723 | J12: {=_xlfn.IFS(H12/D12>=2,CONCATENATE("+de ",FIXED(H12/D12,1)," ori"),H12/D12>=1,CONCATENATE("+",FIXED((H12/D12-1)*100,1),"%"),H12/D12<0.5,CONCATENATE("-de ",FIXED(D12/H12,1)," ori"),H12/D12<1,CONCATENATE(FIXED((H12/D12*100-100),1),"%"))} -> +13,4% | K12: =(H12-D12)/$D$26*100 -> 1.2905409
B13: VII. Materiale plastice, cauciuc şi articole din acestea | C13: 89.840145 | D13: 103.87811 | E13: 112.30953 | F13: 98.075142 | G13: 85.047416 | H13: 111.60375 | I13: =H13/$H$26 -> 0.047771965 | J13: {=_xlfn.IFS(H13/D13>=2,CONCATENATE("+de ",FIXED(H13/D13,1)," ori"),H13/D13>=1,CONCATENATE("+",FIXED((H13/D13-1)*100,1),"%"),H13/D13<0.5,CONCATENATE("-de ",FIXED(D13/H13,1)," ori"),H13/D13<1,CONCATENATE(FIXED((H13/D13*100-100),1),"%"))} -> +7,4% | K13: =(H13-D13)/$D$26*100 -> 0.36933971
B14: VIII. Piei brute, piei finite, piei cu blană şi produse din acestea | C14: 7.8255463 | D14: 8.6441539 | E14: 9.2131999 | F14: 7.9406253 | G14: 7.9026609 | H14: 8.402015 | I14: =H14/$H$26 -> 0.003596481 | J14: {=_xlfn.IFS(H14/D14>=2,CONCATENATE("+de ",FIXED(H14/D14,1)," ori"),H14/D14>=1,CONCATENATE("+",FIXED((H14/D14-1)*100,1),"%"),H14/D14<0.5,CONCATENATE("-de ",FIXED(D14/H14,1)," ori"),H14/D14<1,CONCATENATE(FIXED((H14/D14*100-100),1),"%"))} -> -2,8% | K14: =(H14-D14)/$D$26*100 -> -0.01157594
B15: IX. Lemn, cărbune de lemn şi articole din lemn | C15: 33.811542 | D15: 39.002348 | E15: 47.255967 | F15: 40.577841 | G15: 32.514298 | H15: 44.187058 | I15: =H15/$H$26 -> 0.018914262 | J15: {=_xlfn.IFS(H15/D15>=2,CONCATENATE("+de ",FIXED(H15/D15,1)," ori"),H15/D15>=1,CONCATENATE("+",FIXED((H15/D15-1)*100,1),"%"),H15/D15<0.5,CONCATENATE("-de ",FIXED(D15/H15,1)," ori"),H15/D15<1,CONCATENATE(FIXED((H15/D15*100-100),1),"%"))} -> +13,3% | K15: =(H15-D15)/$D$26*100 -> 0.24786554
B16: X. Pastă din lemn sau din alte materiale fibroase celulozice | C16: 29.230989 | D16: 29.511975 | E16: 32.429853 | F16: 31.732261 | G16: 27.956429 | H16: 29.973862 | I16: =H16/$H$26 -> 0.012830306 | J16: {=_xlfn.IFS(H16/D16>=2,CONCATENATE("+de ",FIXED(H16/D16,1)," ori"),H16/D16>=1,CONCATENATE("+",FIXED((H16/D16-1)*100,1),"%"),H16/D16<0.5,CONCATENATE("-de ",FIXED(D16/H16,1)," ori"),H16/D16<1,CONCATENATE(FIXED((H16/D16*100-100),1),"%"))} -> +1,6% | K16: =(H16-D16)/$D$26*100 -> 0.022081438
B17: XI. Materiale textile şi articole din aceste materiale | C17: 74.382034 | D17: 72.335704 | E17: 84.032888 | F17: 76.493501 | G17: 71.53744 | H17: 74.110564 | I17: =H17/$H$26 -> 0.031723014 | J17: {=_xlfn.IFS(H17/D17>=2,CONCATENATE("+de ",FIXED(H17/D17,1)," ori"),H17/D17>=1,CONCATENATE("+",FIXED((H17/D17-1)*100,1),"%"),H17/D17<0.5,CONCATENATE("-de ",FIXED(D17/H17,1)," ori"),H17/D17<1,CONCATENATE(FIXED((H17/D17*100-100),1),"%"))} -> +2,5% | K17: =(H17-D17)/$D$26*100 -> 0.084850765
B18: XII. Încălţăminte, obiecte de acoperit capul, umbrele, bastoane, bice, părţi ale acestora; pene şi puf prelucrate şi articole din acestea; flori artificiale | C18: 17.025567 | D18: 14.857621 | E18: 17.210678 | F18: 15.11637 | G18: 14.125799 | H18: 13.225261 | I18: =H18/$H$26 -> 0.0056610705 | J18: {=_xlfn.IFS(H18/D18>=2,CONCATENATE("+de ",FIXED(H18/D18,1)," ori"),H18/D18>=1,CONCATENATE("+",FIXED((H18/D18-1)*100,1),"%"),H18/D18<0.5,CONCATENATE("-de ",FIXED(D18/H18,1)," ori"),H18/D18<1,CONCATENATE(FIXED((H18/D18*100-100),1),"%"))} -> -11,0% | K18: =(H18-D18)/$D$26*100 -> -0.078038263
... B26: Total | C26: 2214.1074 | D26: 2091.7429 | E26: 2178.7631 | F26: 2458.8385 | G26: 2187.7058 | H26: 2336.1767 | I26: =H26/$H$26 -> 1 | J26: {=_xlfn.IFS(H26/D26>=2,CONCATENATE("+de ",FIXED(H26/D26,1)," ori"),H26/D26>=1,CONCATENATE("+",FIXED((H26/D26-1)*100,1),"%"),H26/D26<0.5,CONCATENATE("-de ",FIXED(D26/H26,1)," ori"),H26/D26<1,CONCATENATE(FIXED((H26/D26*100-100),1),"%"))} -> +11,7% | K26: =(H26-D26)/$D$26*100 -> 11.68565
B27: *date revizuite
B28: ** gradul de influenţă la creşterea (+), scăderea (-) importului de bunuri

Sheet c8
B2: Anexa 8. Reexportul de bunuri, conform statisticii comerțului internațional cu bunuri (IMTS) fără bunurile pentru/după prelucrare, pe grupuri de ţări, pentru anul 2025 - trimestrul II 2026
C4: 2025 | G4: 2026 | I4: Ponderea Tr. II 2026 | J4: Tr. II 2026 / Tr. II 2025 | K4: Gradul de influenţă** (p.p.)
C5: Tr. I* | D5: Tr. II* | E5: Tr. III* | F5: Tr. IV* | G5: Tr. I* | H5: Tr. II
C6: milioane EUR
B7: Uniunea Europeană, dintre care: | C7: 31.545738 | D7: 36.788797 | E7: 36.184298 | F7: 33.49555 | G7: 29.503408 | H7: 33.843787 | I7: =H7/$H$43 -> 0.42704141 | J7: {=_xlfn.IFS(H7/D7>=2,CONCATENATE("+de ",FIXED(H7/D7,1)," ori"),H7/D7>=1,CONCATENATE("+",FIXED((H7/D7-1)*100,1),"%"),H7/D7<0.5,CONCATENATE("-de ",FIXED(D7/H7,1)," ori"),H7/D7<1,CONCATENATE(FIXED((H7/D7*100-100),1),"%"))} -> -8,0% | K7: =(H7-D7)/$D$43*100 -> -3.8099197
B8: România | C8: 11.894076 | D8: 12.131289 | E8: 12.468277 | F8: 12.93784 | G8: 10.738603 | H8: 12.007783 | I8: =H8/$H$43 -> 0.15151439 | J8: {=_xlfn.IFS(H8/D8>=2,CONCATENATE("+de ",FIXED(H8/D8,1)," ori"),H8/D8>=1,CONCATENATE("+",FIXED((H8/D8-1)*100,1),"%"),H8/D8<0.5,CONCATENATE("-de ",FIXED(D8/H8,1)," ori"),H8/D8<1,CONCATENATE(FIXED((H8/D8*100-100),1),"%"))} -> -1,0% | K8: =(H8-D8)/$D$43*100 -> -0.15977819
B9: Germania | C9: 4.6615753 | D9: 4.983145 | E9: 4.8227455 | F9: 5.1921847 | G9: 7.5199289 | H9: 7.3330523 | I9: =H9/$H$43 -> 0.092528564 | J9: {=_xlfn.IFS(H9/D9>=2,CONCATENATE("+de ",FIXED(H9/D9,1)," ori"),H9/D9>=1,CONCATENATE("+",FIXED((H9/D9-1)*100,1),"%"),H9/D9<0.5,CONCATENATE("-de ",FIXED(D9/H9,1)," ori"),H9/D9<1,CONCATENATE(FIXED((H9/D9*100-100),1),"%"))} -> +47,2% | K9: =(H9-D9)/$D$43*100 -> 3.0400441
B10: Bulgaria | C10: 0.58487946 | D10: 1.3882131 | E10: 2.3000439 | F10: 1.8013249 | G10: 0.73705509 | H10: 3.7056714 | I10: =H10/$H$43 -> 0.046758217 | J10: {=_xlfn.IFS(H10/D10>=2,CONCATENATE("+de ",FIXED(H10/D10,1)," ori"),H10/D10>=1,CONCATENATE("+",FIXED((H10/D10-1)*100,1),"%"),H10/D10<0.5,CONCATENATE("-de ",FIXED(D10/H10,1)," ori"),H10/D10<1,CONCATENATE(FIXED((H10/D10*100-100),1),"%"))} -> +de 2,7 ori | K10: =(H10-D10)/$D$43*100 -> 2.9980652
B11: Ungaria | C11: 1.7444178 | D11: 2.0367966 | E11: 2.3631251 | F11: 1.9624475 | G11: 2.0788089 | H11: 2.2478772 | I11: =H11/$H$43 -> 0.028363748 | J11: {=_xlfn.IFS(H11/D11>=2,CONCATENATE("+de ",FIXED(H11/D11,1)," ori"),H11/D11>=1,CONCATENATE("+",FIXED((H11/D11-1)*100,1),"%"),H11/D11<0.5,CONCATENATE("-de ",FIXED(D11/H11,1)," ori"),H11/D11<1,CONCATENATE(FIXED((H11/D11*100-100),1),"%"))} -> +10,4% | K11: =(H11-D11)/$D$43*100 -> 0.27307212
B12: Franța | C12: 0.64876717 | D12: 1.3623097 | E12: 0.9418103 | F12: 0.56347874 | G12: 2.272094 | H12: 2.2206553 | I12: =H12/$H$43 -> 0.028020261 | J12: {=_xlfn.IFS(H12/D12>=2,CONCATENATE("+de ",FIXED(H12/D12,1)," ori"),H12/D12>=1,CONCATENATE("+",FIXED((H12/D12-1)*100,1),"%"),H12/D12<0.5,CONCATENATE("-de ",FIXED(D12/H12,1)," ori"),H12/D12<1,CONCATENATE(FIXED((H12/D12*100-100),1),"%"))} -> +63,0% | K12: =(H12-D12)/$D$43*100 -> 1.1104303
B13: Italia | C13: 4.693629 | D13: 1.0894405 | E13: 1.0362393 | F13: 1.0294777 | G13: 1.1563013 | H13: 1.9621983 | I13: =H13/$H$43 -> 0.024759047 | J13: {=_xlfn.IFS(H13/D13>=2,CONCATENATE("+de ",FIXED(H13/D13,1)," ori"),H13/D13>=1,CONCATENATE("+",FIXED((H13/D13-1)*100,1),"%"),H13/D13<0.5,CONCATENATE("-de ",FIXED(D13/H13,1)," ori"),H13/D13<1,CONCATENATE(FIXED((H13/D13*100-100),1),"%"))} -> +80,1% | K13: =(H13-D13)/$D$43*100 -> 1.1290753
B14: Olanda | C14: 2.1695703 | D14: 3.1760318 | E14: 2.3830289 | F14: 4.3220578 | G14: 0.92346036 | H14: 0.91496734 | I14: =H14/$H$43 -> 0.011545072 | J14: {=_xlfn.IFS(H14/D14>=2,CONCATENATE("+de ",FIXED(H14/D14,1)," ori"),H14/D14>=1,CONCATENATE("+",FIXED((H14/D14-1)*100,1),"%"),H14/D14<0.5,CONCATENATE("-de ",FIXED(D14/H14,1)," ori"),H14/D14<1,CONCATENATE(FIXED((H14/D14*100-100),1),"%"))} -> -de 3,5 ori | K14: =(H14-D14)/$D$43*100 -> -2.9251092
B15: Cehia | C15: 2.5533765 | D15: 5.6328273 | E15: 2.2929582 | F15: 1.0691622 | G15: 0.73493397 | H15: 0.8665582 | I15: =H15/$H$43 -> 0.010934244 | J15: {=_xlfn.IFS(H15/D15>=2,CONCATENATE("+de ",FIXED(H15/D15,1)," ori"),H15/D15>=1,CONCATENATE("+",FIXED((H15/D15-1)*100,1),"%"),H15/D15<0.5,CONCATENATE("-de ",FIXED(D15/H15,1)," ori"),H15/D15<1,CONCATENATE(FIXED((H15/D15*100-100),1),"%"))} -> -de 6,5 ori | K15: =(H15-D15)/$D$43*100 -> -6.1660594
B16: Polonia | C16: 0.64837872 | D16: 1.3536985 | E16: 0.73181256 | F16: 1.0332839 | G16: 1.0835369 | H16: 0.80984372 | I16: =H16/$H$43 -> 0.01021862 | J16: {=_xlfn.IFS(H16/D16>=2,CONCATENATE("+de ",FIXED(H16/D16,1)," ori"),H16/D16>=1,CONCATENATE("+",FIXED((H16/D16-1)*100,1),"%"),H16/D16<0.5,CONCATENATE("-de ",FIXED(D16/H16,1)," ori"),H16/D16<1,CONCATENATE(FIXED((H16/D16*100-100),1),"%"))} -> -40,2% | K16: =(H16-D16)/$D$43*100 -> -0.70357778
B17: Lituania | C17: 0.47185537 | D17: 1.2160146 | E17: 1.6695293 | F17: 0.53173796 | G17: 0.26579129 | H17: 0.43390332 | I17: =H17/$H$43 -> 0.0054749986 | J17: {=_xlfn.IFS(H17/D17>=2,CONCATENATE("+de ",FIXED(H17/D17,1)," ori"),H17/D17>=1,CONCATENATE("+",FIXED((H17/D17-1)*100,1),"%"),H17/D17<0.5,CONCATENATE("-de ",FIXED(D17/H17,1)," ori"),H17/D17<1,CONCATENATE(FIXED((H17/D17*100-100),1),"%"))} -> -de 2,8 ori | K17: =(H17-D17)/$D$43*100 -> -1.011807
B18: Belgia | C18: 0.42952656 | D18: 0.80862043 | E18: 0.36246071 | F18: 0.79759367 | G18: 0.36426685 | H18: 0.39524379 | I18: =H18/$H$43 -> 0.004987192 | J18: {=_xlfn.IFS(H18/D18>=2,CONCATENATE("+de ",FIXED(H18/D18,1)," ori"),H18/D18>=1,CONCATENATE("+",FIXED((H18/D18-1)*100,1),"%"),H18/D18<0.5,CONCATENATE("-de ",FIXED(D18/H18,1)," ori"),H18/D18<1,CONCATENATE(FIXED((H18/D18*100-100),1),"%"))} -> -de 2,0 ori | K18: =(H18-D18)/$D$43*100 -> -0.5347799
... B21: Danemarca | C21: 0.06438384 | D21: 0.30862057 | E21: 0.24454516 | F21: 0.25645946 | G21: 0.19828808 | H21: 0.10539324 | I21: =H21/$H$43 -> 0.0013298535 | J21: {=_xlfn.IFS(H21/D21>=2,CONCATENATE("+de ",FIXED(H21/D21,1)," ori"),H21/D21>=1,CONCATENATE("+",FIXED((H21/D21-1)*100,1),"%"),H21/D21<0.5,CONCATENATE("-de ",FIXED(D21/H21,1)," ori"),H21/D21<1,CONCATENATE(FIXED((H21/D21*100-100),1),"%"))} -> -de 2,9 ori | K21: =(H21-D21)/$D$43*100 -> -0.26291251
B22: Alte ţări, dintre care: | C22: 46.821236 | D22: =D43-D7 -> 40.509665 | E22: 40.737787 | F22: =F43-F7 -> 55.936171 | G22: 40.049703 | H22: 45.407981 | I22: =H22/$H$43 -> 0.57295859 | J22: {=_xlfn.IFS(H22/D22>=2,CONCATENATE("+de ",FIXED(H22/D22,1)," ori"),H22/D22>=1,CONCATENATE("+",FIXED((H22/D22-1)*100,1),"%"),H22/D22<0.5,CONCATENATE("-de ",FIXED(D22/H22,1)," ori"),H22/D22<1,CONCATENATE(FIXED((H22/D22*100-100),1),"%"))} -> +12,1% | K22: =(H22-D22)/$D$43*100 -> 6.3368867
B23: Ucraina | C23: 33.683824 | D23: 23.486677 | E23: 26.918158 | F23: 42.417568 | G23: 28.705446 | H23: 28.118943 | I23: =H23/$H$43 -> 0.35480524 | J23: {=_xlfn.IFS(H23/D23>=2,CONCATENATE("+de ",FIXED(H23/D23,1)," ori"),H23/D23>=1,CONCATENATE("+",FIXED((H23/D23-1)*100,1),"%"),H23/D23<0.5,CONCATENATE("-de ",FIXED(D23/H23,1)," ori"),H23/D23<1,CONCATENATE(FIXED((H23/D23*100-100),1),"%"))} -> +19,7% | K23: =(H23-D23)/$D$43*100 -> 5.992701
B24: Turcia | C24: 3.7734675 | D24: 6.3853368 | E24: 3.7465784 | F24: 3.2858425 | G24: 2.6735457 | H24: 3.3589331 | I24: =H24/$H$43 -> 0.042383068 | J24: {=_xlfn.IFS(H24/D24>=2,CONCATENATE("+de ",FIXED(H24/D24,1)," ori"),H24/D24>=1,CONCATENATE("+",FIXED((H24/D24-1)*100,1),"%"),H24/D24<0.5,CONCATENATE("-de ",FIXED(D24/H24,1)," ori"),H24/D24<1,CONCATENATE(FIXED((H24/D24*100-100),1),"%"))} -> -47,4% | K24: =(H24-D24)/$D$43*100 -> -3.9152185
B25: Belarus | C25: 1.4969255 | D25: 0.98737241 | E25: 0.98804923 | F25: 1.9722038 | G25: 2.250004 | H25: 2.2019931 | I25: =H25/$H$43 -> 0.027784782 | J25: {=_xlfn.IFS(H25/D25>=2,CONCATENATE("+de ",FIXED(H25/D25,1)," ori"),H25/D25>=1,CONCATENATE("+",FIXED((H25/D25-1)*100,1),"%"),H25/D25<0.5,CONCATENATE("-de ",FIXED(D25/H25,1)," ori"),H25/D25<1,CONCATENATE(FIXED((H25/D25*100-100),1),"%"))} -> +de 2,2 ori | K25: =(H25-D25)/$D$43*100 -> 1.5713388
B26: Rusia | C26: 0.84008903 | D26: 2.529145 | E26: 1.8879719 | F26: 2.1586243 | G26: 1.1040553 | H26: 1.6659168 | I26: =H26/$H$43 -> 0.021020563 | J26: {=_xlfn.IFS(H26/D26>=2,CONCATENATE("+de ",FIXED(H26/D26,1)," ori"),H26/D26>=1,CONCATENATE("+",FIXED((H26/D26-1)*100,1),"%"),H26/D26<0.5,CONCATENATE("-de ",FIXED(D26/H26,1)," ori"),H26/D26<1,CONCATENATE(FIXED((H26/D26*100-100),1),"%"))} -> -34,1% | K26: =(H26-D26)/$D$43*100 -> -1.1167469
B27: Kazahstan | C27: 0.04234252 | D27: 1.3500143 | E27: 1.5762033 | F27: 0.50128221 | G27: 0.15844331 | H27: 1.1491233 | I27: =H27/$H$43 -> 0.014499655 | J27: {=_xlfn.IFS(H27/D27>=2,CONCATENATE("+de ",FIXED(H27/D27,1)," ori"),H27/D27>=1,CONCATENATE("+",FIXED((H27/D27-1)*100,1),"%"),H27/D27<0.5,CONCATENATE("-de ",FIXED(D27/H27,1)," ori"),H27/D27<1,CONCATENATE(FIXED((H27/D27*100-100),1),"%"))} -> -14,9% | K27: =(H27-D27)/$D$43*100 -> -0.25989
B28: Kârgâzstan | C28: 0.60273227 | D28: 0.34147293 | E28: 0.38390997 | F28: 0.02983408 | G28: 0.0141462 | H28: 0.99086298 | I28: =H28/$H$43 -> 0.012502724 | J28: {=_xlfn.IFS(H28/D28>=2,CONCATENATE("+de ",FIXED(H28/D28,1)," ori"),H28/D28>=1,CONCATENATE("+",FIXED((H28/D28-1)*100,1),"%"),H28/D28<0.5,CONCATENATE("-de ",FIXED(D28/H28,1)," ori"),H28/D28<1,CONCATENATE(FIXED((H28/D28*100-100),1),"%"))} -> +de 2,9 ori | K28: =(H28-D28)/$D$43*100 -> 0.84010734
B29: Uganda | C29: 0.0006932 | D29: 0 | E29: 0.00063331 | F29: 0.00398731 | G29: 0 | H29: 0.95390194 | I29: =H29/$H$43 -> 0.012036349 | K29: =(H29-D29)/$D$43*100 -> 1.2340503
B30: SUA | C30: 1.042576 | D30: 1.7831449 | E30: 0.64528548 | F30: 0.08595845 | G30: 0.13092465 | H30: 0.93407642 | I30: =H30/$H$43 -> 0.01178619 | J30: {=_xlfn.IFS(H30/D30>=2,CONCATENATE("+de ",FIXED(H30/D30,1)," ori"),H30/D30>=1,CONCATENATE("+",FIXED((H30/D30-1)*100,1),"%"),H30/D30<0.5,CONCATENATE("-de ",FIXED(D30/H30,1)," ori"),H30/D30<1,CONCATENATE(FIXED((H30/D30*100-100),1),"%"))} -> -47,6% | K30: =(H30-D30)/$D$43*100 -> -1.0984287
B31: Hong-Kong | C31: 0.60055538 | D31: 0.16942617 | E31: 0.91738194 | F31: 0.54295793 | G31: 0.20387437 | H31: 0.88870192 | I31: =H31/$H$43 -> 0.011213654 | J31: {=_xlfn.IFS(H31/D31>=2,CONCATENATE("+de ",FIXED(H31/D31,1)," ori"),H31/D31>=1,CONCATENATE("+",FIXED((H31/D31-1)*100,1),"%"),H31/D31<0.5,CONCATENATE("-de ",FIXED(D31/H31,1)," ori"),H31/D31<1,CONCATENATE(FIXED((H31/D31*100-100),1),"%"))} -> +de 5,2 ori | K31: =(H31-D31)/$D$43*100 -> 0.93051754
B32: Irak | C32: 0.05228973 | D32: 0 | E32: 0.0427296 | F32: 0 | G32: 0.01551773 | H32: 0.67315409 | I32: =H32/$H$43 -> 0.0084938684 | K32: =(H32-D32)/$D$43*100 -> 0.87085056
B33: Republica Serbia | C33: 0.31556402 | D33: 0.12807904 | E33: 0.34633529 | F33: 0.10181933 | G33: 0.31603861 | H33: 0.63060857 | I33: =H33/$H$43 -> 0.0079570284 | J33: {=_xlfn.IFS(H33/D33>=2,CONCATENATE("+de ",FIXED(H33/D33,1)," ori"),H33/D33>=1,CONCATENATE("+",FIXED((H33/D33-1)*100,1),"%"),H33/D33<0.5,CONCATENATE("-de ",FIXED(D33/H33,1)," ori"),H33/D33<1,CONCATENATE(FIXED((H33/D33*100-100),1),"%"))} -> +de 4,9 ori | K33: =(H33-D33)/$D$43*100 -> 0.65011582
B34: Emiratele Arabe Unite | C34: 0.00670254 | D34: 0.0448817 | E34: 0.32938651 | F34: 0.51840176 | G34: 0.17326209 | H34: 0.61157335 | I34: =H34/$H$43 -> 0.0077168417 | J34: {=_xlfn.IFS(H34/D34>=2,CONCATENATE("+de ",FIXED(H34/D34,1)," ori"),H34/D34>=1,CONCATENATE("+",FIXED((H34/D34-1)*100,1),"%"),H34/D34<0.5,CONCATENATE("-de ",FIXED(D34/H34,1)," ori"),H34/D34<1,CONCATENATE(FIXED((H34/D34*100-100),1),"%"))} -> +de 13,6 ori | K34: =(H34-D34)/$D$43*100 -> 0.73312151
B35: Elveția | C35: 0.60780576 | D35: 0.2188848 | E35: 0.57276349 | F35: 0.6670897 | G35: 0.62037579 | H35: 0.51775484 | I35: =H35/$H$43 -> 0.0065330383 | J35: {=_xlfn.IFS(H35/D35>=2,CONCATENATE("+de ",FIXED(H35/D35,1)," ori"),H35/D35>=1,CONCATENATE("+",FIXED((H35/D35-1)*100,1),"%"),H35/D35<0.5,CONCATENATE("-de ",FIXED(D35/H35,1)," ori"),H35/D35<1,CONCATENATE(FIXED((H35/D35*100-100),1),"%"))} -> +de 2,4 ori | K35: =(H35-D35)/$D$43*100 -> 0.38664423
B36: Uzbekistan | C36: 0 | D36: 0 | E36: 0.05134026 | F36: 0.30507469 | G36: 0.28523326 | H36: 0.43818852 | I36: =H36/$H$43 -> 0.0055290693 | K36: =(H36-D36)/$D$43*100 -> 0.5668787
B37: Georgia | C37: 0.66514214 | D37: 1.2922672 | E37: 0.93494101 | F37: 1.2625327 | G37: 1.4654211 | H37: 0.43702882 | I37: =H37/$H$43 -> 0.0055144362 | J37: {=_xlfn.IFS(H37/D37>=2,CONCATENATE("+de ",FIXED(H37/D37,1)," ori"),H37/D37>=1,CONCATENATE("+",FIXED((H37/D37-1)*100,1),"%"),H37/D37<0.5,CONCATENATE("-de ",FIXED(D37/H37,1)," ori"),H37/D37<1,CONCATENATE(FIXED((H37/D37*100-100),1),"%"))} -> -de 3,0 ori | K37: =(H37-D37)/$D$43*100 -> -1.1064106
B38: Japonia | C38: 0.41546516 | D38: 0.39106084 | E38: 0.20205965 | F38: 0.36880588 | G38: 0.18074463 | H38: 0.38880829 | I38: =H38/$H$43 -> 0.0049059888 | J38: {=_xlfn.IFS(H38/D38>=2,CONCATENATE("+de ",FIXED(H38/D38,1)," ori"),H38/D38>=1,CONCATENATE("+",FIXED((H38/D38-1)*100,1),"%"),H38/D38<0.5,CONCATENATE("-de ",FIXED(D38/H38,1)," ori"),H38/D38<1,CONCATENATE(FIXED((H38/D38*100-100),1),"%"))} -> -0,6% | K38: =(H38-D38)/$D$43*100 -> -0.0029140942
B39: China | C39: 0.15088188 | D39: 0.13594573 | E39: 0.1913999 | F39: 0.31625305 | G39: 0.24841594 | H39: 0.37403158 | I39: =H39/$H$43 -> 0.0047195361 | J39: {=_xlfn.IFS(H39/D39>=2,CONCATENATE("+de ",FIXED(H39/D39,1)," ori"),H39/D39>=1,CONCATENATE("+",FIXED((H39/D39-1)*100,1),"%"),H39/D39<0.5,CONCATENATE("-de ",FIXED(D39/H39,1)," ori"),H39/D39<1,CONCATENATE(FIXED((H39/D39*100-100),1),"%"))} -> +de 2,8 ori | K39: =(H39-D39)/$D$43*100 -> 0.30800852
B40: Armenia | C40: 0.51072163 | D40: 0.08839385 | E40: 0.43087836 | F40: 0.30453656 | G40: 0.33844474 | H40: 0.34375064 | I40: =H40/$H$43 -> 0.0043374507 | J40: {=_xlfn.IFS(H40/D40>=2,CONCATENATE("+de ",FIXED(H40/D40,1)," ori"),H40/D40>=1,CONCATENATE("+",FIXED((H40/D40-1)*100,1),"%"),H40/D40<0.5,CONCATENATE("-de ",FIXED(D40/H40,1)," ori"),H40/D40<1,CONCATENATE(FIXED((H40/D40*100-100),1),"%"))} -> +de 3,9 ori | K40: =(H40-D40)/$D$43*100 -> 0.33035171
B41: Israel | C41: 0.0326852 | D41: 0.00435701 | E41: 0.00489961 | F41: 0.0485436 | G41: 0.04382252 | H41: 0.28257073 | I41: =H41/$H$43 -> 0.0035654817 | J41: {=_xlfn.IFS(H41/D41>=2,CONCATENATE("+de ",FIXED(H41/D41,1)," ori"),H41/D41>=1,CONCATENATE("+",FIXED((H41/D41-1)*100,1),"%"),H41/D41<0.5,CONCATENATE("-de ",FIXED(D41/H41,1)," ori"),H41/D41<1,CONCATENATE(FIXED((H41/D41*100-100),1),"%"))} -> +de 64,9 ori | K41: =(H41-D41)/$D$43*100 -> 0.35992142
B42: Marea Britanie | C42: 0.35281416 | D42: 0.23735863 | E42: 0.07233564 | F42: 0.08138882 | G42: 0.05208835 | H42: 0.2137268 | I42: =H42/$H$43 -> 0.002696808 | J42: {=_xlfn.IFS(H42/D42>=2,CONCATENATE("+de ",FIXED(H42/D42,1)," ori"),H42/D42>=1,CONCATENATE("+",FIXED((H42/D42-1)*100,1),"%"),H42/D42<0.5,CONCATENATE("-de ",FIXED(D42/H42,1)," ori"),H42/D42<1,CONCATENATE(FIXED((H42/D42*100-100),1),"%"))} -> -10,0% | K42: =(H42-D42)/$D$43*100 -> -0.030572187
B43: Total | C43: 78.366974 | D43: 77.298462 | E43: 76.922085 | F43: 89.431722 | G43: 69.553112 | H43: 79.251769 | I43: =H43/$H$43 -> 1 | J43: {=_xlfn.IFS(H43/D43>=2,CONCATENATE("+de ",FIXED(H43/D43,1)," ori"),H43/D43>=1,CONCATENATE("+",FIXED((H43/D43-1)*100,1),"%"),H43/D43<0.5,CONCATENATE("-de ",FIXED(D43/H43,1)," ori"),H43/D43<1,CONCATENATE(FIXED((H43/D43*100-100),1),"%"))} -> +2,5% | K43: =(H43-D43)/$D$43*100 -> 2.526967
B44: * date revizuite
B45: ** gradul de influenţă la creşterea (+), scăderea (-) reexportului de bunuri

Sheet c9
B2: Anexa 9. Reexportul de bunuri, conform statisticii comerțului internațional cu bunuri (IMTS) fără bunurile pentru/după prelucrare, pe categorii de mărfuri, pentru anul 2025 - trimestrul II 2026
C4: 2025 | G4: 2026 | I4: Ponderea Tr. II 2026 | J4: Tr. II 2026 / Tr. II 2025 | K4: Gradul de influenţă** (p.p.)
C5: Tr. I* | D5: Tr. II* | E5: Tr. III* | F5: Tr. IV* | G5: Tr. I* | H5: Tr. II
C6: milioane EUR
B7: I. Animale vii şi produse ale regnului animal | C7: 0.01231543 | D7: 0.06168709 | E7: 0 | F7: 0.10312563 | G7: 0 | H7: 0 | I7: =H7/$H$26*100 -> 0 | K7: =(H7-D7)/$D$26*100 -> -0.079803774
B8: II. Produse ale regnului vegetal | C8: 5.2000902 | D8: 4.9402321 | E8: 4.0060567 | F8: 5.8323908 | G8: 7.961148 | H8: 7.3975624 | I8: =H8/$H$26 -> 0.093342553 | J8: {=_xlfn.IFS(H8/D8>=2,CONCATENATE("+de ",FIXED(H8/D8,1)," ori"),H8/D8>=1,CONCATENATE("+",FIXED((H8/D8-1)*100,1),"%"),H8/D8<0.5,CONCATENATE("-de ",FIXED(D8/H8,1)," ori"),H8/D8<1,CONCATENATE(FIXED((H8/D8*100-100),1),"%"))} -> +49,7% | K8: =(H8-D8)/$D$26*100 -> 3.1790158
B9: III. Grăsimi şi uleiuri de origine animală sau vegetală, şi produse ale disocierii acestora | C9: 3.7288367 | D9: 4.9990519 | E9: 4.8366251 | F9: 1.9375345 | G9: 0 | H9: 2.6640035 | I9: =H9/$H$26 -> 0.033614436 | J9: {=_xlfn.IFS(H9/D9>=2,CONCATENATE("+de ",FIXED(H9/D9,1)," ori"),H9/D9>=1,CONCATENATE("+",FIXED((H9/D9-1)*100,1),"%"),H9/D9<0.5,CONCATENATE("-de ",FIXED(D9/H9,1)," ori"),H9/D9<1,CONCATENATE(FIXED((H9/D9*100-100),1),"%"))} -> -46,7% | K9: =(H9-D9)/$D$26*100 -> -3.0208212
B10: IV. Produse ale industriei alimentare; băuturi, lichide alcoolice şi oţet; tutun şi înlocuitori de tutun prelucrat | C10: 1.108642 | D10: 1.705807 | E10: 1.156826 | F10: 1.1626156 | G10: 2.4561277 | H10: 3.6804903 | I10: =H10/$H$26 -> 0.046440482 | J10: {=_xlfn.IFS(H10/D10>=2,CONCATENATE("+de ",FIXED(H10/D10,1)," ori"),H10/D10>=1,CONCATENATE("+",FIXED((H10/D10-1)*100,1),"%"),H10/D10<0.5,CONCATENATE("-de ",FIXED(D10/H10,1)," ori"),H10/D10<1,CONCATENATE(FIXED((H10/D10*100-100),1),"%"))} -> +de 2,2 ori | K10: =(H10-D10)/$D$26*100 -> 2.5546218
B11: V. Produse minerale | C11: 23.057063 | D11: 13.828613 | E11: 18.253974 | F11: 33.667859 | G11: 21.985713 | H11: 19.351294 | I11: =H11/$H$26 -> 0.24417492 | J11: {=_xlfn.IFS(H11/D11>=2,CONCATENATE("+de ",FIXED(H11/D11,1)," ori"),H11/D11>=1,CONCATENATE("+",FIXED((H11/D11-1)*100,1),"%"),H11/D11<0.5,CONCATENATE("-de ",FIXED(D11/H11,1)," ori"),H11/D11<1,CONCATENATE(FIXED((H11/D11*100-100),1),"%"))} -> +39,9% | K11: =(H11-D11)/$D$26*100 -> 7.1446201
B12: VI. Produse ale industriei chimice | C12: 4.875114 | D12: 7.1955918 | E12: 9.321544 | F12: 8.3812977 | G12: 7.2581461 | H12: 7.3072333 | I12: =H12/$H$26 -> 0.092202779 | J12: {=_xlfn.IFS(H12/D12>=2,CONCATENATE("+de ",FIXED(H12/D12,1)," ori"),H12/D12>=1,CONCATENATE("+",FIXED((H12/D12-1)*100,1),"%"),H12/D12<0.5,CONCATENATE("-de ",FIXED(D12/H12,1)," ori"),H12/D12<1,CONCATENATE(FIXED((H12/D12*100-100),1),"%"))} -> +1,6% | K12: =(H12-D12)/$D$26*100 -> 0.14442917
B13: VII. Materiale plastice, cauciuc şi articole din acestea | C13: 1.6289332 | D13: 1.3874895 | E13: 1.7084457 | F13: 2.1807735 | G13: 2.0089059 | H13: 2.1193393 | I13: =H13/$H$26 -> 0.026741855 | J13: {=_xlfn.IFS(H13/D13>=2,CONCATENATE("+de ",FIXED(H13/D13,1)," ori"),H13/D13>=1,CONCATENATE("+",FIXED((H13/D13-1)*100,1),"%"),H13/D13<0.5,CONCATENATE("-de ",FIXED(D13/H13,1)," ori"),H13/D13<1,CONCATENATE(FIXED((H13/D13*100-100),1),"%"))} -> +52,7% | K13: =(H13-D13)/$D$26*100 -> 0.94678439
B14: VIII. Piei brute, piei finite, piei cu blană şi produse din acestea | C14: 0.07030408 | D14: 0.15957834 | E14: 0.11822239 | F14: 0.20589042 | G14: 0.23795647 | H14: 0.21368393 | I14: =H14/$H$26 -> 0.002696267 | J14: {=_xlfn.IFS(H14/D14>=2,CONCATENATE("+de ",FIXED(H14/D14,1)," ori"),H14/D14>=1,CONCATENATE("+",FIXED((H14/D14-1)*100,1),"%"),H14/D14<0.5,CONCATENATE("-de ",FIXED(D14/H14,1)," ori"),H14/D14<1,CONCATENATE(FIXED((H14/D14*100-100),1),"%"))} -> +33,9% | K14: =(H14-D14)/$D$26*100 -> 0.069995688
B15: IX. Lemn, cărbune de lemn şi articole din lemn | C15: 0.09029742 | D15: 0.13919215 | E15: 0.18470191 | F15: 0.25022522 | G15: 0.1045509 | H15: 0.11224034 | I15: =H15/$H$26 -> 0.0014162503 | J15: {=_xlfn.IFS(H15/D15>=2,CONCATENATE("+de ",FIXED(H15/D15,1)," ori"),H15/D15>=1,CONCATENATE("+",FIXED((H15/D15-1)*100,1),"%"),H15/D15<0.5,CONCATENATE("-de ",FIXED(D15/H15,1)," ori"),H15/D15<1,CONCATENATE(FIXED((H15/D15*100-100),1),"%"))} -> -19,4% | K15: =(H15-D15)/$D$26*100 -> -0.034867201
B16: X. Pastă din lemn sau din alte materiale fibroase celulozice | C16: 0.43777908 | D16: 0.66543214 | E16: 0.43732079 | F16: 0.44351761 | G16: 0.3816888 | H16: 0.42910965 | I16: =H16/$H$26 -> 0.005414512 | J16: {=_xlfn.IFS(H16/D16>=2,CONCATENATE("+de ",FIXED(H16/D16,1)," ori"),H16/D16>=1,CONCATENATE("+",FIXED((H16/D16-1)*100,1),"%"),H16/D16<0.5,CONCATENATE("-de ",FIXED(D16/H16,1)," ori"),H16/D16<1,CONCATENATE(FIXED((H16/D16*100-100),1),"%"))} -> -35,5% | K16: =(H16-D16)/$D$26*100 -> -0.30572729
B17: XI. Materiale textile şi articole din aceste materiale | C17: 0.76311496 | D17: 0.51919793 | E17: 0.7727066 | F17: 0.70094622 | G17: 0.98548555 | H17: 1.0676686 | I17: =H17/$H$26 -> 0.013471858 | J17: {=_xlfn.IFS(H17/D17>=2,CONCATENATE("+de ",FIXED(H17/D17,1)," ori"),H17/D17>=1,CONCATENATE("+",FIXED((H17/D17-1)*100,1),"%"),H17/D17<0.5,CONCATENATE("-de ",FIXED(D17/H17,1)," ori"),H17/D17<1,CONCATENATE(FIXED((H17/D17*100-100),1),"%"))} -> +de 2,1 ori | K17: =(H17-D17)/$D$26*100 -> 0.70954928
B18: XII. Încalţaminte, obiecte de acoperit capul, umbrele, bastoane, bice, părţi ale acestora; pene şi puf prelucrate şi articole din acestea; flori artificiale | C18: 0.13699825 | D18: 0.87359539 | E18: 1.4430442 | F18: 0.33849583 | G18: 0.52095315 | H18: 0.77560262 | I18: =H18/$H$26 -> 0.0097865654 | J18: {=_xlfn.IFS(H18/D18>=2,CONCATENATE("+de ",FIXED(H18/D18,1)," ori"),H18/D18>=1,CONCATENATE("+",FIXED((H18/D18-1)*100,1),"%"),H18/D18<0.5,CONCATENATE("-de ",FIXED(D18/H18,1)," ori"),H18/D18<1,CONCATENATE(FIXED((H18/D18*100-100),1),"%"))} -> -11,2% | K18: =(H18-D18)/$D$26*100 -> -0.12677195
B19: XIII. Articole din piatră, ceramică, sticlă | C19: 0.39359606 | D19: 0.87278855 | E19: 0.89955673 | F19: 0.869171 | G19: 0.88740037 | H19: 1.6670377 | I19: =H19/$H$26 -> 0.021034707 | J19: {=_xlfn.IFS(H19/D19>=2,CONCATENATE("+de ",FIXED(H19/D19,1)," ori"),H19/D19>=1,CONCATENATE("+",FIXED((H19/D19-1)*100,1),"%"),H19/D19<0.5,CONCATENATE("-de ",FIXED(D19/H19,1)," ori"),H19/D19<1,CONCATENATE(FIXED((H19/D19*100-100),1),"%"))} -> +91,0% | K19: =(H19-D19)/$D$26*100 -> 1.0275097
... B24: XVIII. Instrumente şi aparate optice, fotografice sau cinematografice, de măsură, de control sau de precizie; instrumente şi aparate medico-chirurgicale; ceasornicărie; instrumente muzicale; părţi şi accesorii ale acestora | C24: 3.1982986 | D24: 2.0399256 | E24: 2.1726561 | F24: 2.8156402 | G24: 1.2451983 | H24: 2.3477902 | I24: =H24/$H$26 -> 0.029624452 | J24: {=_xlfn.IFS(H24/D24>=2,CONCATENATE("+de ",FIXED(H24/D24,1)," ori"),H24/D24>=1,CONCATENATE("+",FIXED((H24/D24-1)*100,1),"%"),H24/D24<0.5,CONCATENATE("-de ",FIXED(D24/H24,1)," ori"),H24/D24<1,CONCATENATE(FIXED((H24/D24*100-100),1),"%"))} -> +15,1% | K24: =(H24-D24)/$D$26*100 -> 0.39828032
B25: Altele | C25: 1.2099847 | D25: =D26-SUM(D7:D24) -> 1.5108289 | E25: 1.533965 | F25: 1.563491 | G25: =G26-SUM(G7:G24) -> 0.31057679 | H25: =H26-SUM(H7:H24) -> 0.78486937 | I25: =H25/$H$26 -> 0.0099034934 | J25: {=_xlfn.IFS(H25/D25>=2,CONCATENATE("+de ",FIXED(H25/D25,1)," ori"),H25/D25>=1,CONCATENATE("+",FIXED((H25/D25-1)*100,1),"%"),H25/D25<0.5,CONCATENATE("-de ",FIXED(D25/H25,1)," ori"),H25/D25<1,CONCATENATE(FIXED((H25/D25*100-100),1),"%"))} -> -48,1% | K25: =(H25-D25)/$D$26*100 -> -0.93916427
B26: Total | C26: 78.366974 | D26: 77.298462 | E26: 76.922085 | F26: 89.431722 | G26: 69.553112 | H26: 79.251769 | I26: =H26/$H$26 -> 1 | J26: {=_xlfn.IFS(H26/D26>=2,CONCATENATE("+de ",FIXED(H26/D26,1)," ori"),H26/D26>=1,CONCATENATE("+",FIXED((H26/D26-1)*100,1),"%"),H26/D26<0.5,CONCATENATE("-de ",FIXED(D26/H26,1)," ori"),H26/D26<1,CONCATENATE(FIXED((H26/D26*100-100),1),"%"))} -> +2,5% | K26: =(H26-D26)/$D$26*100 -> 2.526967
B27: * date revizuite
B28: ** gradul de influenţă la creşterea (+), scăderea (-) reexportului de bunuri

Sheet c10
B2: Anexa 10. Comerțul cu servicii conform clasificatorului EBOPS pentru perioada trimestrul II 2025 - tr. II 2026
U3: milioane EUR
D4: Tr. I 2025* | G4: Tr. II 2025* | J4: Tr. III 2025* | M4: Tr. IV 2025* | P4: Tr. I 2026* | S4: Tr. II 2026
D5: credit | E5: debit | F5: net | G5: credit | H5: debit | I5: net | J5: credit | K5: debit | L5: net | M5: credit | N5: debit | O5: net | P5: credit | Q5: debit | R5: net | S5: credit | T5: debit | U5: net
B6: 1.A.b | C6: Servicii | D6: 585.47764 | E6: 397.94984 | F6: 187.5278 | G6: 698.22478 | H6: 486.38692 | I6: 211.83787 | J6: 774.61501 | K6: 529.86666 | L6: 244.74835 | M6: 761.37294 | N6: 493.92803 | O6: 267.44491 | P6: 681.84188 | Q6: 421.05724 | R6: 260.78464 | S6: 790.655 | T6: 477.81507 | U6: 312.83994
B7: 1.A.b.1 | C7: Servicii de prelucrare a materiei prime aflate în proprietatea terților | D7: 48.899261 | E7: 1.8298514 | F7: 47.06941 | G7: 61.422606 | H7: 2.1644456 | I7: 59.25816 | J7: 54.42584 | K7: 1.4500145 | L7: 52.975825 | M7: 59.35914 | N7: 1.6657989 | O7: 57.693341 | P7: 56.238661 | Q7: 1.4873482 | R7: 54.751313 | S7: 56.401303 | T7: 2.0709847 | U7: 54.330318
B8: 1.A.b.1.1 | C8: Bunuri prelucrate în economia raportoare – bunuri expediate după prelucrare (Ct), bunuri primite pentru prelucrare (Dt) | D8: 128.1558 | E8: 88.72966 | F8: 39.426141 | G8: 150.05195 | H8: 99.239754 | I8: 50.812193 | J8: 136.89289 | K8: 85.558189 | L8: 51.334703 | M8: 144.06773 | N8: 87.821434 | O8: 56.246297 | P8: 136.01325 | Q8: 91.563731 | R8: 44.44952 | S8: 144.07274 | T8: 100.54926 | U8: 43.523486
B9: 1.A.b.1.2 | C9: Bunuri prelucrate în străinătate – bunuri expediate pentru prelucrare (Ct), bunuri primite după prelucrare (Dt) | D9: 0.34675781 | E9: 1.7278577 | F9: -1.3810999 | G9: 1.2715554 | H9: 2.044887 | I9: -0.77333163 | J9: 1.1718003 | K9: 1.3801782 | L9: -0.20837796 | M9: 0.96505559 | N9: 1.5740227 | O9: -0.6089671 | P9: 0.21759194 | Q9: 1.4081645 | R9: -1.1905726 | S9: 1.2902417 | T9: 1.9598704 | U9: -0.66962877
B10: 1.A.b.2 | C10: Servicii de întreţinere şi de reparaţii (n.a.p.) | D10: 2.002146 | E10: 2.7750432 | F10: -0.77289729 | G10: 1.8733591 | H10: 4.5287315 | I10: -2.6553724 | J10: 2.2799984 | K10: 4.9394314 | L10: -2.6594331 | M10: 1.886297 | N10: 1.8161079 | O10: 0.07018906 | P10: 2.8044259 | Q10: 2.9209031 | R10: -0.11647721 | S10: 2.0548523 | T10: 2.7808463 | U10: -0.72599398
B11: 1.A.b.3 | C11: Transport | D11: 101.0504 | E11: 148.1492 | F11: -47.098798 | G11: 130.07051 | H11: 173.8771 | I11: -43.806593 | J11: 153.63507 | K11: 178.8039 | L11: -25.168834 | M11: 155.99155 | N11: 166.89746 | O11: -10.90591 | P11: 133.40568 | Q11: 147.45599 | R11: -14.050311 | S11: 147.87568 | T11: 171.64404 | U11: -23.768363
B12: 1.A.b.3.1 | C12: Transport maritim | D12: 2.7102998 | E12: 27.15173 | F12: -24.44143 | G12: 2.5321186 | H12: 21.7276 | I12: -19.195481 | J12: 2.3201407 | K12: 23.991678 | L12: -21.671538 | M12: 3.37463 | N12: 29.774092 | O12: -26.399462 | P12: 3.3696935 | Q12: 29.36112 | R12: -25.991427 | S12: 4.0491222 | T12: 30.966257 | U12: -26.917135
B13: 1.A.b.3.1.1 | C13: Pasageri | D13: 0 | E13: 0.00385812 | F13: -0.00385812 | G13: 0.00193039 | H13: 0 | I13: 0.00193039 | J13: 0.00034947 | K13: 0.00133376 | L13: -0.00098429 | M13: 0.00046466 | N13: 0.0114004 | O13: -0.01093573 | P13: 0 | Q13: 0 | R13: 0 | S13: 0 | T13: 0.00224686 | U13: -0.00224686
B14: 1.A.b.3.1.2 | C14: Mărfuri | D14: 1.1919876 | E14: 23.25801 | F14: -22.066022 | G14: 0.92123189 | H14: 18.232778 | I14: -17.311546 | J14: 0.73529182 | K14: 20.022996 | L14: -19.287704 | M14: 0.98054935 | N14: 23.785001 | O14: -22.804451 | P14: 1.2656833 | Q14: 24.582046 | R14: -23.316363 | S14: 1.8609084 | T14: 24.860237 | U14: -22.999329
B15: 1.A.b.3.1.3 | C15: Altele | D15: 1.5183122 | E15: 3.889862 | F15: -2.3715499 | G15: 1.6089563 | H15: 3.4948217 | I15: -1.8858655 | J15: 1.5844994 | K15: 3.9673489 | L15: -2.3828495 | M15: 2.393616 | N15: 5.9776908 | O15: -3.5840748 | P15: 2.1040101 | Q15: 4.779074 | R15: -2.6750639 | S15: 2.1882139 | T15: 6.1037729 | U15: -3.915559
B16: 1.A.b.3.2 | C16: Transport aerian | D16: 38.452234 | E16: 45.405175 | F16: -6.9529417 | G16: 57.704384 | H16: 78.633132 | I16: -20.928747 | J16: 69.065135 | K16: 81.182674 | L16: -12.117539 | M16: 64.722224 | N16: 51.21959 | O16: 13.502634 | P16: 59.029551 | Q16: 44.043162 | R16: 14.986389 | S16: 60.43005 | T16: 64.847768 | U16: -4.4177177
B17: 1.A.b.3.2.1 | C17: Pasageri | D17: 21.885122 | E17: 22.833206 | F17: -0.94808401 | G17: 31.052106 | H17: 48.442541 | I17: -17.390435 | J17: 36.657503 | K17: 45.464426 | L17: -8.8069228 | M17: 31.538756 | N17: 14.142723 | O17: 17.396034 | P17: 31.238042 | Q17: 16.612348 | R17: 14.625694 | S17: 26.656312 | T17: 35.878888 | U17: -9.2225759
... B23: 1.A.b.3.3.3 | C23: Altele | D23: 3.5595724 | E23: 3.0790713 | F23: 0.48050107 | G23: 4.3573623 | H23: 3.1287079 | I23: 1.2286544 | J23: 5.5982981 | K23: 3.568922 | L23: 2.0293761 | M23: 6.668986 | N23: 3.9936881 | O23: 2.6752978 | P23: 4.9743443 | Q23: 4.0768837 | R23: 0.89746061 | S23: 7.7699685 | T23: 4.1977514 | U23: 3.5722171
B24: 1.A.b.3.3.e | C24: Clasificarea extinsă pentru "Alte mijloace de transport" | G24: 0 | H24: 0 | I24: 0 | J24: 0 | K24: 0 | L24: 0 | M24: 0 | N24: 0 | O24: 0 | P24: 0 | Q24: 0 | R24: 0 | S24: 0 | T24: 0 | U24: 0
B25: 1.A.b.3.3.e.1 | C25: Transport spațial | G25: 0 | H25: 0 | I25: 0 | J25: 0 | K25: 0 | L25: 0 | M25: 0 | N25: 0 | O25: 0 | P25: 0 | Q25: 0 | R25: 0 | S25: 0 | T25: 0 | U25: 0
B26: 1.A.b.3.3.e.2 | C26: Transport feroviar | D26: 1.0427787 | E26: 2.6672166 | F26: -1.6244378 | G26: 1.1805525 | H26: 3.2354772 | I26: -2.0549246 | J26: 4.4631427 | K26: 4.3662121 | L26: 0.09693062 | M26: 2.3468115 | N26: 3.3409662 | O26: -0.99415468 | P26: 1.938875 | Q26: 2.8894827 | R26: -0.95060773 | S26: 3.0510082 | T26: 4.0642698 | U26: -1.0132616
B27: 1.A.b.3.3.e.2.1 | C27: Pasageri | D27: 0.04338332 | E27: 0.25967678 | F27: -0.21629346 | G27: 0.04328725 | H27: 0.36858534 | I27: -0.32529809 | J27: 0.05031587 | K27: 0.37550949 | L27: -0.32519361 | M27: 0.0507688 | N27: 0.35293463 | O27: -0.30216583 | P27: 0.04009318 | Q27: 0.35095132 | R27: -0.31085814 | S27: 0.07115412 | T27: 0.54108267 | U27: -0.46992855
B28: 1.A.b.3.3.e.2.2 | C28: Mărfuri | D28: 0.96996539 | E28: 2.2995118 | F28: -1.3295464 | G28: 1.0757297 | H28: 2.7728619 | I28: -1.6971322 | J28: 4.2842979 | K28: 3.6055278 | L28: 0.67877012 | M28: 2.1819591 | N28: 2.8271449 | O28: -0.64518581 | P28: 1.8024823 | Q28: 2.3861707 | R28: -0.58368836 | S28: 2.8583759 | T28: 3.3563804 | U28: -0.49800449
B29: 1.A.b.3.3.e.2.3 | C29: Altele | D29: 0.02943003 | E29: 0.108028 | F29: -0.07859797 | G29: 0.06153558 | H29: 0.09402988 | I29: -0.03249431 | J29: 0.12852894 | K29: 0.38517482 | L29: -0.25664588 | M29: 0.11408361 | N29: 0.16088664 | O29: -0.04680304 | P29: 0.09629953 | Q29: 0.15236076 | R29: -0.05606123 | S29: 0.12147814 | T29: 0.16680666 | U29: -0.04532852
B30: 1.A.b.3.3.e.3 | C30: Transport rutier | D30: 52.574483 | E30: 57.884057 | F30: -5.3095733 | G30: 63.676581 | H30: 65.591973 | I30: -1.9153925 | J30: 72.179331 | K30: 66.256226 | L30: 5.9231043 | M30: 76.583354 | N30: 76.902382 | O30: -0.31902815 | P30: 61.546777 | Q30: 64.141703 | R30: -2.594926 | S30: 73.985043 | T30: 68.998103 | U30: 4.9869394
B31: 1.A.b.3.3.e.3.1 | C31: Pasageri | D31: 6.2905111 | E31: 4.1826802 | F31: 2.1078309 | G31: 8.6986072 | H31: 5.6277278 | I31: 3.0708794 | J31: 10.945828 | K31: 6.9215821 | L31: 4.0242464 | M31: 8.8060085 | N31: 4.9233423 | O31: 3.8826663 | P31: 7.1985025 | Q31: 4.130459 | R31: 3.0680435 | S31: 11.050389 | T31: 6.7154967 | U31: 4.3348919
B32: 1.A.b.3.3.e.3.2 | C32: Mărfuri | D32: 42.75383 | E32: 50.730333 | F32: -7.9765032 | G32: 50.682147 | H32: 57.063073 | I32: -6.3809262 | J32: 55.775576 | K32: 56.153608 | L32: -0.37803226 | M32: 61.226038 | N32: 68.192073 | O32: -6.966035 | P32: 49.508528 | Q32: 56.110184 | R32: -6.6016565 | S32: 55.413349 | T32: 58.82279 | U32: -3.4094416
B33: 1.A.b.3.3.e.3.3 | C33: Altele | D33: 3.5301424 | E33: 2.9710433 | F33: 0.55909904 | G33: 4.2958267 | H33: 2.9011723 | I33: 1.3946543 | J33: 5.4579265 | K33: 3.1810363 | L33: 2.2768902 | M33: 6.5513074 | N33: 3.7869668 | O33: 2.7643406 | P33: 4.8397466 | Q33: 3.9010597 | R33: 0.93868688 | S33: 7.5213054 | T33: 3.4598163 | U33: 4.0614891
B34: 1.A.b.3.3.e.4 | C34: Transport pe căi navigabile interioare | G34: 0 | H34: 0 | I34: 0 | J34: 0 | K34: 0 | L34: 0 | M34: 0 | N34: 0 | O34: 0 | P34: 0 | Q34: 0 | R34: 0 | S34: 0 | T34: 0 | U34: 0
B35: 1.A.b.3.3.e.4.1 | C35: Pasageri | G35: 0 | H35: 0 | I35: 0 | J35: 0 | K35: 0 | L35: 0 | M35: 0 | N35: 0 | O35: 0 | P35: 0 | Q35: 0 | R35: 0 | S35: 0 | T35: 0 | U35: 0
B36: 1.A.b.3.3.e.4.2 | C36: Mărfuri | G36: 0 | H36: 0 | I36: 0 | J36: 0 | K36: 0 | L36: 0 | M36: 0 | N36: 0 | O36: 0 | P36: 0 | Q36: 0 | R36: 0 | S36: 0 | T36: 0 | U36: 0
B37: 1.A.b.3.3.e.4.3 | C37: Altele | G37: 0 | H37: 0 | I37: 0 | J37: 0 | K37: 0 | L37: 0 | M37: 0 | N37: 0 | O37: 0 | P37: 0 | Q37: 0 | R37: 0 | S37: 0 | T37: 0 | U37: 0
B38: 1.A.b.3.3.e.5 | C38: Transport prin conducte | D38: 0 | E38: 11.647747 | F38: -11.647747 | G38: 0 | H38: 1.7477498 | I38: -1.7477498 | J38: 0 | K38: 0.54145213 | L38: -0.54145213 | M38: 0 | N38: 2.2295688 | O38: -2.2295688 | P38: 0 | Q38: 4.8318867 | R38: -4.8318867 | S38: 0 | T38: 0.22173554 | U38: -0.22173554
B39: 1.A.b.3.3.e.6 | C39: Transport de energie electrică | G39: 0 | H39: 0 | I39: 0 | J39: 0 | K39: 0 | L39: 0 | M39: 0 | N39: 0 | O39: 0 | P39: 0 | Q39: 0 | R39: 0 | S39: 0 | T39: 0 | U39: 0
B40: 1.A.b.3.3.e.7 | C40: Alte servicii de transport auxiliare și de sprijin | G40: 0 | H40: 0.13350563 | I40: -0.13350563 | J40: 0.01184274 | K40: 0.00271098 | L40: 0.00913176 | M40: 0.003595 | N40: 0.0458347 | O40: -0.0422397 | P40: 0.03829813 | Q40: 0.02346318 | R40: 0.01483496 | S40: 0.12718497 | T40: 0.57112842 | U40: -0.44394345
B41: 1.A.b.3.4 | C41: Servicii poştale şi de curierat | D41: 6.270609 | E41: 3.3932765 | F41: 2.8773324 | G41: 4.9768757 | H41: 2.8076673 | I41: 2.1692084 | J41: 5.5954757 | K41: 2.4629483 | L41: 3.1325274 | M41: 8.9609375 | N41: 3.3850279 | O41: 5.5759096 | P41: 7.4824824 | Q41: 2.1651703 | R41: 5.3173122 | S41: 6.2332685 | T41: 1.974778 | U41: 4.2584905
B42: 1.A.b.4 | C42: Călătorii | D42: 157.8231 | E42: 143.91609 | F42: 13.907004 | G42: 216.1688 | H42: 191.15882 | I42: 25.009974 | J42: 266.06727 | K42: 228.24788 | L42: 37.81939 | M42: 202.22453 | N42: 185.07941 | O42: 17.145121 | P42: 188.05158 | Q42: 164.34849 | R42: 23.703098 | S42: 243.317 | T42: 185.97361 | U42: 57.343394
B43: 1.A.b.4.1 | C43: De afaceri | D43: 16.323035 | E43: 25.612097 | F43: -9.2890626 | G43: 20.723642 | H43: 26.396928 | I43: -5.6732866 | J43: 21.690741 | K43: 27.823028 | L43: -6.1322865 | M43: 23.240712 | N43: 32.396567 | O43: -9.1558545 | P43: 17.813767 | Q43: 26.566183 | R43: -8.752416 | S43: 23.013861 | T43: 31.424859 | U43: -8.4109979
B44: 1.A.b.4.1.1 | C44: Achiziționare de bunuri și servicii de către lucrătorii transfrontalieri, sezonieri și alți lucrători pe termen scurt | D44: 1.8661082 | E44: 18.732261 | F44: -16.866153 | G44: 1.9570146 | H44: 17.821042 | I44: -15.864028 | J44: 2.232674 | K44: 18.019692 | L44: -15.787018 | M44: 2.4631185 | N44: 23.602731 | O44: -21.139613 | P44: 1.8055198 | Q44: 20.129898 | R44: -18.324378 | S44: 2.0385681 | T44: 22.803152 | U44: -20.764583
B45: 1.A.b.4.1.2 | C45: Altele | D45: 14.456926 | E45: 6.8798365 | F45: 7.57709 | G45: 18.766627 | H45: 8.575886 | I45: 10.190741 | J45: 19.458067 | K45: 9.8033361 | L45: 9.6547312 | M45: 20.777594 | N45: 8.7938355 | O45: 11.983758 | P45: 16.008247 | Q45: 6.4362851 | R45: 9.5719617 | S45: 20.975293 | T45: 8.6217077 | U45: 12.353585
B46: 1.A.b.4.2 | C46: Personale | D46: 141.50006 | E46: 118.30399 | F46: 23.196067 | G46: 195.44516 | H46: 164.7619 | I46: 30.68326 | J46: 244.37653 | K46: 200.42485 | L46: 43.951677 | M46: 178.98382 | N46: 152.68284 | O46: 26.300975 | P46: 170.23782 | Q46: 137.7823 | R46: 32.455514 | S46: 220.30314 | T46: 154.54875 | U46: 65.754392
B47: 1.A.b.4.2.1 | C47: Servicii de sănătate | D47: 15.263506 | E47: 8.5988978 | F47: 6.6646078 | G47: 18.502203 | H47: 9.1011087 | I47: 9.401094 | J47: 21.913192 | K47: 10.440931 | L47: 11.472262 | M47: 19.100146 | N47: 12.889883 | O47: 6.2102631 | P47: 18.182839 | Q47: 11.23775 | R47: 6.9450889 | S47: 19.745888 | T47: 9.0314613 | U47: 10.714427
B48: 1.A.b.4.2.2 | C48: Servicii de instruire | D48: 19.259883 | E48: 14.19561 | F48: 5.0642726 | G48: 29.558147 | H48: 14.917031 | I48: 14.641116 | J48: 31.549601 | K48: 17.625615 | L48: 13.923985 | M48: 30.599921 | N48: 18.831629 | O48: 11.768292 | P48: 23.14296 | Q48: 16.241227 | R48: 6.9017332 | S48: 31.555979 | T48: 14.162408 | U48: 17.393571
B49: 1.A.b.4.2.3 | C49: Altele | D49: 106.97667 | E49: 95.509486 | F49: 11.467186 | G49: 147.38481 | H49: 140.74376 | I49: 6.6410505 | J49: 190.91374 | K49: 172.35831 | L49: 18.55543 | M49: 129.28375 | N49: 120.96133 | O49: 8.3224201 | P49: 128.91202 | Q49: 110.30333 | R49: 18.608692 | S49: 169.00128 | T49: 131.35488 | U49: 37.646393
B50: 1.A.b.5 | C50: Construcţii | D50: 6.3434319 | E50: 1.6633964 | F50: 4.6800355 | G50: 11.449787 | H50: 1.9332146 | I50: 9.5165721 | J50: 10.051129 | K50: 2.4377026 | L50: 7.6134259 | M50: 7.8256762 | N50: 5.5698203 | O50: 2.2558559 | P50: 3.5081878 | Q50: 4.4299694 | R50: -0.92178153 | S50: 6.5333782 | T50: 4.0756863 | U50: 2.4576918
B51: 1.A.b.5.1 | C51: Construcţii în străinătate | D51: 6.3434319 | E51: 0 | F51: 6.3434319 | G51: 11.449787 | H51: 0 | I51: 11.449787 | J51: 10.051129 | K51: 0 | L51: 10.051129 | M51: 7.8256762 | N51: 0 | O51: 7.8256762 | P51: 3.5081878 | Q51: 0 | R51: 3.5081878 | S51: 6.5333782 | T51: 0 | U51: 6.5333782
B52: 1.A.b.5.2 | C52: Construcţii în economia raportoare | D52: 0 | E52: 1.6633964 | F52: -1.6633964 | G52: 0 | H52: 1.9332146 | I52: -1.9332146 | J52: 0 | K52: 2.4377026 | L52: -2.4377026 | M52: 0 | N52: 5.5698203 | O52: -5.5698203 | P52: 0 | Q52: 4.4299694 | R52: -4.4299694 | S52: 0 | T52: 4.0756863 | U52: -4.0756863
... B56: 1.A.b.6.3 | C56: Servicii auxiliare de asigurare | D56: 0.00268828 | E56: 0 | F56: 0.00268828 | G56: 0 | H56: 0 | I56: 0 | J56: 0.00218566 | K56: 0 | L56: 0.00218566 | M56: 0.00466094 | N56: 0 | O56: 0.00466094 | P56: 0.76096087 | Q56: 0.4610423 | R56: 0.29991857 | S56: 1.5860758 | T56: 0.06703433 | U56: 1.5190415
B57: 1.A.b.6.4 | C57: Servicii de pensii şi de garanţii standardizate | G57: 0 | H57: 0 | I57: 0 | J57: 0 | K57: 0 | L57: 0 | M57: 0 | N57: 0 | O57: 0 | P57: 0 | Q57: 0 | R57: 0 | S57: 0 | T57: 0 | U57: 0
B58: 1.A.b.7 | C58: Servicii financiare | D58: 1.0871631 | E58: 3.1103649 | F58: -2.0232018 | G58: 1.2431487 | H58: 3.4565947 | I58: -2.2134459 | J58: 1.0286888 | K58: 2.6021954 | L58: -1.5735066 | M58: 1.0530222 | N58: 3.0170838 | O58: -1.9640616 | P58: 0.89382114 | Q58: 2.6635617 | R58: -1.7697406 | S58: 1.6822161 | T58: 3.6972182 | U58: -2.0150021
B59: 1.A.b.7.1 | C59: Servicii financiare explicit facturate și alte servicii financiare | D59: 1.0588057 | E59: 3.1084746 | F59: -2.0496689 | G59: 1.2000264 | H59: 3.4476401 | I59: -2.2476138 | J59: 1.0019773 | K59: 2.5504955 | L59: -1.5485183 | M59: 1.040349 | N59: 3.0088705 | O59: -1.9685214 | P59: 0.88672519 | Q59: 2.6576643 | R59: -1.7709391 | S59: 1.6322673 | T59: 3.6577019 | U59: -2.0254346
B60: 1.A.b.7.2 | C60: Servicii de intermediere financiară indirect măsurate (SIFIM) | D60: 0.02835732 | E60: 0.00189028 | F60: 0.02646704 | G60: 0.04312236 | H60: 0.00895453 | I60: 0.03416783 | J60: 0.02671159 | K60: 0.05169988 | L60: -0.0249883 | M60: 0.01267322 | N60: 0.00821333 | O60: 0.00445988 | P60: 0.00709596 | Q60: 0.00589741 | R60: 0.00119854 | S60: 0.04994884 | T60: 0.0395163 | U60: 0.01043254
B61: 1.A.b.8 | C61: Taxe pentru utilizarea proprietăţii intelectuale (n.a.p.) | D61: 1.3853392 | E61: 10.583601 | F61: -9.1982614 | G61: 0.83302827 | H61: 9.8070376 | I61: -8.9740093 | J61: 0.7532507 | K61: 13.317076 | L61: -12.563825 | M61: 0.94836229 | N61: 12.011323 | O61: -11.062961 | P61: 0.75717777 | Q61: 8.4950437 | R61: -7.7378659 | S61: 0.57750613 | T61: 7.6614148 | U61: -7.0839086
B62: 1.A.b.9 | C62: Servicii de telecomunicaţii, de informatică şi de informații | D62: 187.70833 | E62: 31.50064 | F62: 156.20769 | G62: 189.12518 | H62: 30.189161 | I62: 158.93602 | J62: 195.51246 | K62: 28.15799 | L62: 167.35447 | M62: 216.11779 | N62: 37.358364 | O62: 178.75943 | P62: 193.88833 | Q62: 31.850302 | R62: 162.03802 | S62: 201.10407 | T62: 35.742933 | U62: 165.36114
B63: 1.A.b.9.2 | C63: Servicii de informatică | D63: 175.91084 | E63: 25.889447 | F63: 150.02139 | G63: 176.61156 | H63: 26.416545 | I63: 150.19502 | J63: 184.37955 | K63: 24.23861 | L63: 160.14094 | M63: 204.46991 | N63: 30.802729 | O63: 173.66718 | P63: 184.07867 | Q63: 27.053486 | R63: 157.02518 | S63: 190.20917 | T63: 31.089353 | U63: 159.11981
B64: 1.A.b.9.2.1 | C64: Servicii legate de aplicațiile de program | D64: 52.789979 | E64: 6.0292731 | F64: 46.760706 | G64: 53.460472 | H64: 4.8453014 | I64: 48.615171 | J64: 54.483637 | K64: 4.4158846 | L64: 50.067753 | M64: 61.966609 | N64: 6.4461397 | O64: 55.520469 | P64: 48.842139 | Q64: 6.5130971 | R64: 42.329042 | S64: 48.020282 | T64: 7.4644947 | U64: 40.555787
B65: 1.A.b.9.2.2 | C65: Alte servicii de informatică | D65: 123.12086 | E65: 19.860174 | F65: 103.26069 | G65: 123.15109 | H65: 21.571243 | I65: 101.57985 | J65: 129.89591 | K65: 19.822725 | L65: 110.07319 | M65: 142.5033 | N65: 24.35659 | O65: 118.14671 | P65: 135.23653 | Q65: 20.540389 | R65: 114.69614 | S65: 142.18888 | T65: 23.624858 | U65: 118.56403
B66: 1.A.b.10 | C66: Alte servicii pentru afaceri | D66: 65.663338 | E66: 38.728262 | F66: 26.935076 | G66: 70.018003 | H66: 51.432137 | I66: 18.585867 | J66: 76.191621 | K66: 53.517917 | L66: 22.673703 | M66: 96.889169 | N66: 59.738978 | O66: 37.150192 | P66: 83.0811 | Q66: 38.408102 | R66: 44.672998 | S66: 110.50114 | T66: 41.904779 | U66: 68.596357
B67: 1.A.b.11 | C67: Servicii personale, culturale şi de agrement | D67: 4.7331504 | E67: 3.2432245 | F67: 1.4899259 | G67: 3.964418 | H67: 3.5137471 | I67: 0.4506709 | J67: 4.6680243 | K67: 2.4574545 | L67: 2.2105699 | M67: 3.6698273 | N67: 4.3800275 | O67: -0.7102002 | P67: 4.5661026 | Q67: 4.0204461 | R67: 0.54565654 | S67: 3.1876839 | T67: 3.5395144 | U67: -0.35183041
B68: 1.A.b.12 | C68: Bunuri şi servicii ale administrației publice (n.a.p.) | D68: 8.634705 | E68: 6.3718982 | F68: 2.2628068 | G68: 11.687225 | H68: 7.7195888 | I68: 3.9676365 | J68: 9.7376801 | K68: 8.2003558 | L68: 1.5373243 | M68: 15.128866 | N68: 10.346027 | O68: 4.7828391 | P68: 12.398836 | Q68: 8.0270227 | R68: 4.3718136 | S68: 15.090547 | T68: 9.5980452 | U68: 5.4925018
B69: 1.A.b.12.1 | C69: Ambasade şi consulate | D69: 3.1570285 | E69: 5.4577963 | F69: -2.3007678 | G69: 5.7616354 | H69: 6.7013344 | I69: -0.93969903 | J69: 4.8263623 | K69: 7.0044596 | L69: -2.1780973 | M69: 6.1322598 | N69: 7.690212 | O69: -1.5579522 | P69: 4.8957097 | Q69: 6.3944112 | R69: -1.4987015 | S69: 4.5209538 | T69: 7.1523626 | U69: -2.6314088
... B71: 1.A.b.12.3 | C71: Alte mărfuri şi servicii ale administrației publice (n.a.p.) | D71: 5.2707401 | E71: 0.90646653 | F71: 4.3642735 | G71: 5.7476044 | H71: 0.97100547 | I71: 4.7765989 | J71: 4.6946578 | K71: 1.1518572 | L71: 3.5428006 | M71: 8.6417703 | N71: 2.6366145 | O71: 6.0051558 | P71: 7.240848 | Q71: 1.6149305 | R71: 5.6259175 | S71: 10.365527 | T71: 2.4073475 | U71: 7.9581798
C72: Notă: EBOPS - Clasificarea extinsă a componentei servicii din balanța de plăți
C73: https://ec.europa.eu/eurostat/web/international-trade-in-services/methodology
C74: * date revizuite

Sheet pii11
B2: Anexa 11. Poziţia investiţională internaţională a Republicii Moldova, pentru perioada 31.03.2025 - 30.06.2026, sinteza generală
I3: milioane EUR
D4: 31.03. 2025* | E4: 30.06. 2025* | F4: 30.09. 2025* | G4: 31.12. 2025* | H4: 31.03. 2026* | I4: 30.06. 2026
B5: net | C5: Poziţia investiţională internaţională netă | D5: -6324.2712 | E5: -6409.7567 | F5: -6447.8453 | G5: -6287.1187 | H5: -6147.0566 | I5: -6586.8608
B6: a | C6: Active | D6: 7251.8658 | E6: 7071.2041 | F6: 7251.0473 | G6: 7267.6508 | H6: 7670.5889 | I6: 7526.759
B7: 1.a | C7: Investiţii directe | D7: 581.2011 | E7: 552.00914 | F7: 657.02568 | G7: 601.87472 | H7: 639.05816 | I7: 677.54486
B8: 1.a.1 | C8: Participații la capital și acțiuni ale fondurilor de investiţii | D8: 455.4705 | E8: 437.76742 | F8: 452.53175 | G8: 467.22534 | H8: 491.74677 | I8: 508.9254
B9: 1.a.1.1 | C9: Investitorul direct în întreprinderea cu investiţii directe | D9: 455.4705 | E9: 437.76742 | F9: 452.53175 | G9: 467.22534 | H9: 491.74677 | I9: 508.9254
B10: 1.a.1.2 | C10: Întreprinderea cu investiţii directe în investitorul său direct (investiţie inversă) | D10: 0 | E10: 0 | F10: 0 | G10: 0 | H10: 0 | I10: 0
B11: 1.a.1.3 | C11: Între întreprinderi din același grup | D11: 0 | E11: 0 | F11: 0 | G11: 0 | H11: 0 | I11: 0
B12: 1.a.1.3.1 | C12: dacă firma-mamă principală este rezident | D12: 0 | E12: 0 | F12: 0 | G12: 0 | H12: 0 | I12: 0
B13: 1.a.1.3.2 | C13: dacă firma-mamă principală este nerezident | D13: 0 | E13: 0 | F13: 0 | G13: 0 | H13: 0 | I13: 0
B14: 1.a.1.3.3 | C14: dacă firma-mamă principală nu este cunoscută | D14: 0 | E14: 0 | F14: 0 | G14: 0 | H14: 0 | I14: 0
B15: 1.a.1.0.1 | C15: Din care: Acţiuni ale fondurilor de investiţii | D15: 3.434e-05 | E15: 3.159e-05 | F15: 3.157e-05 | G15: 3.144e-05 | H15: 3.22e-05 | I15: 3.244e-05
B16: 1.a.1.0.1.1 | C16: Din care: Acţiuni ale fondurilor pieţei de capital | D16: 0 | E16: 0 | F16: 0 | G16: 0 | H16: 0 | I16: 0
... B463: 4.p.7 | C463: Drepturi speciale de tragere (alocări) | D463: 350.02639 | E463: 333.5405 | F463: 332.35537 | G463: 331.20275 | H463: 335.91642 | I463: 338.09755
B464: * date revizuite | C464: * date revizuite

Sheet pii12
B2: Anexa 12. Poziţia investiţională internaţională a Republicii Moldova la 31.03.2026, cu detalii suplimentare
J3: milioane EUR
D4: Poziția la 31.12. 2025* | E4: Modificări care reflectă: | J4: Poziția la 31.03. 2026*
E5: dinamica totală | F5: fluxul din BP | G5: schimbări de preţ | H5: fluctuaţia ratei de schimb | I5: alte schimbări
B6: net | C6: Poziţia investiţională internaţională netă | D6: -6287.1187 | E6: 140.0621 | F6: -634.68573 | G6: 94.981636 | H6: 96.992376 | I6: 582.77381 | J6: -6147.0566
B7: a | C7: Active | D7: 7267.6508 | E7: 402.9381 | F7: -247.98835 | G7: -13.221051 | H7: 91.32135 | I7: 572.82615 | J7: 7670.5889
B8: 1.a | C8: Investiţii directe | D8: 601.87472 | E8: 37.183435 | F8: 22.289167 | G8: 0 | H8: 14.894268 | I8: 0 | J8: 639.05816
B9: 1.a.1 | C9: Participații la capital și acțiuni ale fondurilor de investiţii | D9: 467.22534 | E9: 24.52143 | F9: 13.014114 | G9: 0 | H9: 11.507315 | I9: 0 | J9: 491.74677
B10: 1.a.1.1 | C10: Investitorul direct în întreprinderea cu investiţii directe | D10: 467.22534 | E10: 24.52143 | F10: 13.014114 | G10: 0 | H10: 11.507315 | I10: 0 | J10: 491.74677
B11: 1.a.1.2 | C11: Întreprinderea cu investiţii directe în investitorul său direct (investiţie inversă) | D11: 0 | E11: 0 | F11: 0 | G11: 0 | H11: 0 | I11: 0 | J11: 0
B12: 1.a.1.3 | C12: Între întreprinderi din același grup | D12: 0 | E12: 0 | F12: 0 | G12: 0 | H12: 0 | I12: 0 | J12: 0
B13: 1.a.1.3.1 | C13: dacă firma-mamă principală este rezident | D13: 0 | E13: 0 | F13: 0 | G13: 0 | H13: 0 | I13: 0 | J13: 0
B14: 1.a.1.3.2 | C14: dacă firma-mamă principală este nerezident | D14: 0 | E14: 0 | F14: 0 | G14: 0 | H14: 0 | I14: 0 | J14: 0
B15: 1.a.1.3.3 | C15: dacă firma-mamă principală nu este cunoscută | D15: 0 | E15: 0 | F15: 0 | G15: 0 | H15: 0 | I15: 0 | J15: 0
B16: 1.a.1.0.1 | C16: Din care: Acţiuni ale fondurilor de investiţii | D16: 3.144e-05 | E16: 7.6e-07 | F16: 0 | G16: 0 | H16: 7.6e-07 | I16: 0 | J16: 3.22e-05
B17: 1.a.1.0.1.1 | C17: Din care: Acţiuni ale fondurilor pieţei de capital | D17: 0 | E17: 0 | F17: 0 | G17: 0 | H17: 0 | I17: 0 | J17: 0
... B464: 4.p.7 | C464: Drepturi speciale de tragere (alocări) | D464: 331.20275 | E464: 4.7136642 | F464: -0.08870271 | G464: 0 | H464: 4.8023669 | I464: 0 | J464: 335.91642
B465: * date revizuite | C465: * date revizuite

Sheet pii13
B2: Anexa 13. Poziţia investiţională internaţională a Republicii Moldova la 30.06.2026, cu detalii suplimentare
J3: milioane EUR
D4: Poziția la 31.03. 2026* | E4: Modificări care reflectă: | J4: Poziția la 30.06. 2026
E5: dinamica totală | F5: fluxul din BP | G5: schimbări de preţ | H5: fluctuaţia ratei de schimb | I5: alte schimbări
B6: net | C6: Poziţia investiţională internaţională netă | D6: -6147.0566 | E6: -439.80421 | F6: -896.20909 | G6: -103.16144 | H6: -29.994886 | I6: 589.56122 | J6: -6586.8608
B7: a | C7: Active | D7: 7670.5889 | E7: -143.82992 | F7: -769.80678 | G7: -4.4124019 | H7: 31.005078 | I7: 599.38418 | J7: 7526.759
B8: 1.a | C8: Investiţii directe | D8: 639.05816 | E8: 38.486704 | F8: 33.09731 | G8: 0 | H8: 5.3893939 | I8: 0 | J8: 677.54486
B9: 1.a.1 | C9: Participații la capital și acțiuni ale fondurilor de investiţii | D9: 491.74677 | E9: 17.17863 | F9: 13.259811 | G9: 0 | H9: 3.9188189 | I9: 0 | J9: 508.9254
B10: 1.a.1.1 | C10: Investitorul direct în întreprinderea cu investiţii directe | D10: 491.74677 | E10: 17.17863 | F10: 13.259811 | G10: 0 | H10: 3.9188189 | I10: 0 | J10: 508.9254
B11: 1.a.1.2 | C11: Întreprinderea cu investiţii directe în investitorul său direct (investiţie inversă) | D11: 0 | E11: 0 | F11: 0 | G11: 0 | H11: 0 | I11: 0 | J11: 0
B12: 1.a.1.3 | C12: Între întreprinderi din același grup | D12: 0 | E12: 0 | F12: 0 | G12: 0 | H12: 0 | I12: 0 | J12: 0
B13: 1.a.1.3.1 | C13: dacă firma-mamă principală este rezident | D13: 0 | E13: 0 | F13: 0 | G13: 0 | H13: 0 | I13: 0 | J13: 0
B14: 1.a.1.3.2 | C14: dacă firma-mamă principală este nerezident | D14: 0 | E14: 0 | F14: 0 | G14: 0 | H14: 0 | I14: 0 | J14: 0
B15: 1.a.1.3.3 | C15: dacă firma-mamă principală nu este cunoscută | D15: 0 | E15: 0 | F15: 0 | G15: 0 | H15: 0 | I15: 0 | J15: 0
B16: 1.a.1.0.1 | C16: Din care: Acţiuni ale fondurilor de investiţii | D16: 3.22e-05 | E16: 2.4e-07 | F16: 0 | G16: 0 | H16: 2.4e-07 | I16: 0 | J16: 3.244e-05
B17: 1.a.1.0.1.1 | C17: Din care: Acţiuni ale fondurilor pieţei de capital | D17: 0 | E17: 0 | F17: 0 | G17: 0 | H17: 0 | I17: 0 | J17: 0
... B464: 4.p.7 | C464: Drepturi speciale de tragere (alocări) | D464: 335.91642 | E464: 2.1811329 | F464: 0.07080756 | G464: 0 | H464: 2.1103253 | I464: 0 | J464: 338.09755
B465: * date revizuite | C465: * date revizuite

Sheet pii14
B2: Anexa 14. Poziţia investiţională internaţională a Republicii Moldova pentru perioada 31.03.2025 - 30.06.2026, prezentare analitică, sectorială
L3: milioane EUR
D4: 31.03.2025* | G4: 30.06.2025* | J4: 30.09.2025*
D5: active | E5: pasive | F5: net | G5: active | H5: pasive | I5: net | J5: active | K5: pasive | L5: net
B6: 1 | C6: Banca сentrală | D6: 5050.8652 | E6: 40.564144 | F6: 5010.301 | G6: 5070.2358 | H6: 35.197634 | I6: 5035.0381 | J6: 5163.6878 | K6: 33.06934 | L6: 5130.6185
B7: 1.1 | C7: Investiţii directe | D7: 0 | F7: 0 | G7: 0 | H7: 0 | I7: 0 | J7: 0 | K7: 0 | L7: 0
B8: 1.2 | C8: Investiţii de portofoliu | D8: 0 | E8: 0 | F8: 0 | G8: 0 | H8: 0 | I8: 0 | J8: 0 | K8: 0 | L8: 0
B9: 1.3 | C9: Derivate financiare | D9: 0 | E9: 0 | F9: 0 | G9: 0 | H9: 0 | I9: 0 | J9: 0 | K9: 0 | L9: 0
B10: 1.4 | C10: Alte investiţii | D10: 0 | E10: 40.564144 | F10: -40.564144 | G10: 0 | H10: 35.197634 | I10: -35.197634 | J10: 0 | K10: 33.06934 | L10: -33.06934
B11: 1.5 | C11: Active de rezervă | D11: 5050.8652 | F11: 5050.8652 | G11: 5070.2358 | I11: 5070.2358 | J11: 5163.6878 | L11: 5163.6878
B12: 2 | C12: Administraţia publică | D12: 7.6825336 | E12: 3992.5563 | F12: -3984.8738 | G12: 10.267476 | H12: 4057.9546 | I12: -4047.6871 | J12: 10.559532 | K12: 4123.6383 | L12: -4113.0788
B13: 2.1 | C13: Investiţii directe | D13: 0 | E13: 0 | F13: 0 | G13: 0 | H13: 0 | I13: 0 | J13: 0 | K13: 0 | L13: 0
B14: 2.2 | C14: Investiţii de portofoliu | D14: 0.36198256 | E14: 0.35900855 | F14: 0.002974 | G14: 0.33299249 | H14: 0.3473332 | I14: -0.01434071 | J14: 0.33277873 | K14: 0.92575887 | L14: -0.59298014
B15: 2.3 | C15: Derivate financiare | D15: 0 | E15: 0 | F15: 0 | G15: 0 | H15: 0 | I15: 0 | J15: 0 | K15: 0 | L15: 0
B16: 2.4 | C16: Alte investiţii | D16: 7.3205511 | E16: 3992.1973 | F16: -3984.8768 | G16: 9.9344834 | H16: 4057.6072 | I16: -4047.6728 | J16: 10.226754 | K16: 4122.7126 | L16: -4112.4858
B17: 2.5 | C17: Active de rezervă | D17: 0 | F17: 0 | G17: 0 | I17: 0 | J17: 0 | L17: 0
B18: 3 | C18: Societăţi care acceptă depozite, cu excepția băncii centrale | D18: 947.30731 | E18: 1429.0224 | F18: -481.71511 | G18: 893.79159 | H18: 1390.8099 | I18: -497.01832 | J18: 967.82406 | K18: 1421.2685 | L18: -453.44448
B19: 3.1 | C19: Investiţii directe | D19: 0 | E19: 997.52402 | F19: -997.52402 | G19: 0 | H19: 976.73544 | I19: -976.73544 | J19: 0 | K19: 1002.541 | L19: -1002.541
B20: 3.2 | C20: Investiţii de portofoliu | D20: 102.25021 | E20: 2.0604154 | F20: 100.1898 | G20: 92.293014 | H20: 2.0419742 | I20: 90.251039 | J20: 106.27133 | K20: 2.067759 | L20: 104.20357
B21: 3.3 | C21: Derivate financiare | D21: 0 | E21: 0 | F21: 0 | G21: 0 | H21: 0 | I21: 0 | J21: 0 | K21: 0 | L21: 0
B22: 3.4 | C22: Alte investiţii | D22: 845.0571 | E22: 429.43799 | F22: 415.61911 | G22: 801.49858 | H22: 412.0325 | I22: 389.46608 | J22: 861.55273 | K22: 416.65982 | L22: 444.89291
B23: 4 | C23: Alte sectoare | D23: 1246.0108 | E23: 8113.9941 | F23: -6867.9833 | G23: 1096.9092 | H23: 7996.9986 | I23: -6900.0894 | J23: 1108.9759 | K23: 8120.9164 | L23: -7011.9405
B24: 4.1 | C24: Investiţii directe | D24: 581.2011 | E24: 4256.2776 | F24: -3675.0765 | G24: 552.00914 | H24: 4230.5826 | I24: -3678.5735 | J24: 657.02568 | K24: 4264.9007 | L24: -3607.875
B25: 4.2 | C25: Investiţii de portofoliu | D25: 16.848539 | E25: 18.294357 | F25: -1.4458183 | G25: 16.348236 | H25: 17.142791 | I25: -0.79455527 | J25: 17.558507 | K25: 17.122925 | L25: 0.43558167
B26: 4.3 | C26: Derivate financiare | D26: 0 | E26: 0 | F26: 0 | G26: 0 | H26: 0 | I26: 0 | J26: 0 | K26: 0 | L26: 0
B27: 4.4 | C27: Alte investiţii | D27: 647.96116 | E27: 3839.4221 | F27: -3191.4609 | G27: 528.55187 | H27: 3749.2732 | I27: -3220.7213 | J27: 434.39175 | K27: 3838.8928 | L27: -3404.501
B28: 5 | C28: din care: Alte societăţi financiare | D28: 9.1979151 | E28: 311.61504 | F28: -302.41712 | G28: 8.3382672 | H28: 347.32307 | I28: -338.9848 | J28: 8.6654913 | K28: 383.42231 | L28: -374.75682
B29: 5.1 | C29: Investiţii directe | D29: 3.434e-05 | E29: 9.1184328 | F29: -9.1183985 | G29: 3.159e-05 | H29: 8.860079 | I29: -8.8600474 | J29: 3.157e-05 | K29: 10.162506 | L29: -10.162475
... B43: 9 | C43: TOTAL | D43: 7251.8658 | E43: 13576.137 | F43: -6324.2712 | G43: 7071.2041 | H43: 13480.961 | I43: -6409.7567 | J43: 7251.0473 | K43: 13698.893 | L43: -6447.8453
D57: 31.12.2025* | G57: 31.03.2026* | J57: 46203
D58: active | E58: pasive | F58: net | G58: active | H58: pasive | I58: net | J58: active | K58: pasive | L58: net
B59: 1 | C59: Banca сentrală | D59: 5104.2665 | E59: 29.523199 | F59: 5074.7433 | G59: 5266.5449 | H59: 27.908357 | I59: 5238.6366 | J59: 5216.0905 | K59: 24.583365 | L59: 5191.5071
B60: 1.1 | C60: Investiţii directe | D60: 0 | E60: 0 | F60: 0 | G60: 0 | H60: 0 | I60: 0 | J60: 0 | K60: 0 | L60: 0
B61: 1.2 | C61: Investiţii de portofoliu | D61: 0 | E61: 0 | F61: 0 | G61: 0 | H61: 0 | I61: 0 | J61: 0 | K61: 0 | L61: 0
B62: 1.3 | C62: Derivate financiare | D62: 0 | E62: 0 | F62: 0 | G62: 0 | H62: 0 | I62: 0 | J62: 0 | K62: 0 | L62: 0
B63: 1.4 | C63: Alte investiţii | D63: 0 | E63: 29.523199 | F63: -29.523199 | G63: 0 | H63: 27.908357 | I63: -27.908357 | J63: 0 | K63: 24.583365 | L63: -24.583365
B64: 1.5 | C64: Active de rezervă | D64: 5104.2665 | F64: 5104.2665 | G64: 5266.5449 | I64: 5266.5449 | J64: 5216.0905 | L64: 5216.0905
B65: 2 | C65: Administraţia publică | D65: 11.31464 | E65: 4154.2162 | F65: -4142.9015 | G65: 11.587401 | H65: 4338.4701 | I65: -4326.8827 | J65: 12.500103 | K65: 4314.6524 | L65: -4302.1522
B66: 2.1 | C66: Investiţii directe | D66: 0 | E66: 0 | F66: 0 | G66: 0 | H66: 0 | I66: 0 | J66: 0 | K66: 0 | L66: 0
B67: 2.2 | C67: Investiţii de portofoliu | D67: 0.33143595 | E67: 0.89745882 | F67: -0.56602287 | G67: 0.33942585 | H67: 1.0221912 | I67: -0.68276531 | J67: 0.34195527 | K67: 1.0374269 | L67: -0.69547163
B68: 2.3 | C68: Derivate financiare | D68: 0 | E68: 0 | F68: 0 | G68: 0 | H68: 0 | I68: 0 | J68: 0 | K68: 0 | L68: 0
B69: 2.4 | C69: Alte investiţii | D69: 10.983204 | E69: 4153.3187 | F69: -4142.3355 | G69: 11.247975 | H69: 4337.4479 | I69: -4326.1999 | J69: 12.158147 | K69: 4313.6149 | L69: -4301.4568
B70: 2.5 | C70: Active de rezervă | D70: 0 | F70: 0 | G70: 0 | I70: 0 | J70: 0 | L70: 0
B71: 3 | C71: Societăţi care acceptă depozite, cu excepția băncii centrale | D71: 844.79137 | E71: 1476.1242 | F71: -631.33282 | G71: 1034.6943 | H71: 1500.7615 | I71: -466.06721 | J71: 936.14897 | K71: 1556.7395 | L71: -620.59049
B72: 3.1 | C72: Investiţii directe | D72: 0 | E72: 1042.3741 | F72: -1042.3741 | G72: 0 | H72: 1051.4233 | I72: -1051.4233 | J72: 0 | K72: 1057.7626 | L72: -1057.7626
B73: 3.2 | C73: Investiţii de portofoliu | D73: 100.41248 | E73: 4.7720415 | F73: 95.64044 | G73: 135.36051 | H73: 2.0077884 | I73: 133.35272 | J73: 108.49839 | K73: 2.0190179 | L73: 106.47937
B74: 3.3 | C74: Derivate financiare | D74: 0 | E74: 0 | F74: 0 | G74: 0 | H74: 0 | I74: 0 | J74: 0 | K74: 0 | L74: 0
B75: 3.4 | C75: Alte investiţii | D75: 744.37889 | E75: 428.97805 | F75: 315.40084 | G75: 899.33378 | H75: 447.33042 | I75: 452.00336 | J75: 827.65058 | K75: 496.95789 | L75: 330.69269
B76: 4 | C76: Alte sectoare | D76: 1307.2783 | E76: 7894.906 | F76: -6587.6277 | G76: 1357.7623 | H76: 7950.5056 | I76: -6592.7433 | J76: 1362.0194 | K76: 8217.6446 | L76: -6855.6252
B77: 4.1 | C77: Investiţii directe | D77: 601.87472 | E77: 4203.814 | F77: -3601.9392 | G77: 639.05816 | H77: 4080.0887 | I77: -3441.0306 | J77: 677.54486 | K77: 4312.834 | L77: -3635.2891
B78: 4.2 | C78: Investiţii de portofoliu | D78: 19.20287 | E78: 17.087822 | F78: 2.1150473 | G78: 21.926063 | H78: 17.490931 | I78: 4.4351316 | J78: 24.573086 | K78: 17.62162 | L78: 6.9514653
B79: 4.3 | C79: Derivate financiare | D79: 0 | E79: 0 | F79: 0 | G79: 0 | H79: 0 | I79: 0 | J79: 0 | K79: 0 | L79: 0
B80: 4.4 | C80: Alte investiţii | D80: 686.20068 | E80: 3674.0042 | F80: -2987.8035 | G80: 696.77806 | H80: 3852.9259 | I80: -3156.1479 | J80: 659.90149 | K80: 3887.1891 | L80: -3227.2876
B81: 5 | C81: din care: Alte societăţi financiare | D81: 8.3500798 | E81: 418.574 | F81: -410.22392 | G81: 8.2758873 | H81: 430.81348 | I81: -422.53759 | J81: 8.0600195 | K81: 496.41064 | L81: -488.35063
B82: 5.1 | C82: Investiţii directe | D82: 3.144e-05 | E82: 10.239679 | F82: -10.239648 | G82: 3.22e-05 | H82: 10.058278 | I82: -10.058245 | J82: 3.244e-05 | K82: 10.265395 | L82: -10.265363
... B96: 9 | C96: TOTAL | D96: 7267.6508 | E96: 13554.77 | F96: -6287.1187 | G96: 7670.5889 | H96: 13817.646 | I96: -6147.0566 | J96: 7526.759 | K96: 14113.62 | L96: -6586.8608
B97: * date revizuite | C97: * date revizuite

Sheet pii15
B2: Anexa 15. Poziţia investiţională internaţională a Republicii Moldova pentru perioada 31.03.2025 - 30.06.2026, prezentare analitică, pe instrumente
K3: milioane EUR
C4: 31.03.2025* | F4: 30.06.2025* | I4: 30.09.2025*
C5: active | D5: pasive | E5: net | F5: active | G5: pasive | H5: net | I5: active | J5: pasive | K5: net
B6: Participații și acţiuni ale fondurilor de investiţii | C6: 480.25218 | D6: 3493.5349 | E6: =C6-D6 -> -3013.2828 | F6: 464.6222 | G6: 3552.1472 | H6: -3087.525 | I6: 480.88017 | J6: 3624.4172 | K6: -3143.537
B7: Acţiuni şi participaţii | C7: 480.25218 | D7: 3493.5349 | E7: -3013.2828 | F7: 464.6222 | G7: 3552.1472 | H7: -3087.525 | I7: 480.88017 | J7: 3624.4172 | K7: -3143.537
B8: Instrumente de natura datoriei | C8: 6764.8609 | D8: 10082.602 | E8: -3317.7412 | F8: 6599.7886 | G8: 9928.8135 | H8: -3329.0249 | I8: 6762.5188 | J8: 10074.475 | K8: -3311.9566
B9: Drepturi speciale de tragere | C9: 0.27041481 | D9: 350.02639 | E9: -349.75598 | F9: 11.429004 | G9: 333.5405 | H9: -322.1115 | I9: 1.1753262 | J9: 332.35537 | K9: -331.18004
B10: Numerar şi depozite | C10: 1906.8156 | D10: 183.47095 | E10: 1723.3447 | F10: 1550.407 | G10: 178.95367 | H10: 1371.4533 | I10: 1725.3308 | J10: 196.42199 | K10: 1528.9088
B11: Titluri de creanţă | C11: 4240.4051 | D11: 0.35900855 | E11: 4240.0461 | F11: 4561.0421 | G11: 0.3473332 | H11: 4560.6948 | I11: 4548.0739 | J11: 0.92575887 | K11: 4547.1482
B12: Împrumuturi | C12: 253.64433 | D12: 6636.3941 | E12: -6382.7498 | F12: 230.50585 | G12: 6608.2296 | H12: -6377.7237 | I12: 329.89107 | J12: 6666.8831 | K12: -6336.992
B13: Sisteme de asigurări, de pensii și scheme de garanții standardizate | C13: 0 | D13: 1.0030705 | E13: -1.0030705 | F13: 0 | G13: 1.0686224 | H13: -1.0686224 | I13: 0 | J13: 2.1381903 | K13: -2.1381903
B14: Credite comerciale şi avansuri | C14: 355.3534 | D14: 2352.4293 | E14: -1997.0759 | F14: 238.70319 | G14: 2293.1783 | H14: -2054.4751 | I14: 150.35118 | J14: 2363.2442 | K14: -2212.893
B15: Alte creanţe / angajamente | C15: 8.3720068 | D15: 558.91925 | E15: -550.54724 | F15: 7.7015186 | G15: 513.49554 | H15: -505.79403 | I15: 7.6965748 | J15: 512.50687 | K15: -504.8103
B16: Alte active / pasive financiare | C16: 6.7527374 | D16: 0 | E16: 6.7527374 | F16: 6.7932322 | G16: 0 | H16: 6.7932322 | I16: 7.6483138 | J16: 0 | K16: 7.6483138
B17: Aur monetar | C17: 6.7527374 | D17: 0 | E17: 6.7527374 | F17: 6.7932322 | G17: 0 | H17: 6.7932322 | I17: 7.6483138 | J17: 0 | K17: 7.6483138
B18: TOTAL | C18: 7251.8658 | D18: 13576.137 | E18: -6324.2712 | F18: 7071.2041 | G18: 13480.961 | H18: -6409.7567 | I18: 7251.0473 | J18: 13698.893 | K18: -6447.8453
C21: 31.12.2025* | F21: 31.03.2026* | I21: 46203
C22: active | D22: pasive | E22: net | F22: active | G22: pasive | H22: net | I22: active | J22: pasive | K22: net
B23: Participații și acţiuni ale fondurilor de investiţii | C23: 497.98228 | D23: 3632.4191 | E23: -3134.4368 | F23: 525.46816 | G23: 3479.6909 | H23: -2954.2228 | I23: 546.23693 | J23: 3684.5717 | K23: -3138.3348
B24: Acţiuni şi participaţii | C24: 497.98228 | D24: 3632.4191 | E24: -3134.4368 | F24: 525.46816 | G24: 3479.6909 | H24: -2954.2228 | I24: 546.23693 | J24: 3684.5717 | K24: -3138.3348
B25: Instrumente de natura datoriei | C25: 6760.7885 | D25: 9922.3504 | E25: -3161.562 | F25: 7135.7197 | G25: 10337.955 | H25: -3202.2349 | I25: 6972.0858 | J25: 10429.048 | K25: -3456.9623
B26: Drepturi speciale de tragere | C26: 1.6972277 | D26: 331.20275 | E26: -329.50553 | F26: 0.5414034 | G26: 335.91642 | H26: -335.37501 | I26: 10.834109 | J26: 338.09755 | K26: -327.26344
B27: Numerar şi depozite | C27: 1484.5569 | D27: 205.77798 | E27: 1278.779 | F27: 1803.2003 | G27: 211.88603 | H27: 1591.3143 | I27: 1517.1372 | J27: 242.52915 | K27: 1274.6081
B28: Titluri de creanţă | C28: 4614.5607 | D28: 0.89745882 | E28: 4613.6632 | F28: 4691.5769 | G28: 1.0221912 | H28: 4690.5547 | I28: 4811.3441 | J28: 1.0374269 | K28: 4810.3066
B29: Împrumuturi | C29: 255.19132 | D29: 6819.3902 | E29: -6564.1989 | F29: 272.25709 | G29: 7092.7663 | H29: -6820.5092 | I29: 289.2152 | J29: 7017.7952 | K29: -6728.58
B30: Sisteme de asigurări, de pensii și scheme de garanții standardizate | C30: 0 | D30: 4.1804516 | E30: -4.1804516 | F30: 0 | G30: 5.251299 | H30: -5.251299 | I30: 0 | J30: 5.4736528 | K30: -5.4736528
B31: Credite comerciale şi avansuri | C31: 397.11679 | D31: 2051.1191 | E31: -1654.0023 | F31: 360.29365 | G31: 2169.7171 | H31: -1809.4234 | I31: 335.6464 | J31: 2299.5138 | K31: -1963.8674
B32: Alte creanţe / angajamente | C32: 7.6655187 | D32: 509.78249 | E32: -502.11697 | F32: 7.8503108 | G32: 521.39526 | H32: -513.54495 | I32: 7.9088117 | J32: 524.60134 | K32: -516.69252
B33: Alte active / pasive financiare | C33: 8.8800572 | D33: 0 | E33: 8.8800572 | F33: 9.4010517 | G33: 0 | H33: 9.4010517 | I33: 8.4362383 | J33: 0 | K33: 8.4362383
B34: Aur monetar | C34: 8.8800572 | D34: 0 | E34: 8.8800572 | F34: 9.4010517 | H34: 9.4010517 | I34: 8.4362383 | K34: 8.4362383
B35: TOTAL | C35: 7267.6508 | D35: 13554.77 | E35: -6287.1187 | F35: 7670.5889 | G35: 13817.646 | H35: -6147.0566 | I35: 7526.759 | J35: 14113.62 | K35: -6586.8608
B36: * date revizuite

Sheet pii16
B2: Anexa 16. Poziţia investiţională internaţională a Republicii Moldova pentru perioada 31.03.2025 - 30.06.2026, prezentare analitică, pe scadențe
L3: milioane EUR
D4: 31.03.2025* | G4: 30.06.2025* | J4: 30.09.2025*
D5: active | E5: pasive | F5: net | G5: active | H5: pasive | I5: net | J5: active | K5: pasive | L5: net
B6: 1 | C6: Termen lung | D6: 4281.5812 | E6: 10974.95 | F6: -6693.3686 | G6: 4302.2503 | H6: 10953.878 | I6: -6651.6279 | J6: 4270.2153 | K6: 11070.84 | L6: -6800.6248
B7: 1.1 | C7: Investiţii directe | D7: 574.99055 | E7: 4920.1665 | F7: -4345.1759 | G7: 548.97376 | H7: 4878.1756 | I7: -4329.2018 | J7: 653.99746 | K7: 4932.2528 | L7: -4278.2553
B8: 1.2 | C8: Investiţii de portofoliu | D8: 50.992194 | E8: 20.354773 | F8: 30.637422 | G8: 48.18817 | H8: 19.184765 | I8: 29.003404 | J8: 50.517751 | K8: 19.190684 | L8: 31.327066
B9: 1.3 | C9: Derivate financiare | D9: 0 | E9: 0 | F9: 0 | G9: 0 | H9: 0 | I9: 0 | J9: 0 | K9: 0 | L9: 0
B10: 1.4 | C10: Alte investiţii | D10: 180.1629 | E10: 6034.4286 | F10: -5854.2657 | G10: 163.36996 | H10: 6056.5179 | I10: -5893.1479 | J10: 169.89701 | K10: 6119.3966 | L10: -5949.4996
B11: 1.5 | C11: Active de rezervă | D11: 3475.4355 | F11: 3475.4355 | G11: 3541.7184 | I11: 3541.7184 | J11: 3395.8031 | L11: 3395.8031
B12: 2 | C12: Termen scurt | D12: 2970.2846 | E12: 2601.1872 | F12: 369.09746 | G12: 2768.9537 | H12: 2527.0825 | I12: 241.8712 | J12: 2980.832 | K12: 2628.0525 | L12: 352.77948
B13: 2.1 | C13: Investiţii directe | D13: 6.2105504 | E13: 333.63518 | F13: -327.42463 | G13: 3.0353748 | H13: 329.14247 | I13: -326.10709 | J13: 3.0282188 | K13: 335.18891 | L13: -332.16069
B14: 2.2 | C14: Investiţii de portofoliu | D14: 68.468542 | E14: 0.35900855 | F14: 68.109533 | G14: 60.786072 | H14: 0.3473332 | I14: 60.438739 | J14: 73.644861 | K14: 0.92575887 | L14: 72.719102
B15: 2.3 | C15: Derivate financiare | D15: 0 | E15: 0 | F15: 0 | G15: 0 | H15: 0 | I15: 0 | J15: 0 | K15: 0 | L15: 0
B16: 2.4 | C16: Alte investiţii | D16: 1320.1759 | E16: 2267.193 | F16: -947.01706 | G16: 1176.615 | H16: 2197.5927 | I16: -1020.9777 | J16: 1136.2742 | K16: 2291.9379 | L16: -1155.6637
B17: 2.5 | C17: Active de rezervă | D17: 1575.4296 | F17: 1575.4296 | G17: 1528.5173 | I17: 1528.5173 | J17: 1767.8847 | L17: 1767.8847
B18: 3 | C18: TOTAL | D18: 7251.8658 | E18: 13576.137 | F18: -6324.2712 | G18: 7071.2041 | H18: 13480.961 | I18: -6409.7567 | J18: 7251.0473 | K18: 13698.893 | L18: -6447.8453
D20: 31.12.2025* | G20: 31.03.2026* | J20: 46203
D21: active | E21: pasive | F21: net | G21: active | H21: pasive | I21: net | J21: active | K21: pasive | L21: net
B22: 1 | C22: Termen lung | D22: 4401.9797 | E22: 11226.357 | F22: -6824.3773 | G22: 4694.0868 | H22: 11361.567 | I22: -6667.48 | J22: 4938.8809 | K22: 11501.266 | L22: -6562.3853
B23: 1.1 | C23: Investiţii directe | D23: 593.90766 | E23: 4934.2937 | F23: -4340.386 | G23: 631.84507 | H23: 4804.776 | I23: -4172.9309 | J23: 670.82963 | K23: 5030.2632 | L23: -4359.4336
B24: 1.2 | C24: Investiţii de portofoliu | D24: 48.86347 | E24: 21.859864 | F24: 27.003607 | G24: 54.688991 | H24: 19.498719 | I24: 35.190272 | J24: 58.280017 | K24: 19.640638 | L24: 38.639379
B25: 1.3 | C25: Derivate financiare | D25: 0 | E25: 0 | F25: 0 | G25: 0 | H25: 0 | I25: 0 | J25: 0 | K25: 0 | L25: 0
B26: 1.4 | C26: Alte investiţii | D26: 179.68607 | E26: 6270.2034 | F26: -6090.5173 | G26: 182.05176 | H26: 6537.2921 | I26: -6355.2404 | J26: 164.40609 | K26: 6451.3623 | L26: -6286.9562
B27: 1.5 | C27: Active de rezervă | D27: 3579.5224 | F27: 3579.5224 | G27: 3825.501 | I27: 3825.501 | J27: 4045.3652 | L27: 4045.3652
B28: 2 | C28: Termen scurt | D28: 2865.6711 | E28: 2328.4126 | F28: 537.25855 | G28: 2976.5021 | H28: 2456.0787 | I28: 520.42337 | J28: 2587.8781 | K28: 2612.3536 | L28: -24.475566
B29: 2.1 | C29: Investiţii directe | D29: 7.9670566 | E29: 311.89439 | F29: -303.92734 | G29: 7.2130846 | H29: 326.73608 | I29: -319.523 | J29: 6.715226 | K29: 340.33328 | L29: -333.61805
B30: 2.2 | C30: Investiţii de portofoliu | D30: 71.083316 | E30: 0.89745882 | F30: 70.185857 | G30: 102.93701 | H30: 1.0221912 | I30: 101.91482 | J30: 75.133411 | K30: 1.0374269 | L30: 74.095984
B31: 2.3 | C31: Derivate financiare | D31: 0 | E31: 0 | F31: 0 | G31: 0 | H31: 0 | I31: 0 | J31: 0 | K31: 0 | L31: 0
B32: 2.4 | C32: Alte investiţii | D32: 1261.8767 | E32: 2015.6207 | F32: -753.74404 | G32: 1425.3081 | H32: 2128.3205 | I32: -703.01241 | J32: 1335.3041 | K32: 2270.9829 | L32: -935.67881
B33: 2.5 | C33: Active de rezervă | D33: 1524.7441 | F33: 1524.7441 | G33: 1441.044 | I33: 1441.044 | J33: 1170.7253 | L33: 1170.7253
B34: 3 | C34: TOTAL | D34: 7267.6508 | E34: 13554.77 | F34: -6287.1187 | G34: 7670.5889 | H34: 13817.646 | I34: -6147.0566 | J34: 7526.759 | K34: 14113.62 | L34: -6586.8608
B35: * date revizuite | C35: * date revizuite

Sheet pii17
B2: Anexa 17. Poziția investițiilor directe, conform principiului direcțional, pentru perioada 31.03.2025 - 30.06.2026
I3: milioane EUR
D4: 31.03. 2025* | E4: 30.06. 2025* | F4: 30.09. 2025* | G4: 31.12. 2025* | H4: 31.03. 2026* | I4: 30.06. 2026
B5: 3 | C5: Investiţii directe, NET | D5: -4672.6005 | E5: -4655.3089 | F5: -4610.416 | G5: -4644.3133 | H5: -4492.4539 | I5: -4693.0517
B6: 3.o.1 | C6: Investiţii directe peste hotare | D6: 554.62379 | E6: 527.66176 | F6: 554.77248 | G6: 580.91067 | H6: 619.79893 | I6: 655.1996
B7: 3.o.1.1 | C7: Participații și acţiuni ale fonduri de investiţii | D7: 455.4705 | E7: 437.76742 | F7: 452.53175 | G7: 467.22534 | H7: 491.74677 | I7: 508.9254
B8: 3.o.1.1.1 | C8: Investitorul direct în întreprinderea cu investiţii directe | D8: 455.4705 | E8: 437.76742 | F8: 452.53175 | G8: 467.22534 | H8: 491.74677 | I8: 508.9254
B9: 3.o.1.1.1.1 | C9: Societăţi care acceptă depozite, cu excepția băncii centrale | D9: 0 | E9: 0 | F9: 0 | G9: 0 | H9: 0 | I9: 0
B10: 3.o.1.1.1.2 | C10: Alte sectoare | D10: 455.4705 | E10: 437.76742 | F10: 452.53175 | G10: 467.22534 | H10: 491.74677 | I10: 508.9254
B11: 3.o.1.1.1.2.1 | C11: Alte societăţi financiare | D11: 3.434e-05 | E11: 3.159e-05 | F11: 3.157e-05 | G11: 3.144e-05 | H11: 3.22e-05 | I11: 3.244e-05
B12: 3.o.1.1.1.2.2 | C12: Societăţi nefinanciare, gospodăriile populaţiei şi IFSLISGP | D12: 455.47047 | E12: 437.76738 | F12: 452.53171 | G12: 467.22531 | H12: 491.74674 | I12: 508.92537
B13: 3.o.1.1.1.2.2.o1 | C13: din care Societăţi nefinanciare | D13: 455.47047 | E13: 437.76738 | F13: 452.53171 | G13: 467.22531 | H13: 491.74674 | I13: 508.92537
B14: 3.o.1.1.2 | C14: Întreprinderea cu investiţii directe în investitorul său direct (investiţie inversă) | D14: 0 | E14: 0 | F14: 0 | G14: 0 | H14: 0 | I14: 0
B15: 3.o.1.1.2.1 | C15: Societăţi care acceptă depozite, cu excepția băncii centrale | D15: 0 | E15: 0 | F15: 0 | G15: 0 | H15: 0 | I15: 0
B16: 3.o.1.1.2.2 | C16: Alte sectoare | D16: 0 | E16: 0 | F16: 0 | G16: 0 | H16: 0 | I16: 0
... B123: 3.o.1.2.4.3.3 | C123: dacă firma-mamă principală nu este cunoscută | D123: 0 | E123: 0 | F123: 0 | G123: 0 | H123: 0 | I123: 0
C124: null | D124: 0 | E124: 0 | F124: 0 | G124: 0 | H124: 0 | I124: 0
B125: 3.i.1 | C125: Investiţii directe în economia națională | D125: 5227.2243 | E125: 5182.9707 | F125: 5165.1885 | G125: 5225.224 | H125: 5112.2528 | I125: 5348.2512
B126: 3.i.1.1 | C126: Participații și acţiuni ale fonduri de investiţii | D126: 3473.1802 | E126: 3532.9624 | F126: 3605.2265 | G126: 3610.5592 | H126: 3460.1922 | I126: 3664.9311
B127: 3.i.1.1.1 | C127: Investitorul direct în întreprinderea cu investiţii directe | D127: 3473.1802 | E127: 3532.9624 | F127: 3605.2265 | G127: 3610.5592 | H127: 3460.1922 | I127: 3664.9311
B128: 3.i.1.1.1.1 | C128: Societăţi care acceptă depozite, cu excepția băncii centrale | D128: 997.52402 | E128: 976.73544 | F128: 1002.541 | G128: 1042.3741 | H128: 1051.4233 | I128: 1057.7626
B129: 3.i.1.1.1.2 | C129: Alte sectoare | D129: 2475.6562 | E129: 2556.227 | F129: 2602.6856 | G129: 2568.1851 | H129: 2408.7689 | I129: 2607.1686
B130: 3.i.1.1.1.2.1 | C130: Alte societăţi financiare | D130: 0 | E130: 0 | F130: 0 | G130: 0 | H130: 0 | I130: 0
B131: 3.i.1.1.1.2.2 | C131: Societăţi nefinanciare, gospodăriile populaţiei şi IFSLISGP | D131: 2475.6562 | E131: 2556.227 | F131: 2602.6856 | G131: 2568.1851 | H131: 2408.7689 | I131: 2607.1686
B132: 3.i.1.1.1.2.2.o1 | C132: din care Societăţi nefinanciare | D132: 2475.6562 | E132: 2556.227 | F132: 2602.6856 | G132: 2568.1851 | H132: 2408.7689 | I132: 2607.1686
B133: 3.i.1.1.2 | C133: Întreprinderea cu investiţii directe în investitorul său direct (investiţie inversă) | D133: 0 | E133: 0 | F133: 0 | G133: 0 | H133: 0 | I133: 0
B134: 3.i.1.1.2.1 | C134: Societăţi care acceptă depozite, cu excepția băncii centrale | D134: 0 | E134: 0 | F134: 0 | G134: 0 | H134: 0 | I134: 0
B135: 3.i.1.1.2.2 | C135: Alte sectoare | D135: 0 | E135: 0 | F135: 0 | G135: 0 | H135: 0 | I135: 0
B136: 3.i.1.1.2.2.1 | C136: Alte societăţi financiare | D136: 0 | E136: 0 | F136: 0 | G136: 0 | H136: 0 | I136: 0
... B242: 3.i.1.2.4.3.3 | C242: dacă firma-mamă principală nu este cunoscută | D242: 0 | E242: 0 | F242: 0 | G242: 0 | H242: 0 | I242: 0
C243: * date revizuite

Sheet de18
B2: Anexa 18. Datoria externă a Republicii Moldova pentru perioada 31.03.2025 - 30.06.2026, prezentare sectorială
I3: milioane EUR
D4: 31.03. 2025* | E4: 30.06. 2025* | F4: 30.09. 2025* | G4: 31.12. 2025* | H4: 31.03. 2026* | I4: 30.06. 2026
B5: 1 | C5: Administrația publică | D5: 3992.5563 | E5: 4057.9546 | F5: 4123.6383 | G5: 4154.2162 | H5: 4338.4701 | I5: 4314.6524
B6: 1.1 | C6: Pe termen scurt | D6: 2.1778204 | E6: 2.2127251 | F6: 2.9841859 | G6: 3.1410272 | H6: 3.5136506 | I6: 3.7448703
B7: 1.1.1 | C7: Numerar şi depozite | D7: 0 | F7: 0 | G7: 0 | H7: 0 | I7: 0
B8: 1.1.2 | C8: Investiții de portofoliu | D8: 0.35900855 | E8: 0.3473332 | F8: 0.92575887 | G8: 0.89745882 | H8: 1.0221912 | I8: 1.0374269
B9: 1.1.3 | C9: Împrumuturi | D9: 0 | E9: 0 | F9: 0 | G9: 0 | H9: 0 | I9: 0
B10: 1.1.4 | C10: Credite comerciale și avansuri | D10: 0 | E10: 0 | F10: 0 | G10: 0 | H10: 0 | I10: 0
B11: 1.1.5 | C11: Alte angajamente aferente datoriei | D11: 1.8188118 | E11: 1.8653919 | F11: 2.0584271 | G11: 2.2435683 | H11: 2.4914595 | I11: 2.7074434
B12: 1.2 | C12: Pe termen lung | D12: 3990.3785 | E12: 4055.7418 | F12: 4120.6542 | G12: 4151.0752 | H12: 4334.9564 | I12: 4310.9075
B13: 1.2.0 | C13: Drepturi speciale de tragere (Alocări de DST) | D13: 350.02639 | E13: 333.5405 | F13: 332.35537 | G13: 331.20275 | H13: 335.91642 | I13: 338.09755
B14: 1.2.1 | C14: Numerar şi depozite | D14: 0 | E14: 0 | F14: 0 | G14: 0 | H14: 0 | I14: 0
B15: 1.2.2 | C15: Investiții de portofoliu | D15: 0 | E15: 0 | F15: 0 | G15: 0 | H15: 0 | I15: 0
B16: 1.2.3 | C16: Împrumuturi | D16: 3640.3521 | E16: 3722.2013 | F16: 3788.2988 | G16: 3819.8724 | H16: 3999.04 | I16: 3972.8099
B17: 1.2.3.1 | C17: din care datoria UAT | D17: 51.049602 | E17: 47.917593 | F17: 48.024227 | G17: 44.886501 | H17: 44.681145 | I17: 43.504562
B18: 1.2.4 | C18: Credite comerciale și avansuri | D18: 0 | E18: 0 | F18: 0 | G18: 0 | H18: 0 | I18: 0
B19: 1.2.5 | C19: Alte angajamente aferente datoriei | D19: 0 | E19: 0 | F19: 0 | G19: 0 | H19: 0 | I19: 0
... B103: 5.1.1 | C103: Pe termen scurt | D103: 333.63518 | E103: 329.14247 | F103: 335.18891 | G103: 311.89439 | H103: 326.73608 | I103: 340.33328
B104: 5.1.1.1 | C104: Numerar şi depozite
B105: 5.1.1.2 | C105: Investiții de portofoliu | D105: 0 | E105: 0 | F105: 0 | G105: 0 | H105: 0 | I105: 0
B106: 5.1.1.3 | C106: Împrumuturi | D106: 35.691284 | E106: 31.639688 | F106: 30.726251 | G106: 30.052218 | H106: 30.12149 | I106: 30.234039
B107: 5.1.1.4 | C107: Credite comerciale și avansuri | D107: 297.9439 | E107: 297.50278 | F107: 304.46265 | G107: 281.84217 | H107: 296.61459 | I107: 310.09924
B108: 5.1.1.5 | C108: Alte angajamente aferente datoriei | D108: 0 | E108: 0 | F108: 0 | G108: 0 | H108: 0 | I108: 0
B109: 5.1.2 | C109: Pe termen lung | D109: 1446.9863 | E109: 1345.2132 | F109: 1327.0262 | G109: 1323.7344 | H109: 1344.5837 | I109: 1365.3321
B110: 5.1.2.1 | C110: Numerar şi depozite
B111: 5.1.2.2 | C111: Investiții de portofoliu | D111: 0 | E111: 0 | F111: 0 | G111: 0 | H111: 0 | I111: 0
B112: 5.1.2.3 | C112: Împrumuturi | D112: 933.26807 | E112: 872.63706 | F112: 854.75349 | G112: 853.36731 | H112: 862.87753 | I112: 880.03622
B113: 5.1.2.3.1 | C113: din care datoria corporațiilor publice | D113: 18.71902 | E113: 15.579952 | F113: 15.579952 | G113: 15.579952 | H113: 15.579952 | I113: 15.579952
B114: 5.1.2.4 | C114: Credite comerciale și avansuri | D114: 0 | E114: 0 | F114: 0 | G114: 0 | H114: 0 | I114: 0
B115: 5.1.2.5 | C115: Alte angajamente aferente datoriei | D115: 513.71822 | E115: 472.57611 | F115: 472.27275 | G115: 470.36711 | H115: 481.70621 | I115: 485.29591
B116: 6 | C116: TOTAL | D116: 10081.599 | E116: 9927.7449 | F116: 10072.337 | G116: 9918.17 | H116: 10332.703 | I116: 10423.574
B117: Articole informative: | D117: 0 | E117: 0 | G117: 0 | H117: 0
B118: 0 | C118: Arierate | D118: 503.78193 | E118: 477.80669 | F118: 477.61501 | G118: 476.41208 | H118: 483.43407 | I118: 485.73787
B119: 0.1 | C119: Administrația publică | D119: 13.547908 | E119: 12.462898 | F119: 12.454898 | G119: 12.404641 | H119: 12.703679 | I119: 12.798348
B120: 0.1.1 | C120: termen scurt | D120: 0 | E120: 0 | F120: 0 | G120: 0 | H120: 0 | I120: 0
B121: 0.1.2 | C121: termen lung | D121: 13.547908 | E121: 12.462898 | F121: 12.454898 | G121: 12.404641 | H121: 12.703679 | I121: 12.798348
B122: 0.2 | C122: Banca сentrală | D122: 0 | E122: 0 | F122: 0 | G122: 0 | H122: 0 | I122: 0
B123: 0.2.1 | C123: termen scurt | D123: 0 | E123: 0 | F123: 0 | G123: 0 | H123: 0 | I123: 0
B124: 0.2.2 | C124: termen lung | D124: 0 | E124: 0 | F124: 0 | G124: 0 | H124: 0 | I124: 0
B125: 0.3 | C125: Societăţi care acceptă depozite, cu excepția băncii centrale | D125: 0 | E125: 0 | F125: 0 | G125: 0 | H125: 0 | I125: 0
B126: 0.3.1 | C126: termen scurt | D126: 0 | E126: 0 | F126: 0 | G126: 0 | H126: 0 | I126: 0
B127: 0.3.2 | C127: termen lung | D127: 0 | E127: 0 | F127: 0 | G127: 0 | H127: 0 | I127: 0
B128: 0.4 | C128: Alte sectoare | D128: 395.63712 | E128: 373.11139 | F128: 372.93353 | G128: 371.90318 | H128: 378.02873 | I128: 380.02241
B129: 0.4.1 | C129: termen scurt | D129: 10.886693 | E129: 10.618025 | F129: 10.617381 | G129: 10.603464 | H129: 10.671262 | I129: 10.695755
... B142: 0.5.2 | C142: termen lung | D142: 92.163587 | E142: 89.799087 | F142: 89.793267 | G142: 89.670951 | H142: 90.268348 | I142: 90.48379
C143: * date revizuite | H143: 0
H144: 0
H145: 0
H146: 0
H147: 0
H148: 0
H149: 0
H150: 0
H151: 0
H152: 0
H153: 0
H154: 0
H155: 0
... H162: 0

Sheet de19
B2: Anexa 19. Datoria externă publică şi privată pentru perioada 31.03.2025 - 30.06.2026
I3: milioane EUR
D4: 31.03. 2025* | E4: 30.06. 2025* | F4: 30.09. 2025* | G4: 31.12. 2025* | H4: 31.03. 2026* | I4: 30.06. 2026
B5: 1 | C5: Datoria externă publică | D5: 4058.1682 | E5: 4115.2151 | F5: 4179.0834 | G5: 4308.9754 | H5: 4544.3595 | I5: 4362.5302
B6: 1.1 | C6: Pe termen scurt | D6: 2.1778204 | E6: 2.2127251 | F6: 2.9841859 | G6: 3.1410272 | H6: 3.5136506 | I6: 3.7448703
B7: 1.1.2 | C7: Investiții de portofoliu | D7: 0.35900855 | E7: 0.3473332 | F7: 0.92575887 | G7: 0.89745882 | H7: 1.0221912 | I7: 1.0374269
B8: 1.1.5 | C8: Alte angajamente aferente datoriei | D8: 1.8188118 | E8: 1.8653919 | F8: 2.0584271 | G8: 2.2435683 | H8: 2.4914595 | I8: 2.7074434
B9: 1.2 | C9: Pe termen lung | D9: 4037.2714 | E9: 4097.4225 | F9: 4160.5192 | G9: 4290.2544 | H9: 4525.2659 | I9: 4343.2054
B10: 1.2.3 | C10: Împrumuturi | D10: 3687.245 | E10: 3763.882 | F10: 3828.1638 | G10: 3959.0516 | H10: 4189.3495 | I10: 4005.1078
B11: 1.2.3.1 | C11: din care datoria corporațiilor și UAT | D11: 57.378344 | E11: 54.400571 | F11: 54.819951 | G11: 154.54254 | H11: 207.08225 | I11: 51.219082
B12: 1.2.0 | C12: Alocări de DST de la FMI | D12: 350.02639 | E12: 333.5405 | F12: 332.35537 | G12: 331.20275 | H12: 335.91642 | I12: 338.09755
B13: 1.3 | C13: Investiţii directe: creditare intragrup | D13: 18.71902 | E13: 15.579952 | F13: 15.579952 | G13: 15.579952 | H13: 15.579952 | I13: 15.579952
B14: 1.3.1 | C14: Angajamente faţă de investitorii străini | D14: 18.71902 | E14: 15.579952 | F14: 15.579952 | G14: 15.579952 | H14: 15.579952 | I14: 15.579952
B15: 1.3.1.2 | C15: Pe termen lung | D15: 18.71902 | E15: 15.579952 | F15: 15.579952 | G15: 15.579952 | H15: 15.579952 | I15: 15.579952
B16: 1.3.1.2.3 | C16: Împrumuturi | D16: 18.71902 | E16: 15.579952 | F16: 15.579952 | G16: 15.579952 | H16: 15.579952 | I16: 15.579952
... B34: 3 | C34: TOTAL | D34: 10081.599 | E34: 9927.7449 | F34: 10072.337 | G34: 9918.17 | H34: 10332.703 | I34: 10423.574
C35: * date revizuite
